 Dungeon Sprint DCSS version 0.31-a0-876-gfe8ebadbca (webtiles) character file.

Game seed: 7363720731650437084

148000000 BadtimePacifist the Intangible (level 27, -33/249 HPs) *EXPLORE*
             Began as a Vampire Gladiator on Apr 21, 2023.
             Was the Champion of Makhleb.
             Succumbed to a vile's dark miasma
             ... in the Dungeon (Sprint VIII: "Arena of Blood") on Oct 13, 2023.
             The game lasted 00:59:02 (1480 turns).

BadtimePacifist the Intangible (Vampire Gladiator)  Turns: 1480, Time: 00:59:05

Health: -33/249    AC:  8    Str: 19    XL:     27
Magic:  54/54      EV: 30    Int: 16    God:    Makhleb [******]
Gold:   0          SH:  0    Dex: 18    Spells: 80/80 levels left

rFire   . . .        l - +∞ Axe of Woe
rCold   . . .        (shield currently unavailable)
rNeg    . . .        b - +0 leather armour
rPois   .            c - +0 helmet
rElec   .            (no cloak)
rCorr   .            (no gloves)
SInv    +            (no boots)
Will    ++...        (no amulet)
Stlth   +++          m - +400 ring of slaying
HPRegen 0.81/turn    e - +400 ring of slaying
MPRegen 0.34/turn

%: no teleportation
@: confused, lethally poisoned (-33 -> -219), healing quickly, slowed, very slow
A: alive, fangs 3, see invisible, vampiric 2
a: Exsanguinate, Renounce Religion, Minor Destruction, Lesser Servant of
Makhleb, Major Destruction, Greater Servant of Makhleb


You were in the Dungeon.
You worshipped Makhleb.
Makhleb was exalted by your worship.
You visited 1 branch

Inventory:

Hand Weapons
 a - a +0 rapier
 l - the +∞ Axe of Woe (weapon)
   (You found it in the Dungeon)
Missiles
 d - 2 throwing nets (quivered)
Armour
 b - a +0 leather armour (worn)
 c - a +0 helmet (worn)
Jewellery
 e - a +400 ring of slaying (right hand)
 f - a ring of see invisible
 m - a +400 ring of slaying (left hand)
 n - a +400 ring of slaying
Scrolls
 k - a scroll of blinking
Potions
 g - a potion of heal wounds
 i - 2 potions of magic


   Skills:
 O Level 27 Fighting
 O Level 27 Short Blades
 O Level 27 Long Blades
 O Level 27 Axes
 O Level 27 Maces & Flails
 O Level 27 Polearms
 O Level 27 Staves
 O Level 27 Ranged Weapons
 O Level 27 Throwing
 O Level 27 Armour
 O Level 27 Dodging
 O Level 27 Stealth
 O Level 27 Shields
 O Level 27 Unarmed Combat
 O Level 27 Spellcasting
 O Level 27 Conjurations
 O Level 27 Hexes
 O Level 27 Summonings
 O Level 27 Necromancy
 O Level 27 Translocations
 O Level 27 Transmutations
 O Level 27 Fire Magic
 O Level 27 Ice Magic
 O Level 27 Air Magic
 O Level 27 Earth Magic
 O Level 27 Poison Magic
 O Level 27 Invocations
 O Level 27 Evocations
 + Level 25.0 Shapeshifting


You had 80 spell levels left.
You didn't know any spells.
Your spell library was empty.

Dungeon Overview and Level Annotations

Branches:
Dungeon (1/1)

Altars:
Makhleb


Innate Abilities, Weirdness & Mutations

Your natural rate of healing is accelerated.
You have razor-sharp teeth.
You have supernaturally acute eyesight. (SInv)
You are afflicted with vampirism and can become a bat while bloodless.


Message History

A vile comes into view. It is wielding a +0 flail. x2
You are more confused.
The vile hits you with a +0 morningstar!
You are engulfed in flames!!!!!
Ouch! That really hurt!
* * * LOW HITPOINT WARNING * * *
A vile comes into view. It is wielding a +0 mace.
The vile hits you with a +0 mace!
Die? [Y]es or [N]o only, please.
Die?
Thought so.
You are engulfed in flames!!!!
Ouch! That really hurt!
The vile hits you but does no damage.
A vile comes into view. It is wielding a +0 morningstar.
The vile hits you but does no damage.
You barely resist. The vile throws miasma at you.
The foul vapour engulfs you!!!!
You are more poisoned.
* * * LOW HITPOINT WARNING * * *
Unknown command.
Unknown command.
Unknown command.
Unknown command.
Unknown command.
Unknown command.
Save game and exit?
You cannot train any new skills!
Your Shapeshifting skill lost 2 levels and is now at level 25!
Welcome back, BadtimePacifist the Vampire Gladiator. [Dungeon Sprint] Blood and souls for Makhleb!
Welcome back, BadtimePacifist the Vampire Gladiator. [Dungeon Sprint] Blood and souls for Makhleb!
Welcome back, BadtimePacifist the Vampire Gladiator. [Dungeon Sprint] Blood and souls for Makhleb!
Press ? for a list of commands and other information.
You're too confused to move!
You are engulfed in dark miasma.
You are more poisoned.
* * * LOW HITPOINT WARNING * * *
You die...

#.........))....))........##.
## #.......).)...=))...........
#.###............)))9....))....
##.###.=..)...))..))....)....).
#........)...)9))))))..)..)....
#........)).)).)9))))))))...).)
#....)).)))).)9)°)°))))))......
#..)))).))))°°999))))))))).....
#)))))).))))°°@99)))9))))......
#.)))))))))))99999)))))))....).
#))...))))))))999))))))))...)..
#.#...))))))))))9)))9))))....).
##.#..))))))))))))))))).....)).
####...))))))))))))....)9.....
##...)))))))).)......=.....
#...))))))))).9.9.........
#.##.))..)))...............


You could see 22 viles.

Vanquished Creatures
  2310 molten gargoyles (D)
  37 vampire knights (D)
  59 ogres (D)
  8 two-headed ogres (D)
  18 liches (D)
  39 hydras (D)
  Sigmund (D)
  53 phantoms (D)
  27 hell beasts (D)
  A slime creature (D)
  157 orcs (D)
  13 skeletal warriors (D)
  60 hell knights (D)
  43 sea snakes (D)
  Edmund (D)
  Dispater (D)
  17 royal mummies (D)
  34 great orbs of eyes (D)
  49 wraiths (D)
2928 creatures vanquished.

Vanquished Creatures (collateral kills)
  A hell knight (D)
1 creature vanquished.

Vanquished Creatures (others)
  An ogre (D)
  8 two-headed ogres (D)
  11 hydras (D)
  17 orcs (D)
  A hell knight (D)
  9 sea snakes (D)
  6 ball lightnings (D)
  8 great orbs of eyes (D)
  Harold (D)
62 creatures vanquished.

Grand Total: 2991 creatures vanquished

Notes
Turn   | Place    | Note
-------+----------+-------------------------------------------
     0 | D        | Found the +∞ Axe of Woe
     0 | D        | BadtimePacifist the Vampire Gladiator began the quest for
                  | the Orb.
     0 | D        | Reached XP level 1. HP: 16/16 MP: 1/1
     0 | D        | Entered explore mode.
     1 | D        | Noticed a bag of meat
     1 | D        | Noticed a bag of meat
     3 | D        | Noticed a bag of meat
     5 | D        | Became a worshipper of Makhleb the Destroyer
     6 | D        | Noticed a bag of meat
     7 | D        | Annihilated by a bag of meat
                  | ... wielding a +9 war axe
                  | (38 damage)
     8 | D        | Noticed a meat berserker
     8 | D        | Noticed a meat berserker
     8 | D        | Mangled by a bag of meat
                  | ... wielding a +9 war axe
                  | (28 damage)
     9 | D        | Noticed a bag of meat
     9 | D        | Killed a bag of meat
     9 | D        | Noticed a meat berserker
     9 | D        | Annihilated by a meat berserker
                  | ... wielding a +9 battleaxe
                  | (63 damage)
    10 | D        | Reached skill level 1 in Armour
    10 | D        | Reached XP level 2. HP: 33/33 MP: 2/2
    10 | D        | Gained mutation: You are afflicted with vampirism and can
                  | become a bat while bloodless. [Vampire growth]
    10 | D        | Reached XP level 3. HP: 38/38 MP: 3/3
    10 | D        | Reached XP level 4. HP: 45/45 MP: 4/4
    10 | D        | Reached XP level 5. HP: 50/50 MP: 5/5
    10 | D        | Reached XP level 6. HP: 57/57 MP: 6/6
    10 | D        | Reached XP level 7. HP: 63/63 MP: 7/7
    10 | D        | Reached XP level 8. HP: 69/69 MP: 8/8
    10 | D        | Reached XP level 9. HP: 75/75 MP: 9/9
    10 | D        | Reached XP level 10. HP: 81/81 MP: 10/10
    10 | D        | Killed a meat berserker
    10 | D        | Reached * piety under Makhleb
    10 | D        | Killed a bag of meat
    11 | D        | Reached skill level 10 in Throwing
    11 | D        | Reached XP level 11. HP: 77/93 MP: 11/11
    11 | D        | Reached XP level 12. HP: 83/100 MP: 12/12
    11 | D        | Reached XP level 13. HP: 88/106 MP: 13/13
    11 | D        | Killed a bag of meat
    11 | D        | Killed a meat berserker
    11 | D        | Reached ** piety under Makhleb
    11 | D        | Killed a meat berserker
    11 | D        | Noticed a bag of meat
    12 | D        | Reached XP level 14. HP: 98/116 MP: 13/24
    12 | D        | Killed a bag of meat
    12 | D        | Killed a bag of meat
    12 | D        | Reached *** piety under Makhleb
    13 | D        | Reached skill level 10 in Axes
    13 | D        | Reached skill level 10 in Unarmed Combat
    13 | D        | Reached XP level 15. HP: 122/122 MP: 13/27
    13 | D        | Noticed a meat berserker
    14 | D        | Noticed a meat berserker
    14 | D        | Noticed a meat berserker
    14 | D        | Noticed a meat berserker
    16 | D        | Noticed a meat berserker
    17 | D        | HP: 4/122 [meat berserker/+9 battleaxe (29)]
    17 | D        | Noticed a large bag of meat
    17 | D        | Annihilated by a bag of meat
                  | ... wielding a +9 war axe
                  | (30 damage)
    18 | D        | Killed a meat berserker
    18 | D        | Reached **** piety under Makhleb
    18 | D        | Noticed a meat berserker
    19 | D        | Reached skill level 27 in Dodging
    19 | D        | Reached skill level 10 in Spellcasting
    19 | D        | Reached skill level 10 in Invocations
    19 | D        | Killed a meat berserker
    19 | D        | Killed a meat berserker
    19 | D        | Killed a meat berserker
    19 | D        | Noticed a meat berserker
    20 | D        | Reached skill level 27 in Short Blades
    20 | D        | Reached skill level 15 in Throwing
    20 | D        | Reached skill level 15 in Unarmed Combat
    20 | D        | Reached XP level 16. HP: 68/133 MP: 14/33
    20 | D        | Killed a meat berserker
    20 | D        | Reached ***** piety under Makhleb
    20 | D        | Noticed a meat berserker
    21 | D        | Reached XP level 17. HP: 133/140 MP: 15/35
    21 | D        | Noticed a destroyer
    22 | D        | Reached skill level 15 in Fighting
    22 | D        | Reached skill level 15 in Spellcasting
    24 | D        | Noticed a meat berserker
    24 | D        | Noticed a meat berserker
    24 | D        | Noticed a large bag of meat
    24 | D        | Noticed a large bag of meat
    25 | D        | Noticed a destroyer
    25 | D        | Killed a large bag of meat
    25 | D        | Killed a meat berserker
    26 | D        | Reached skill level 15 in Armour
    26 | D        | Reached skill level 27 in Stealth
    26 | D        | Reached XP level 18. HP: 111/151 MP: 16/38
    26 | D        | Noticed a destroyer
    26 | D        | Killed a destroyer
    26 | D        | Reached ****** piety under Makhleb
    26 | D        | Noticed a meat berserker
    27 | D        | Noticed a meat berserker
    27 | D        | Killed a meat berserker
    27 | D        | Killed a destroyer
    28 | D        | Reached XP level 19. HP: 146/163 MP: 16/42
    28 | D        | Noticed a destroyer
    28 | D        | Killed a meat berserker
    28 | D        | Killed a meat berserker
    28 | D        | Noticed a meat berserker
    30 | D        | Noticed a destroyer
    30 | D        | Noticed a meat berserker
    32 | D        | Reached XP level 20. HP: 176/176 MP: 17/46
    32 | D        | Killed a large bag of meat
    32 | D        | Noticed a destroyer
    33 | D        | Reached skill level 27 in Axes
    33 | D        | Reached skill level 27 in Unarmed Combat
    33 | D        | Noticed a meat berserker
    33 | D        | Annihilated by a meat berserker
                  | ... wielding a +9 battleaxe
                  | (51 damage)
    33 | D        | Noticed a destroyer
    34 | D        | Noticed a large bag of meat
    34 | D        | Slain by a large bag of meat
                  | ... wielding a +9 giant spiked club
                  | (79 damage)
    35 | D        | Killed a large bag of meat
    35 | D        | Killed a meat berserker
    35 | D        | Killed a meat berserker
    35 | D        | Killed a destroyer
    35 | D        | Killed a meat berserker
    36 | D        | Reached skill level 27 in Throwing
    36 | D        | Reached skill level 27 in Spellcasting
    36 | D        | Reached skill level 27 in Invocations
    36 | D        | Reached XP level 21. HP: 160/202 MP: 18/52
    36 | D        | Annihilated by a sculptor of flesh
                  | ... wielding a +9 great sword
                  | (114 damage)
    38 | D        | Reached skill level 27 in Fighting
    38 | D        | Reached skill level 27 in Armour
    38 | D        | Reached XP level 22. HP: 195/212 MP: 19/53
    40 | D        | Reached skill level 10 in Necromancy
    40 | D        | Reached skill level 10 in Transmutations
    41 | D        | Annihilated by a sculptor of flesh
                  | ... wielding a +9 great sword
                  | (212 damage)
    41 | D        | Noticed a destroyer
    42 | D        | Killed a destroyer
    42 | D        | Killed a destroyer
    43 | D        | Reached skill level 10 in Summonings
    43 | D        | Reached skill level 10 in Poison Magic
    43 | D        | Reached skill level 10 in Evocations
    43 | D        | Reached XP level 23. HP: 219/219 MP: 20/54
    43 | D        | Noticed a tyrant
    43 | D        | Noticed a destroyer
    44 | D        | Killed a destroyer
    45 | D        | Reached skill level 10 in Maces & Flails
    45 | D        | Reached skill level 10 in Staves
    45 | D        | Reached skill level 10 in Ranged Weapons
    45 | D        | Noticed an accursed
    45 | D        | Noticed an accursed
    45 | D        | Noticed a tyrant
    45 | D        | Noticed a destroyer
    46 | D        | Reached skill level 10 in Conjurations
    46 | D        | Reached skill level 15 in Necromancy
    46 | D        | Reached skill level 15 in Transmutations
    46 | D        | Noticed a destroyer
    47 | D        | Noticed an accursed
    47 | D        | Noticed a large bag of meat
    47 | D        | Demolished by a meat berserker
                  | ... wielding a +9 battleaxe
                  | (42 damage)
    48 | D        | Noticed an accursed
    48 | D        | Killed a destroyer
    49 | D        | Reached skill level 15 in Long Blades
    49 | D        | Reached skill level 15 in Ice Magic
    49 | D        | Reached skill level 15 in Air Magic
    49 | D        | Reached skill level 15 in Earth Magic
    49 | D        | Reached XP level 24. HP: 220/227 MP: 22/54
    49 | D        | Noticed an accursed
    49 | D        | Killed a destroyer
    49 | D        | Killed a tyrant
    50 | D        | Reached skill level 15 in Summonings
    50 | D        | Reached skill level 15 in Poison Magic
    50 | D        | Reached skill level 15 in Evocations
    51 | D        | Noticed an accursed
    52 | D        | Noticed an accursed
    53 | D        | Killed a destroyer
    53 | D        | Killed a destroyer
    54 | D        | Reached skill level 15 in Polearms
    54 | D        | Reached skill level 15 in Shields
    54 | D        | Reached skill level 15 in Translocations
    54 | D        | Reached skill level 15 in Fire Magic
    54 | D        | Reached XP level 25. HP: 234/234 MP: 23/54
    54 | D        | Killed a tyrant
    54 | D        | Killed a destroyer
    55 | D        | Reached skill level 15 in Maces & Flails
    55 | D        | Reached skill level 15 in Staves
    55 | D        | Reached skill level 15 in Ranged Weapons
    55 | D        | Killed a large bag of meat
    55 | D        | Noticed a tyrant
    56 | D        | Noticed an accursed
    57 | D        | Annihilated by a sculptor of flesh
                  | ... wielding a +9 great sword
                  | (117 damage)
    58 | D        | Noticed a dread
    58 | D        | Killed an accursed
    58 | D        | Killed an accursed
    58 | D        | Killed a large bag of meat
    58 | D        | Noticed a tyrant
    59 | D        | Reached skill level 15 in Conjurations
    59 | D        | Reached XP level 26. HP: 165/242 MP: 25/54
    59 | D        | Noticed a destroyer
    61 | D        | Noticed a meat beast
    62 | D        | Reached skill level 27 in Hexes
    62 | D        | Noticed a dread
    62 | D        | Noticed a meat beast
    62 | D        | HP: 10/242 [accursed/divine providence (14)]
    62 | D        | Killed by divine providence
                  | ... invoked by an accursed
                  | (15 damage)
    63 | D        | Noticed a meat beast
    63 | D        | Killed an accursed
    63 | D        | Killed an accursed
    63 | D        | Killed an accursed
    63 | D        | Killed a dread
    63 | D        | Noticed a large bag of meat
    64 | D        | Reached XP level 27. HP: 16/249 MP: 27/54
    64 | D        | Engulfed by a cloud of flame (18 damage)
    64 | D        | Noticed a destroyer
    65 | D        | Killed an accursed
    65 | D        | Killed an accursed
    65 | D        | Killed a tyrant
    65 | D        | Killed a meat beast
    66 | D        | Reached skill level 27 in Necromancy
    66 | D        | Reached skill level 27 in Transmutations
    66 | D        | Killed a destroyer
    66 | D        | Killed a meat beast
    67 | D        | Reached skill level 27 in Long Blades
    67 | D        | Reached skill level 27 in Ice Magic
    67 | D        | Reached skill level 27 in Air Magic
    67 | D        | Reached skill level 27 in Earth Magic
    69 | D        | Noticed a dread
    70 | D        | Noticed a meat beast
    70 | D        | HP: 7/249 [large abomination[a tyrant] (26)]
    70 | D        | Slain by a meat beast (10 damage)
    73 | D        | Killed a meat beast
    74 | D        | Reached skill level 27 in Summonings
    74 | D        | Killed a destroyer
    74 | D        | Killed a dread
    74 | D        | Killed a dread
    75 | D        | Reached skill level 27 in Shields
    75 | D        | Reached skill level 27 in Poison Magic
    75 | D        | Reached skill level 27 in Evocations
    75 | D        | Killed a meat beast
    76 | D        | Reached skill level 27 in Maces & Flails
    76 | D        | Reached skill level 27 in Polearms
    76 | D        | Reached skill level 27 in Staves
    76 | D        | Reached skill level 27 in Ranged Weapons
    76 | D        | Reached skill level 27 in Conjurations
    76 | D        | Reached skill level 27 in Translocations
    76 | D        | Reached skill level 27 in Fire Magic
    77 | D        | Killed from afar by a wretched soul (103 damage)
                  | ... with a bolt of negative energy
    78 | D        | Killed a tyrant
    78 | D        | Killed an accursed
    80 | D        | Noticed an accursed
    80 | D        | Killed a large bag of meat
    80 | D        | Noticed a meat beast
    80 | D        | Noticed a meat beast
    82 | D        | Killed a meat beast
    82 | D        | Killed an accursed
    85 | D        | Killed a meat beast
    87 | D        | Killed from afar by an observer (29 damage)
                  | ... with a fireball
    88 | D        | Noticed a tyrant
    93 | D        | Killed a tyrant
    95 | D        | Noticed an accursed
    98 | D        | Killed an accursed
    98 | D        | Noticed a meat beast
    98 | D        | Killed from afar by a scourge (33 damage)
                  | ... with a poison arrow
    99 | D        | Noticed a dread
   100 | D        | Noticed a meat beast
   100 | D        | Killed from afar by a scourge (72 damage)
                  | ... with a poison arrow
   101 | D        | Noticed The Defiler
   102 | D        | HP: 12/249 [poison (poison gas)]
   102 | D        | Slain by a scourge (10 damage)
   103 | D        | Noticed a fleshlord
   103 | D        | Noticed a fleshlord
   104 | D        | Killed a fleshlord
   104 | D        | Killed a meat beast
   104 | D        | Killed from afar by The Defiler (139 damage)
                  | ... with a fireball
   105 | D        | Killed a dread
   105 | D        | Noticed a meat beast
   107 | D        | Succumbed to a scourge's bolt of poison
   108 | D        | Killed a meat beast
   108 | D        | Killed The Defiler
   109 | D        | HP: 7/249 [eight-headed meat hydra (10)]
   110 | D        | Killed a fleshlord
   111 | D        | Noticed a fleshlord
   112 | D        | Succumbed to a scourge's bolt of poison
   112 | D        | Noticed a fleshlord
   113 | D        | Noticed a fleshlord
   113 | D        | Annihilated by a fleshlord
                  | ... wielding a +9 great mace
                  | (295 damage)
   115 | D        | Annihilated by a fleshlord
                  | ... wielding a +9 great mace
                  | (230 damage)
   116 | D        | Killed a fleshlord
   116 | D        | Killed a fleshlord
   116 | D        | Killed a meat beast
   119 | D        | Killed a fleshlord
   121 | D        | Noticed a fleshlord
   121 | D        | Noticed a fleshlord
   121 | D        | Noticed a destroyer
   121 | D        | Noticed a meat beast
   122 | D        | HP: 12/249 [meat berserker/+9 battleaxe (78)]
   124 | D        | Noticed a dread
   125 | D        | Noticed a destroyer
   125 | D        | Killed a destroyer
   125 | D        | Killed a meat beast
   125 | D        | Noticed a fleshlord
   127 | D        | Killed a fleshlord
   127 | D        | Noticed a fleshlord
   128 | D        | Noticed a meat beast
   128 | D        | Noticed a fleshlord
   129 | D        | Killed a fleshlord
   129 | D        | Noticed a dread
   131 | D        | Killed a meat beast
   132 | D        | Killed a fleshlord
   132 | D        | Killed a destroyer
   132 | D        | Killed from afar by an observer (58 damage)
                  | ... with a bolt of fire
   133 | D        | Noticed a dread
   134 | D        | Killed a fleshlord
   134 | D        | Killed a fleshlord
   134 | D        | Noticed a meat beast
   135 | D        | HP: 8/249 [observer/divine providence (16)]
   135 | D        | Noticed a large bag of meat
   136 | D        | Noticed The Servant
   137 | D        | Killed a dread
   138 | D        | Slain by a meat beast (12 damage)
   138 | D        | Mangled by a meat beast (13 damage)
   139 | D        | Killed a meat beast
   139 | D        | Killed a dread
   139 | D        | Killed a dread
   139 | D        | Noticed a fleshlord
   139 | D        | Killed a large bag of meat
   139 | D        | Killed from afar by a scourge (78 damage)
                  | ... with a poison arrow
   141 | D        | Noticed a destroyer
   141 | D        | Demolished by a meat berserker
                  | ... wielding a +9 battleaxe
                  | (53 damage)
   142 | D        | Killed a destroyer
   145 | D        | Killed a fleshlord
   146 | D        | Noticed a dread
   146 | D        | Noticed a dread
   146 | D        | Noticed a large bag of meat
   146 | D        | Noticed a tyrant
   148 | D        | Noticed a destroyer
   148 | D        | Noticed a fleshlord
   149 | D        | Killed a tyrant
   149 | D        | Noticed a fleshlord
   150 | D        | Mangled by a large bag of meat
                  | ... wielding a +9 giant spiked club
                  | (39 damage)
   150 | D        | HP: 6/249 [The Servant/+9 glaive of flaming (40)]
   150 | D        | Noticed a dread
   150 | D        | Noticed an accursed
   150 | D        | Annihilated by The Servant
                  | ... wielding a +9 glaive of flaming
                  | (118 damage)
   150 | D        | Noticed a dread
   151 | D        | Noticed a dread
   151 | D        | Noticed a tyrant
   151 | D        | Noticed a fleshlord
   151 | D        | Noticed a fleshlord
   151 | D        | Killed a large bag of meat
   151 | D        | Killed The Servant
   151 | D        | Noticed an accursed
   151 | D        | Noticed a fleshlord
   151 | D        | Noticed a fleshlord
   151 | D        | Noticed The Meatlord
   151 | D        | Killed by divine providence
                  | ... invoked by an accursed
                  | (17 damage)
   152 | D        | Killed a dread
   152 | D        | Killed a fleshlord
   153 | D        | Noticed a destroyer
   153 | D        | Killed a fleshlord
   153 | D        | Killed a dread
   153 | D        | Noticed a dread
   153 | D        | Noticed a meat beast
   154 | D        | Noticed a destroyer
   154 | D        | Noticed an accursed
   154 | D        | Noticed a dread
   154 | D        | Noticed a meat beast
   154 | D        | Annihilated by a destroyer
                  | ... wielding a +9 heavy great sword
                  | (163 damage)
   154 | D        | Noticed a destroyer
   155 | D        | Noticed a destroyer
   155 | D        | HP: 7/249 [something (20)]
   155 | D        | Annihilated by a fleshlord
                  | ... wielding a +9 great mace
                  | (169 damage)
   155 | D        | Killed a large bag of meat
   155 | D        | Annihilated by a fleshlord
                  | ... wielding a +9 great mace
                  | (170 damage)
   155 | D        | Noticed a fleshlord
   156 | D        | Killed a fleshlord
   156 | D        | Killed a meat beast
   156 | D        | Killed a fleshlord
   156 | D        | Killed a destroyer
   156 | D        | Killed a dread
   156 | D        | Killed a fleshlord
   156 | D        | Killed a destroyer
   156 | D        | Noticed a dread
   157 | D        | Killed a destroyer
   157 | D        | Noticed a fleshlord
   157 | D        | Killed from afar by a dread (38 damage)
                  | ... with damnation
   157 | D        | Noticed a fleshlord
   158 | D        | Killed a fleshlord
   159 | D        | Killed a meat beast
   159 | D        | Killed a dread
   159 | D        | Killed by divine providence
                  | ... invoked by an observer
                  | (16 damage)
   159 | D        | Killed by divine providence
                  | ... invoked by an accursed
                  | (11 damage)
   159 | D        | Noticed a dread
   160 | D        | Killed a destroyer
   160 | D        | Killed by the air
                  | ... invoked by The Meatlord
                  | (96 damage)
   161 | D        | Noticed a dread
   161 | D        | HP: 2/249 [bag of meat/+9 war axe (23)]
   161 | D        | Succumbed to a scourge's poison arrow
   161 | D        | Slain by a bag of meat
                  | ... wielding a +9 war axe
                  | (4 damage)
   162 | D        | Killed a fleshlord
   162 | D        | Killed a dread
   162 | D        | Killed a fleshlord
   162 | D        | Killed a dread
   162 | D        | Killed a dread
   162 | D        | Noticed a tyrant
   162 | D        | Killed by an exploding ball lightning (56 damage)
   163 | D        | Noticed a fleshlord
   163 | D        | Killed a fleshlord
   163 | D        | Killed by the air
                  | ... invoked by The Meatlord
                  | (102 damage)
   163 | D        | Noticed a fleshlord
   164 | D        | Noticed a dread
   164 | D        | Killed by an exploding ball lightning (62 damage)
   164 | D        | Annihilated by a destroyer
                  | ... wielding a +9 heavy great sword
                  | (185 damage)
   165 | D        | Noticed an accursed
   165 | D        | Mangled by a tyrant (9 damage)
   165 | D        | Noticed a fleshlord
   166 | D        | Killed a dread
   166 | D        | Killed a tyrant
   166 | D        | Killed a dread
   166 | D        | Noticed a fleshlord
   166 | D        | Killed a fleshlord
   167 | D        | Killed an accursed
   167 | D        | Killed a destroyer
   167 | D        | HP: 4/249 [accursed/divine providence (13)]
   168 | D        | Killed a dread
   168 | D        | Killed an accursed
   168 | D        | Killed by divine providence
                  | ... invoked by an observer
                  | (10 damage)
   169 | D        | Killed from afar by a scourge (83 damage)
                  | ... with a poison arrow
   170 | D        | Mangled by a tyrant (12 damage)
   171 | D        | Engulfed by a cloud of poison gas (6 damage)
   171 | D        | Annihilated by a fleshlord
                  | ... wielding a +9 great mace
                  | (418 damage)
   172 | D        | Killed a fleshlord
   172 | D        | Killed The Meatlord
   172 | D        | Killed a tyrant
   172 | D        | Killed a fleshlord
   172 | D        | Killed by an exploding ball lightning (196 damage)
   172 | D        | Noticed a dread
   173 | D        | Noticed a dread
   173 | D        | Noticed a tyrant
   174 | D        | Killed an accursed
   174 | D        | Killed an accursed
   174 | D        | Killed a dread
   174 | D        | Killed a fleshlord
   175 | D        | Noticed a meat beast
   176 | D        | Noticed a fleshlord
   176 | D        | Noticed a destroyer
   176 | D        | Noticed a dread
   176 | D        | Mangled by a meat berserker
                  | ... wielding a +9 battleaxe
                  | (39 damage)
   177 | D        | Killed a dread
   178 | D        | Noticed a dread
   178 | D        | HP: 6/249 [poisoned by a scourge (poison arrow)]
   178 | D        | Killed by divine providence
                  | ... invoked by an observer
                  | (12 damage)
   178 | D        | Noticed a dread
   178 | D        | Noticed a tyrant
   179 | D        | Killed a dread
   179 | D        | Killed a meat beast
   179 | D        | Killed from afar by a scourge (75 damage)
                  | ... with a poison arrow
   180 | D        | Noticed a dread
   181 | D        | Noticed a fleshlord
   181 | D        | Killed from afar by a scourge (66 damage)
                  | ... with a poison arrow
   181 | D        | Noticed a fleshlord
   182 | D        | Killed a tyrant
   182 | D        | Killed a fleshlord
   182 | D        | Killed a tyrant
   183 | D        | Noticed a dread
   183 | D        | HP: 1/249 [eight-headed meat hydra (6)]
   183 | D        | Slain by an eight-headed meat hydra (5 damage)
   183 | D        | Killed from afar by a scourge (63 damage)
                  | ... with a bolt of poison
   184 | D        | Noticed a fleshlord
   184 | D        | Killed from afar by a scourge (49 damage)
                  | ... with a bolt of poison
   184 | D        | Noticed a dread
   186 | D        | Killed a dread
   186 | D        | Killed a destroyer
   186 | D        | Killed a fleshlord
   187 | D        | Noticed a vile
   187 | D        | Killed from afar by a dread (35 damage)
                  | ... with damnation
   188 | D        | Noticed an accursed
   188 | D        | Annihilated by a fleshlord
                  | ... wielding a +9 great mace
                  | (203 damage)
   188 | D        | HP: 1/249 [observer/divine providence (16)]
   188 | D        | Annihilated by a fleshlord
                  | ... wielding a +9 great mace
                  | (334 damage)
   189 | D        | Killed by divine providence
                  | ... invoked by an observer
                  | (9 damage)
   190 | D        | Succumbed to a scourge's bolt of poison
   190 | D        | Noticed a vile
   190 | D        | Mangled by an eight-headed meat hydra (13 damage)
   191 | D        | Killed a fleshlord
   191 | D        | Killed a dread
   191 | D        | Killed a dread
   192 | D        | Killed a vile
   192 | D        | Killed a dread
   193 | D        | Succumbed to a scourge's poison arrow
   194 | D        | Killed a dread
   194 | D        | Killed by divine providence
                  | ... invoked by an accursed
                  | (15 damage)
   195 | D        | Killed a vile
   196 | D        | Annihilated by a fleshlord
                  | ... wielding a +9 great mace
                  | (286 damage)
   196 | D        | Annihilated by a fleshlord
                  | ... wielding a +9 great mace
                  | (425 damage)
   197 | D        | Killed from afar by an observer (80 damage)
                  | ... with a bolt of fire
   198 | D        | Noticed a dread
   198 | D        | HP: 3/171 [observer/divine providence (15)]
   198 | D        | Killed by divine providence
                  | ... invoked by an observer
                  | (12 damage)
   198 | D        | Noticed a dread
   199 | D        | Annihilated by a fleshlord
                  | ... wielding a +9 great mace
                  | (147 damage)
   199 | D        | Noticed a dread
   199 | D        | Annihilated by a meat berserker
                  | ... wielding a +9 battleaxe
                  | (81 damage)
   200 | D        | Killed from afar by a wretched soul (110 damage)
                  | ... with a bolt of negative energy
   200 | D        | Noticed a vile
   201 | D        | Killed by divine providence
                  | ... invoked by an observer
                  | (12 damage)
   202 | D        | Noticed a vile
   203 | D        | HP: 8/249 [poisoned by a scourge (poison arrow)]
   203 | D        | Killed by divine providence
                  | ... invoked by an observer
                  | (16 damage)
   203 | D        | Annihilated by a fleshlord
                  | ... wielding a +9 great mace
                  | (159 damage)
   204 | D        | Killed a fleshlord
   204 | D        | Killed a dread
   204 | D        | Slain by an eight-headed meat hydra (7 damage)
   205 | D        | Noticed a vile
   206 | D        | Killed a dread
   206 | D        | Killed a vile
   207 | D        | Killed a dread
   207 | D        | Killed a vile
   207 | D        | Killed from afar by a scourge (63 damage)
                  | ... with a bolt of poison
   208 | D        | Noticed a vile
   208 | D        | HP: 2/249 [observer/divine providence (13)]
   208 | D        | Noticed a vile
   209 | D        | Noticed a vile
   209 | D        | Succumbed to a scourge's bolt of poison
   209 | D        | Noticed a dread
   210 | D        | Killed a dread
   210 | D        | Killed an accursed
   210 | D        | Noticed a vile
   210 | D        | Noticed a vile
   211 | D        | Killed a vile
   211 | D        | Noticed a fleshlord
   213 | D        | HP: 13/342 [vile/+0 morningstar (6)]
   213 | D        | Annihilated by a vile
                  | ... wielding a +0 morningstar
                  | (129 damage)
   213 | D        | Noticed a vile
   214 | D        | Killed a vile
   214 | D        | Killed a vile
   214 | D        | Killed a vile
   215 | D        | Noticed a vile
   215 | D        | Noticed a dread
   215 | D        | Killed from afar by a dread (40 damage)
                  | ... with damnation
   217 | D        | Annihilated by a vile
                  | ... wielding a +0 morningstar
                  | (128 damage)
   217 | D        | Annihilated by a vile
                  | ... wielding a +0 morningstar
                  | (132 damage)
   218 | D        | Noticed a vile
   218 | D        | Noticed a vile
   218 | D        | Killed a vile
   218 | D        | Killed a dread
   218 | D        | Killed a vile
   218 | D        | Killed a vile
   219 | D        | HP: 11/249 [??? (9)]
   220 | D        | Killed a fleshlord
   220 | D        | Killed a vile
   220 | D        | Killed a dread
   220 | D        | Noticed a vile
   221 | D        | Killed from afar by an observer (85 damage)
                  | ... with a bolt of fire
   222 | D        | Noticed a vile
   222 | D        | Killed from afar by an observer (76 damage)
                  | ... with a bolt of fire
   222 | D        | Noticed a dread
   222 | D        | Noticed a fleshlord
   223 | D        | Killed a vile
   223 | D        | Noticed a vile
   224 | D        | Noticed a dread
   224 | D        | Noticed a vile
   224 | D        | Killed from afar by a vile (117 damage)
                  | ... with a foul vapour
   225 | D        | Noticed a vile
   225 | D        | Killed a vile
   225 | D        | Killed a vile
   227 | D        | Noticed a vile
   227 | D        | Killed from afar by a vile (45 damage)
                  | ... with a foul vapour
   227 | D        | Noticed a tyrant
   227 | D        | Annihilated by a vile
                  | ... wielding a +0 flail
                  | (117 damage)
   228 | D        | Noticed a vile
   228 | D        | HP: 11/249 [vile/+0 flail (17)]
   228 | D        | Annihilated by a vile
                  | ... wielding a +0 flail
                  | (91 damage)
   228 | D        | Annihilated by a vile
                  | ... wielding a +0 mace
                  | (91 damage)
   229 | D        | Noticed a vile
   229 | D        | Noticed a vile
   229 | D        | Killed a vile
   229 | D        | Killed a vile
   229 | D        | Killed a vile
   230 | D        | Noticed a vile
   230 | D        | Annihilated by a vile
                  | ... wielding a +0 mace
                  | (114 damage)
   230 | D        | Noticed a vile
   231 | D        | Annihilated by a vile
                  | ... wielding a +0 mace
                  | (130 damage)
   231 | D        | Noticed a vile
   231 | D        | Annihilated by a vile
                  | ... wielding a +0 mace
                  | (108 damage)
   231 | D        | Noticed a fleshlord
   232 | D        | Annihilated by a vile
                  | ... wielding a +0 mace
                  | (147 damage)
   232 | D        | Annihilated by a vile
                  | ... wielding a +0 mace
                  | (137 damage)
   233 | D        | Noticed a vile
   233 | D        | Killed a dread
   233 | D        | Killed a vile
   233 | D        | Killed a vile
   233 | D        | Killed a dread
   233 | D        | Killed a vile
   233 | D        | Killed a vile
   233 | D        | Killed a vile
   233 | D        | Killed a vile
   234 | D        | Killed a fleshlord
   234 | D        | Noticed a vile
   235 | D        | Annihilated by a vile
                  | ... wielding a +0 mace
                  | (150 damage)
   236 | D        | Noticed a vile
   236 | D        | Killed a tyrant
   236 | D        | Killed a vile
   237 | D        | Noticed a vile
   237 | D        | HP: 8/249 [vile/+0 heavy mace (137)]
   238 | D        | Killed a vile
   238 | D        | Killed a vile
   238 | D        | Killed a vile
   238 | D        | Killed a fleshlord
   238 | D        | Noticed a vile
   238 | D        | Noticed a vile
   239 | D        | Noticed a vile
   239 | D        | Noticed a vile
   239 | D        | Killed a vile
   239 | D        | Noticed a vile
   240 | D        | Noticed a vile
   240 | D        | Killed from afar by a vile (17 damage)
                  | ... with damnation
   241 | D        | Noticed a vile
   241 | D        | Killed a vile
   241 | D        | Noticed a vile
   242 | D        | Noticed a vile
   242 | D        | Succumbed to a vile's dark miasma
   242 | D        | Annihilated by a vile
                  | ... wielding a +0 mace
                  | (111 damage)
   242 | D        | Noticed a vile
   243 | D        | Noticed a vile
   243 | D        | Noticed a vile
   243 | D        | Annihilated by a vile
                  | ... wielding a +0 mace
                  | (126 damage)
   244 | D        | Annihilated by a vile
                  | ... wielding a +0 flail
                  | (154 damage)
   244 | D        | Annihilated by a vile
                  | ... wielding a +0 mace
                  | (148 damage)
   244 | D        | Noticed a meat beast
   245 | D        | Noticed a vile
   245 | D        | Killed a vile
   245 | D        | Killed a vile
   245 | D        | Killed a vile
   245 | D        | Killed a vile
   245 | D        | Killed a vile
   245 | D        | Killed a vile
   245 | D        | Noticed a vile
   245 | D        | Annihilated by a vile
                  | ... wielding a +0 dire flail
                  | (142 damage)
   246 | D        | Noticed a vile
   246 | D        | Annihilated by a vile
                  | ... wielding a +0 flail
                  | (148 damage)
   246 | D        | Annihilated by a vile
                  | ... wielding a +0 flail
                  | (141 damage)
   246 | D        | Demolished by a vile
                  | ... wielding a +2 morningstar of protection
                  | (149 damage)
   246 | D        | Noticed a vile
   247 | D        | Noticed a vile
   247 | D        | Killed a vile
   247 | D        | Killed a vile
   247 | D        | Killed a vile
   247 | D        | Killed a vile
   247 | D        | Killed a vile
   247 | D        | Killed a vile
   248 | D        | Noticed a vile
   248 | D        | Noticed a vile
   248 | D        | Noticed a vile
   249 | D        | Succumbed to a vile's dark miasma
   249 | D        | Noticed a vile
   249 | D        | Noticed a meat beast
   249 | D        | Noticed a vile
   250 | D        | Noticed a vile
   250 | D        | Noticed a vile
   250 | D        | Noticed a dread
   250 | D        | Noticed a vile
   250 | D        | Noticed a vile
   250 | D        | Noticed a vile
   250 | D        | Demolished by a meat berserker
                  | ... wielding a +9 battleaxe
                  | (66 damage)
   251 | D        | Killed a vile
   251 | D        | Killed a vile
   251 | D        | Killed a vile
   251 | D        | Killed a vile
   251 | D        | Killed a meat beast
   251 | D        | Noticed a vile
   251 | D        | Noticed a vile
   251 | D        | Annihilated by a vile
                  | ... wielding a +0 mace of holy wrath
                  | (157 damage)
   252 | D        | Killed a vile
   252 | D        | Killed a vile
   252 | D        | Killed a vile
   252 | D        | Killed a vile
   252 | D        | Killed a meat beast
   253 | D        | Succumbed to a vile's dark miasma
   253 | D        | Noticed a vile
   253 | D        | Killed a large bag of meat
   253 | D        | Noticed a vile
   253 | D        | Noticed The Unspeakable
   253 | D        | Killed from afar by a vile (25 damage)
                  | ... with damnation
   254 | D        | Noticed a vile
   255 | D        | Killed a vile
   255 | D        | Killed a vile
   255 | D        | Killed a vile
   255 | D        | Killed a vile
   255 | D        | Noticed a vile
   255 | D        | Annihilated by a vile
                  | ... wielding a +3 morningstar
                  | (129 damage)
   256 | D        | Killed a vile
   256 | D        | Killed a vile
   256 | D        | Killed a vile
   256 | D        | Killed a vile
   256 | D        | HP: 6/249 [vile/+0 morningstar (90)]
   257 | D        | Mangled by a vile
                  | ... wielding a +0 mace
                  | (12 damage)
   257 | D        | Noticed a vile
   257 | D        | Noticed a vile
   257 | D        | HP: 2/249 [vile/+0 mace (128)]
   257 | D        | Slain by The Unspeakable (3 damage)
   258 | D        | Noticed a vile
   258 | D        | Noticed a vile
   258 | D        | Noticed a vile
   258 | D        | Killed by the air
                  | ... invoked by The Unspeakable
                  | (91 damage)
   259 | D        | Killed a vile
   259 | D        | Killed a dread
   259 | D        | Killed a vile
   259 | D        | Killed The Unspeakable
   259 | D        | Killed a vile
   259 | D        | Noticed a vile
   260 | D        | Noticed a vile
   260 | D        | Annihilated by a vile
                  | ... wielding a +3 flail
                  | (90 damage)
   261 | D        | Succumbed to a vile's dark miasma
   261 | D        | Noticed a vile
   261 | D        | Annihilated by a vile
                  | ... wielding a +3 flail
                  | (148 damage)
   261 | D        | Noticed a vile
   262 | D        | Killed a vile
   262 | D        | Killed a vile
   262 | D        | Killed a vile
   262 | D        | Slain by a vile
                  | ... wielding a +0 dire flail
                  | (87 damage)
   263 | D        | Noticed a vile
   263 | D        | Noticed a vile
   263 | D        | Killed a vile
   263 | D        | Killed a vile
   264 | D        | HP: 7/249 [poisoned by a vile (dark miasma)]
   264 | D        | Killed from afar by a vile (64 damage)
                  | ... with a foul vapour
   265 | D        | Killed a vile
   265 | D        | Killed a vile
   265 | D        | Noticed a vile
   266 | D        | Noticed a fleshlord
   266 | D        | Noticed a vile
   266 | D        | Succumbed to a vile's dark miasma
   266 | D        | Noticed a vile
   267 | D        | Noticed a vile
   267 | D        | Demolished by a vile
                  | ... wielding a +0 dire flail
                  | (21 damage)
   267 | D        | Noticed a tyrant
   267 | D        | Noticed a vile
   267 | D        | Noticed a vile
   267 | D        | Noticed a vile
   267 | D        | Annihilated by a vile
                  | ... wielding a +0 dire flail
                  | (102 damage)
   267 | D        | Annihilated by a vile
                  | ... wielding a +0 mace
                  | (159 damage)
   267 | D        | Annihilated by a vile
                  | ... wielding a +0 dire flail
                  | (133 damage)
   267 | D        | Noticed a meat beast
   268 | D        | Noticed a vile
   268 | D        | Noticed a vile
   268 | D        | Killed a vile
   268 | D        | Killed a vile
   268 | D        | Killed a vile
   268 | D        | Killed a vile
   268 | D        | Killed a vile
   268 | D        | Noticed a vile
   268 | D        | Noticed a destroyer
   268 | D        | Annihilated by a vile
                  | ... wielding a +0 flail
                  | (130 damage)
   269 | D        | Killed a vile
   269 | D        | Killed a vile
   269 | D        | Killed a vile
   269 | D        | Noticed a vile
   269 | D        | Noticed a vile
   270 | D        | Annihilated by a vile
                  | ... wielding a +0 mace
                  | (135 damage)
   270 | D        | Noticed a vile
   270 | D        | Noticed a vile
   270 | D        | Noticed a vile
   270 | D        | HP: 11/249 [??? (9)]
   270 | D        | HP: 1/249 [meat beast (10)]
   270 | D        | Mangled by a meat beast (12 damage)
   272 | D        | Noticed a vile
   273 | D        | Killed a meat beast
   273 | D        | Killed a vile
   274 | D        | Killed a vile
   274 | D        | Killed a vile
   275 | D        | HP: 12/249 [poisoned by a vile (dark miasma)]
   275 | D        | HP: 2/249 [vile/+0 flail (10)]
   275 | D        | Annihilated by a vile
                  | ... wielding a +0 flail
                  | (99 damage)
   276 | D        | Killed a vile
   276 | D        | Killed a vile
   276 | D        | Killed a vile
   276 | D        | Killed a vile
   276 | D        | Killed a destroyer
   276 | D        | Killed a vile
   276 | D        | Annihilated by a fleshlord
                  | ... wielding a +9 great mace
                  | (251 damage)
   277 | D        | Noticed a vile
   277 | D        | Killed a fleshlord
   277 | D        | Killed a vile
   277 | D        | Killed a vile
   278 | D        | Killed a vile
   278 | D        | Killed a vile
   278 | D        | Killed a vile
   279 | D        | Killed a vile
   280 | D        | Noticed a vile
   280 | D        | Noticed a vile
   280 | D        | Demolished by a sculptor of flesh
                  | ... wielding a +9 great sword
                  | (127 damage)
   280 | D        | Noticed a vile
   281 | D        | Noticed a vile
   281 | D        | Annihilated by a sculptor of flesh
                  | ... wielding a +9 great sword
                  | (255 damage)
   281 | D        | Noticed a vile
   282 | D        | Noticed a vile
   282 | D        | HP: 8/249 [??? (5)]
   282 | D        | Annihilated by a sculptor of flesh
                  | ... wielding a +9 great sword
                  | (38 damage)
   283 | D        | Noticed a vile
   283 | D        | Noticed a vile
   283 | D        | Noticed a vile
   283 | D        | Noticed a vile
   283 | D        | Noticed a vile
   284 | D        | Noticed a vile
   284 | D        | Annihilated by a vile
                  | ... wielding a +0 morningstar
                  | (87 damage)
   284 | D        | Slain by a vile
                  | ... wielding a +0 morningstar
                  | (97 damage)
   284 | D        | Noticed a vile
   284 | D        | HP: 1/249 [vile/+0 mace (115)]
   285 | D        | Noticed a vile
   285 | D        | Killed a vile
   285 | D        | Killed a vile
   285 | D        | Killed a vile
   285 | D        | Killed a vile
   285 | D        | Noticed a vile
   286 | D        | Noticed a large bag of meat
   286 | D        | Noticed a vile
   286 | D        | Noticed a vile
   286 | D        | Noticed a vile
   286 | D        | Noticed a vile
   286 | D        | Noticed a vile
   287 | D        | Killed a vile
   287 | D        | Killed a vile
   287 | D        | Killed a vile
   287 | D        | Noticed a vile
   288 | D        | Noticed a vile
   288 | D        | Killed a vile
   288 | D        | Killed a vile
   288 | D        | Killed a tyrant
   288 | D        | Killed a large bag of meat
   288 | D        | Noticed a fleshlord
   288 | D        | Killed from afar by a vile (73 damage)
                  | ... with a foul vapour
   289 | D        | Noticed a vile
   289 | D        | Noticed a vile
   289 | D        | Killed from afar by a vile (66 damage)
                  | ... with a foul vapour
   289 | D        | Noticed a vile
   289 | D        | Annihilated by a vile
                  | ... wielding a +0 morningstar
                  | (142 damage)
   290 | D        | Annihilated by a vile
                  | ... wielding a +0 flail
                  | (91 damage)
   290 | D        | Annihilated by a vile
                  | ... wielding a +0 flail
                  | (159 damage)
   290 | D        | Annihilated by a vile
                  | ... wielding a +0 morningstar
                  | (95 damage)
   290 | D        | Noticed a vile
   291 | D        | Killed a vile
   291 | D        | Killed a vile
   291 | D        | Killed a vile
   291 | D        | Killed a vile
   291 | D        | Killed a vile
   291 | D        | Killed a vile
   291 | D        | Killed a vile
   291 | D        | Noticed a vile
   292 | D        | Noticed a vile
   292 | D        | Killed a vile
   292 | D        | Killed a vile
   292 | D        | Killed a vile
   292 | D        | Killed a vile
   292 | D        | Killed a vile
   292 | D        | Killed a vile
   292 | D        | Noticed a destroyer
   292 | D        | Noticed a vile
   292 | D        | Noticed a vile
   293 | D        | Noticed a vile
   293 | D        | Killed a vile
   293 | D        | Killed a vile
   293 | D        | Noticed a vile
   293 | D        | Noticed a vile
   293 | D        | Annihilated by a vile
                  | ... wielding a +0 flail
                  | (154 damage)
   294 | D        | Killed a vile
   294 | D        | Killed a fleshlord
   294 | D        | Killed a vile
   294 | D        | Killed a vile
   294 | D        | Noticed a vile
   295 | D        | Succumbed to a scourge's bolt of poison
   295 | D        | Noticed a vile
   296 | D        | Annihilated by a vile
                  | ... wielding a +0 dire flail
                  | (146 damage)
   296 | D        | Annihilated by a vile
                  | ... wielding a +0 morningstar
                  | (154 damage)
   297 | D        | Killed a vile
   297 | D        | Killed a vile
   297 | D        | Killed a vile
   297 | D        | Killed a vile
   298 | D        | Noticed a vile
   298 | D        | HP: 10/249 [??? (7)]
   298 | D        | Mangled by a vile
                  | ... wielding a +0 dire flail
                  | (18 damage)
   298 | D        | Noticed a vile
   299 | D        | Killed a vile
   299 | D        | Killed a vile
   299 | D        | Killed a vile
   299 | D        | Killed a vile
   299 | D        | Noticed a vile
   300 | D        | Noticed a meat beast
   300 | D        | Noticed a vile
   300 | D        | Noticed a dread
   300 | D        | Noticed a vile
   301 | D        | Killed a vile
   301 | D        | Noticed a vile
   301 | D        | Noticed a vile
   301 | D        | Killed from afar by a vile (34 damage)
                  | ... with damnation
   302 | D        | Noticed a vile
   302 | D        | Noticed a vile
   303 | D        | Noticed a vile
   303 | D        | Noticed a meat beast
   303 | D        | Annihilated by a vile
                  | ... wielding a +0 mace
                  | (97 damage)
   303 | D        | Slain by a vile
                  | ... wielding a +0 mace
                  | (143 damage)
   304 | D        | Noticed a vile
   304 | D        | Noticed a vile
   304 | D        | Killed from afar by a vile (61 damage)
                  | ... with a foul vapour
   304 | D        | Noticed a vile
   304 | D        | Noticed a vile
   305 | D        | Annihilated by a vile
                  | ... wielding a +0 morningstar
                  | (120 damage)
   305 | D        | Noticed a vile
   305 | D        | Noticed a vile
   305 | D        | HP: 12/249 [??? (10)]
   305 | D        | Noticed a vile
   305 | D        | HP: 2/249 [meat beast (6)]
   305 | D        | Mangled by a meat beast (10 damage)
   306 | D        | Slain by a meat beast (8 damage)
   306 | D        | Killed from afar by a vile (63 damage)
                  | ... with a foul vapour
   307 | D        | Noticed a vile
   307 | D        | Noticed a vile
   307 | D        | Noticed a vile
   307 | D        | Annihilated by a destroyer
                  | ... wielding a +9 heavy great sword
                  | (214 damage)
   307 | D        | Noticed a vile
   307 | D        | Noticed a vile
   307 | D        | Annihilated by a vile
                  | ... wielding a +0 morningstar
                  | (88 damage)
   308 | D        | Killed a destroyer
   308 | D        | Killed a vile
   308 | D        | Killed a vile
   308 | D        | Killed a vile
   308 | D        | Killed a vile
   308 | D        | Killed a meat beast
   308 | D        | Killed a vile
   308 | D        | Noticed a vile
   308 | D        | Noticed a vile
   308 | D        | Noticed a vile
   309 | D        | Demolished by a vile
                  | ... wielding a +0 mace
                  | (96 damage)
   309 | D        | Noticed a vile
   310 | D        | Killed a vile
   310 | D        | Killed a vile
   310 | D        | Killed a meat beast
   310 | D        | Noticed a vile
   311 | D        | Noticed a vile
   311 | D        | Annihilated by a vile
                  | ... wielding a +0 mace
                  | (145 damage)
   311 | D        | Noticed a vile
   311 | D        | Noticed a vile
   311 | D        | HP: 11/249 [??? (8)]
   311 | D        | Slain by a vile
                  | ... wielding a +0 morningstar
                  | (12 damage)
   311 | D        | Annihilated by a vile
                  | ... wielding a +0 mace
                  | (143 damage)
   311 | D        | Demolished by a vile
                  | ... wielding a +0 morningstar
                  | (136 damage)
   312 | D        | Noticed a vile
   312 | D        | Noticed a vile
   312 | D        | Killed a vile
   312 | D        | Killed a vile
   312 | D        | Killed a vile
   312 | D        | Killed a vile
   312 | D        | Killed a vile
   312 | D        | Killed a vile
   312 | D        | Killed a vile
   312 | D        | Noticed a vile
   312 | D        | Noticed a vile
   312 | D        | Annihilated by a vile
                  | ... wielding a +0 mace
                  | (151 damage)
   313 | D        | Mangled by a vile
                  | ... wielding a +0 flail of protection
                  | (19 damage)
   313 | D        | Annihilated by a vile
                  | ... wielding a +0 dire flail
                  | (120 damage)
   313 | D        | Annihilated by a vile
                  | ... wielding a +0 flail of protection
                  | (112 damage)
   314 | D        | Killed a vile
   314 | D        | Killed a vile
   314 | D        | Killed a vile
   314 | D        | Killed a vile
   314 | D        | Killed a vile
   314 | D        | Killed a vile
   314 | D        | Noticed a vile
   314 | D        | Annihilated by a vile
                  | ... wielding a +0 flail
                  | (153 damage)
   315 | D        | Noticed a vile
   315 | D        | Killed a vile
   315 | D        | Killed a vile
   315 | D        | Killed a vile
   315 | D        | Killed a vile
   315 | D        | Killed a vile
   315 | D        | Noticed a vile
   316 | D        | Killed a vile
   316 | D        | Killed a vile
   316 | D        | Killed a vile
   316 | D        | Killed a vile
   316 | D        | Killed a dread
   316 | D        | Killed a vile
   316 | D        | Mangled by a vile
                  | ... wielding a +0 flail
                  | (101 damage)
   317 | D        | Noticed a vile
   318 | D        | Noticed a vile
   318 | D        | HP: 10/249 [??? (7)]
   318 | D        | Noticed a vile
   318 | D        | Mangled by a bag of meat
                  | ... wielding a +9 war axe
                  | (17 damage)
   319 | D        | Noticed a vile
   320 | D        | Killed a vile
   320 | D        | Killed a vile
   320 | D        | Killed a vile
   320 | D        | Killed a vile
   320 | D        | Killed a vile
   321 | D        | Killed a vile
   321 | D        | Killed a vile
   322 | D        | Noticed a vile
   322 | D        | Annihilated by a vile
                  | ... wielding a +0 flail
                  | (139 damage)
   324 | D        | Annihilated by a vile
                  | ... wielding a +0 flail
                  | (104 damage)
   324 | D        | Annihilated by a vile
                  | ... wielding a +0 flail
                  | (103 damage)
   325 | D        | HP: 3/249 [vile/+0 flail (98)]
   325 | D        | Demolished by a bag of meat
                  | ... wielding a +9 war axe
                  | (22 damage)
   325 | D        | Annihilated by a vile
                  | ... wielding a +0 flail
                  | (138 damage)
   326 | D        | Killed a vile
   326 | D        | Killed a vile
   326 | D        | Killed a vile
   328 | D        | Killed a vile
   328 | D        | Killed a vile
   329 | D        | Noticed a vile
   331 | D        | Noticed a vile
   332 | D        | Noticed a vile
   332 | D        | Noticed a vile
   333 | D        | HP: 10/249 [??? (8)]
   333 | D        | Noticed a vile
   334 | D        | HP: 3/249 [vile/+0 mace (2)]
   334 | D        | Annihilated by a vile
                  | ... wielding a +0 mace
                  | (113 damage)
   335 | D        | Killed a vile
   335 | D        | Killed a vile
   336 | D        | Succumbed to a vile's dark miasma
   336 | D        | Noticed a vile
   336 | D        | Killed from afar by a vile (88 damage)
                  | ... with a foul vapour
   338 | D        | Killed a vile
   338 | D        | Noticed a vile
   338 | D        | Noticed a vile
   339 | D        | Noticed a meat beast
   339 | D        | Noticed a vile
   339 | D        | Noticed a destroyer
   340 | D        | Noticed a vile
   340 | D        | Noticed a vile
   340 | D        | Killed from afar by a vile (59 damage)
                  | ... with a foul vapour
   341 | D        | Killed a meat beast
   341 | D        | Killed a vile
   341 | D        | Killed a vile
   342 | D        | Slain by a vile
                  | ... wielding a +1 flail of protection
                  | (16 damage)
   343 | D        | HP: 7/249 [vile/foul vapour (55)]
   343 | D        | Mangled by a destroyer
                  | ... wielding a +9 heavy great sword
                  | (17 damage)
   344 | D        | Annihilated by a vile
                  | ... wielding a +1 flail of protection
                  | (145 damage)
   344 | D        | Noticed a vile
   345 | D        | Noticed a vile
   345 | D        | Killed a vile
   345 | D        | Killed a vile
   345 | D        | Killed a destroyer
   345 | D        | Killed a vile
   346 | D        | Noticed a vile
   346 | D        | Slain by a bag of meat
                  | ... wielding a +9 war axe
                  | (19 damage)
   346 | D        | Noticed a vile
   347 | D        | Annihilated by a vile
                  | ... wielding a +0 flail
                  | (140 damage)
   348 | D        | Annihilated by a vile
                  | ... wielding a +0 mace
                  | (130 damage)
   348 | D        | Noticed a vile
   348 | D        | Noticed a vile
   349 | D        | Killed a vile
   349 | D        | Killed a vile
   349 | D        | Killed a vile
   349 | D        | Killed a vile
   349 | D        | Noticed a vile
   349 | D        | Noticed a vile
   350 | D        | Killed a vile
   350 | D        | Noticed a vile
   351 | D        | Noticed a vile
   351 | D        | Annihilated by a vile
                  | ... wielding a +0 flail
                  | (117 damage)
   352 | D        | Noticed a vile
   352 | D        | Killed a vile
   352 | D        | Killed a vile
   352 | D        | Killed a vile
   352 | D        | Noticed a vile
   353 | D        | Killed a vile
   353 | D        | Killed a vile
   353 | D        | Killed a vile
   354 | D        | Noticed a vile
   355 | D        | Noticed a vile
   355 | D        | HP: 2/249 [vile/+0 mace (104)]
   355 | D        | Noticed a vile
   355 | D        | Slain by a vile
                  | ... wielding a +0 mace
                  | (2 damage)
   356 | D        | Noticed a vile
   356 | D        | Killed from afar by a vile (79 damage)
                  | ... with a foul vapour
   356 | D        | Noticed a vile
   357 | D        | Killed a vile
   357 | D        | Noticed a vile
   357 | D        | Noticed a vile
   358 | D        | Annihilated by a vile
                  | ... wielding a +2 dire flail of protection
                  | (146 damage)
   358 | D        | Noticed a meat beast
   358 | D        | Noticed a vile
   358 | D        | Mangled by a vile
                  | ... wielding a +0 mace
                  | (101 damage)
   359 | D        | Noticed a vile
   359 | D        | Noticed a vile
   359 | D        | Annihilated by a vile
                  | ... wielding a +0 dire flail
                  | (110 damage)
   359 | D        | Noticed a vile
   360 | D        | Noticed a vile
   360 | D        | Killed a vile
   360 | D        | Killed a vile
   360 | D        | Killed a vile
   360 | D        | Killed a vile
   360 | D        | Killed a vile
   360 | D        | Killed a vile
   360 | D        | Killed a vile
   360 | D        | Noticed a fleshlord
   360 | D        | Noticed a vile
   360 | D        | Noticed a vile
   361 | D        | Killed a vile
   361 | D        | Killed a vile
   361 | D        | Killed a vile
   361 | D        | Noticed a vile
   362 | D        | HP: 11/249 [scourge/poison arrow (74)]
   362 | D        | HP: 2/249 [meat beast (9)]
   362 | D        | Mangled by a vile
                  | ... wielding a +0 mace
                  | (14 damage)
   363 | D        | Noticed a destroyer
   363 | D        | Noticed a dread
   363 | D        | Noticed a vile
   363 | D        | Noticed a vile
   363 | D        | Noticed a vile
   363 | D        | Noticed a vile
   363 | D        | Killed from afar by a vile (90 damage)
                  | ... with a foul vapour
   363 | D        | Noticed a vile
   363 | D        | Noticed a vile
   364 | D        | Killed a vile
   364 | D        | Killed a vile
   364 | D        | Killed a meat beast
   364 | D        | Killed a vile
   364 | D        | Killed a vile
   364 | D        | Killed a vile
   364 | D        | Killed a vile
   365 | D        | Killed a fleshlord
   365 | D        | Killed a vile
   365 | D        | Noticed a fleshlord
   366 | D        | Noticed a vile
   366 | D        | Noticed a vile
   366 | D        | Noticed a vile
   366 | D        | Noticed a vile
   366 | D        | Annihilated by a vile
                  | ... wielding a +0 dire flail
                  | (126 damage)
   367 | D        | Noticed a vile
   367 | D        | Noticed a vile
   367 | D        | Annihilated by a vile
                  | ... wielding a +0 flail
                  | (116 damage)
   368 | D        | Killed a vile
   368 | D        | Killed a vile
   368 | D        | Killed a vile
   368 | D        | Killed a vile
   368 | D        | Killed a vile
   368 | D        | Noticed a vile
   368 | D        | Noticed a vile
   369 | D        | Killed a dread
   369 | D        | Noticed a vile
   369 | D        | Noticed a vile
   369 | D        | Noticed a vile
   370 | D        | Killed a vile
   370 | D        | Killed a vile
   370 | D        | Noticed a vile
   370 | D        | Noticed a vile
   371 | D        | Noticed a vile
   371 | D        | Annihilated by a vile
                  | ... wielding a +0 mace
                  | (159 damage)
   372 | D        | Killed a vile
   372 | D        | Killed a vile
   372 | D        | Killed a vile
   372 | D        | Killed a vile
   372 | D        | Killed a vile
   372 | D        | Killed a destroyer
   373 | D        | Noticed a vile
   373 | D        | Noticed a vile
   373 | D        | Killed from afar by a vile (40 damage)
                  | ... with a foul vapour
   373 | D        | Noticed a vile
   373 | D        | Annihilated by a vile
                  | ... wielding a +0 mace
                  | (145 damage)
   373 | D        | Slain by a vile
                  | ... wielding a +0 mace
                  | (92 damage)
   374 | D        | Killed a vile
   374 | D        | Killed a vile
   374 | D        | Killed a vile
   374 | D        | Killed a vile
   374 | D        | Killed a vile
   374 | D        | Killed a vile
   375 | D        | Noticed a vile
   375 | D        | Noticed a vile
   376 | D        | Noticed a vile
   376 | D        | Noticed a vile
   376 | D        | Annihilated by a vile
                  | ... wielding a +0 flail
                  | (122 damage)
   376 | D        | Noticed a vile
   377 | D        | Killed a vile
   377 | D        | Killed a vile
   377 | D        | Killed a vile
   378 | D        | Noticed a vile
   378 | D        | HP: 3/249 [vile/+0 morningstar (91)]
   378 | D        | Annihilated by a bag of meat
                  | ... wielding a +9 war axe
                  | (29 damage)
   379 | D        | Annihilated by a vile
                  | ... wielding a +0 morningstar
                  | (85 damage)
   380 | D        | Killed a vile
   380 | D        | Killed a vile
   380 | D        | Killed a vile
   380 | D        | Killed a vile
   380 | D        | Noticed a vile
   381 | D        | Annihilated by a fleshlord
                  | ... wielding a +9 great mace
                  | (392 damage)
   381 | D        | Annihilated by a fleshlord
                  | ... wielding a +9 great mace
                  | (342 damage)
   382 | D        | Killed a vile
   382 | D        | Killed a vile
   382 | D        | Killed a fleshlord
   382 | D        | Noticed a vile
   383 | D        | Killed from afar by a vile (107 damage)
                  | ... with a foul vapour
   384 | D        | Noticed a vile
   384 | D        | Noticed a vile
   384 | D        | Noticed a vile
   384 | D        | Noticed a vile
   384 | D        | Noticed a vile
   384 | D        | Noticed a vile
   384 | D        | Noticed a vile
   384 | D        | Noticed a vile
   385 | D        | Noticed a vile
   385 | D        | Killed a vile
   385 | D        | Killed a vile
   385 | D        | Noticed a vile
   385 | D        | Noticed a vile
   385 | D        | Noticed a vile
   385 | D        | Noticed a vile
   385 | D        | Noticed a vile
   385 | D        | Noticed a dread
   386 | D        | Noticed a vile
   386 | D        | Noticed a meat beast
   386 | D        | Noticed a vile
   386 | D        | Noticed a vile
   386 | D        | Noticed a vile
   386 | D        | Noticed a vile
   386 | D        | Noticed a vile
   386 | D        | Noticed a vile
   386 | D        | Noticed a vile
   386 | D        | Noticed a vile
   386 | D        | HP: 4/249 [vile/+0 flail (15)]
   386 | D        | Annihilated by a vile
                  | ... wielding a +0 flail
                  | (103 damage)
   386 | D        | Noticed a vile
   387 | D        | Killed a vile
   387 | D        | Killed a vile
   387 | D        | Killed a vile
   387 | D        | Noticed a vile
   387 | D        | Noticed a vile
   387 | D        | Noticed a vile
   387 | D        | Noticed a vile
   388 | D        | Demolished by a vile
                  | ... wielding a +0 morningstar
                  | (16 damage)
   388 | D        | Killed from afar by a vile (42 damage)
                  | ... with a foul vapour
   388 | D        | Noticed a vile
   388 | D        | Noticed a vile
   389 | D        | Succumbed to a vile's dark miasma
   389 | D        | Noticed a vile
   389 | D        | Slain by a meat beast (10 damage)
   390 | D        | Noticed a vile
   391 | D        | Killed a meat beast
   391 | D        | Killed a vile
   391 | D        | Killed a vile
   391 | D        | Killed a vile
   391 | D        | Killed a vile
   391 | D        | Killed a vile
   391 | D        | Noticed a vile
   391 | D        | Noticed a vile
   391 | D        | Demolished by a vile
                  | ... wielding a +0 mace
                  | (130 damage)
   392 | D        | Killed a vile
   392 | D        | Killed a vile
   392 | D        | Killed a vile
   392 | D        | Killed a vile
   392 | D        | Noticed a destroyer
   393 | D        | Killed a vile
   393 | D        | Killed a vile
   393 | D        | Killed a vile
   393 | D        | Killed a vile
   393 | D        | Noticed a vile
   394 | D        | Killed a vile
   394 | D        | Killed a vile
   394 | D        | Killed a vile
   394 | D        | Killed a dread
   394 | D        | Killed a vile
   394 | D        | Annihilated by a vile
                  | ... wielding a +0 morningstar
                  | (149 damage)
   394 | D        | Noticed a vile
   394 | D        | Annihilated by a vile
                  | ... wielding a +0 mace
                  | (136 damage)
   395 | D        | Noticed a vile
   395 | D        | Killed a vile
   395 | D        | Killed a vile
   395 | D        | Killed a vile
   395 | D        | Killed a vile
   395 | D        | Killed a vile
   395 | D        | HP: 8/249 [vile/+0 flail (96)]
   396 | D        | Killed a vile
   396 | D        | Killed a vile
   396 | D        | Killed a vile
   396 | D        | Killed a vile
   396 | D        | Killed a vile
   396 | D        | Noticed a vile
   396 | D        | Noticed a vile
   396 | D        | Noticed a fleshlord
   397 | D        | Killed a vile
   397 | D        | Killed a vile
   397 | D        | Killed a vile
   397 | D        | Killed a destroyer
   397 | D        | Killed a vile
   397 | D        | Noticed a dread
   397 | D        | Annihilated by a vile
                  | ... wielding a +0 mace
                  | (126 damage)
   398 | D        | Killed a vile
   398 | D        | Killed a vile
   398 | D        | Killed a vile
   398 | D        | Killed a vile
   398 | D        | Killed a vile
   399 | D        | Noticed a vile
   400 | D        | Annihilated by a vile
                  | ... wielding a +2 morningstar of flaming
                  | (96 damage)
   401 | D        | Killed a fleshlord
   401 | D        | Killed a vile
   401 | D        | Noticed a vile
   402 | D        | Killed a vile
   402 | D        | Killed a vile
   402 | D        | Noticed a vile
   403 | D        | Noticed a vile
   403 | D        | Noticed a vile
   404 | D        | Killed a vile
   404 | D        | Noticed a vile
   405 | D        | Noticed a vile
   405 | D        | Noticed a vile
   405 | D        | Killed a large bag of meat
   405 | D        | Killed from afar by a dread (35 damage)
                  | ... with damnation
   406 | D        | Noticed a vile
   406 | D        | Noticed a vile
   407 | D        | Noticed a vile
   407 | D        | Noticed a vile
   407 | D        | Noticed a vile
   407 | D        | Killed from afar by a vile (90 damage)
                  | ... with a foul vapour
   407 | D        | Noticed a vile
   407 | D        | Noticed a vile
   408 | D        | Noticed a vile
   408 | D        | Noticed a vile
   408 | D        | Noticed a vile
   408 | D        | Noticed a vile
   408 | D        | Noticed a vile
   409 | D        | Noticed a vile
   409 | D        | HP: 6/249 [poisoned by a vile (dark miasma)]
   409 | D        | Noticed a vile
   409 | D        | Slain by a bag of meat
                  | ... wielding a +9 war axe
                  | (10 damage)
   409 | D        | Noticed a vile
   409 | D        | Annihilated by a vile
                  | ... wielding a +0 morningstar
                  | (127 damage)
   410 | D        | Noticed a vile
   410 | D        | Killed a vile
   410 | D        | Killed a vile
   410 | D        | Killed a vile
   410 | D        | Killed a vile
   410 | D        | Noticed a vile
   410 | D        | Noticed a vile
   410 | D        | Annihilated by a vile
                  | ... wielding a +2 morningstar of protection
                  | (126 damage)
   410 | D        | Noticed a vile
   411 | D        | Killed a vile
   411 | D        | Killed a vile
   411 | D        | Killed a vile
   411 | D        | Noticed a vile
   411 | D        | Annihilated by a vile
                  | ... wielding a +0 mace
                  | (84 damage)
   412 | D        | Killed a vile
   412 | D        | Killed a vile
   412 | D        | Killed a vile
   412 | D        | Killed a vile
   412 | D        | Noticed a vile
   413 | D        | Demolished by a vile
                  | ... wielding a +0 morningstar
                  | (86 damage)
   413 | D        | Annihilated by a vile
                  | ... wielding a +0 mace
                  | (93 damage)
   413 | D        | Mangled by a vile
                  | ... wielding a +0 flail
                  | (122 damage)
   413 | D        | Noticed a vile
   414 | D        | Killed a vile
   414 | D        | Killed a vile
   414 | D        | Killed a vile
   414 | D        | Killed a vile
   414 | D        | Killed a vile
   414 | D        | Noticed a vile
   414 | D        | Noticed a vile
   415 | D        | HP: 12/249 [poison (dark miasma)]
   415 | D        | Slain by a vile
                  | ... wielding a +0 mace
                  | (12 damage)
   415 | D        | Annihilated by a vile
                  | ... wielding a +0 mace
                  | (105 damage)
   416 | D        | Killed a vile
   416 | D        | Killed a vile
   416 | D        | Killed a vile
   416 | D        | Killed a vile
   416 | D        | Killed a vile
   416 | D        | Noticed a vile
   416 | D        | Noticed a vile
   417 | D        | Killed a dread
   417 | D        | Killed a vile
   417 | D        | Killed a vile
   417 | D        | Killed a vile
   417 | D        | Killed a vile
   418 | D        | Noticed a vile
   419 | D        | Killed a vile
   419 | D        | Killed a vile
   419 | D        | Killed a vile
   419 | D        | Killed a vile
   420 | D        | Noticed a vile
   421 | D        | Slain by a vile
                  | ... wielding a +0 mace
                  | (13 damage)
   421 | D        | Noticed a vile
   421 | D        | Noticed a vile
   421 | D        | Killed from afar by a vile (102 damage)
                  | ... with a foul vapour
   422 | D        | Annihilated by a vile
                  | ... wielding a +3 mace
                  | (94 damage)
   422 | D        | Noticed a vile
   422 | D        | Annihilated by a vile
                  | ... wielding a +0 mace
                  | (133 damage)
   423 | D        | Killed a vile
   423 | D        | Killed a vile
   423 | D        | Killed a vile
   423 | D        | Killed a vile
   423 | D        | Killed a vile
   423 | D        | Noticed a vile
   424 | D        | Succumbed to a vile's dark miasma
   424 | D        | HP: 4/249 [vile/foul vapour (75)]
   424 | D        | Killed from afar by a vile (66 damage)
                  | ... with a foul vapour
   426 | D        | Noticed a vile
   426 | D        | Succumbed to a vile's foul vapour
   427 | D        | Killed a vile
   427 | D        | Killed a vile
   427 | D        | Killed a vile
   428 | D        | Succumbed to poison (dark miasma)
   428 | D        | Killed from afar by a vile (38 damage)
                  | ... with a foul vapour
   429 | D        | Annihilated by a vile
                  | ... wielding a +0 flail
                  | (106 damage)
   430 | D        | HP: 3/249 [vile/+0 flail (84)]
   430 | D        | Noticed a vile
   430 | D        | Mangled by a vile
                  | ... wielding a +0 morningstar
                  | (14 damage)
   430 | D        | Annihilated by a vile
                  | ... wielding a +0 morningstar
                  | (84 damage)
   431 | D        | Killed a vile
   431 | D        | Killed a vile
   431 | D        | Killed a vile
   432 | D        | Noticed a vile
   433 | D        | Succumbed to a vile's dark miasma
   433 | D        | Noticed a vile
   433 | D        | Noticed a vile
   434 | D        | Noticed a vile
   434 | D        | Noticed a vile
   435 | D        | Noticed a fleshlord
   435 | D        | Noticed a vile
   435 | D        | Succumbed to a vile's dark miasma
   436 | D        | Annihilated by a vile
                  | ... wielding a +0 flail
                  | (107 damage)
   436 | D        | Noticed a vile
   436 | D        | Noticed a vile
   436 | D        | Noticed a vile
   436 | D        | Noticed a vile
   436 | D        | Noticed a vile
   437 | D        | Annihilated by a vile
                  | ... wielding a +0 mace
                  | (110 damage)
   438 | D        | Killed a vile
   438 | D        | Killed a vile
   438 | D        | Killed a vile
   438 | D        | Killed a vile
   439 | D        | Killed a vile
   439 | D        | Killed a vile
   439 | D        | Killed a vile
   440 | D        | Killed a vile
   441 | D        | Noticed a vile
   441 | D        | Noticed a vile
   441 | D        | Noticed a vile
   441 | D        | Succumbed to a vile's dark miasma
   441 | D        | Noticed a vile
   441 | D        | Noticed a vile
   442 | D        | Noticed a vile
   442 | D        | Noticed a vile
   442 | D        | Annihilated by a vile
                  | ... wielding a +0 flail
                  | (108 damage)
   442 | D        | Noticed a vile
   442 | D        | Noticed a vile
   442 | D        | Noticed a vile
   442 | D        | Noticed a vile
   442 | D        | Annihilated by a vile
                  | ... wielding a +0 morningstar
                  | (142 damage)
   443 | D        | Annihilated by a vile
                  | ... wielding a +0 morningstar
                  | (128 damage)
   444 | D        | Annihilated by a vile
                  | ... wielding a +0 flail
                  | (106 damage)
   444 | D        | Noticed a vile
   444 | D        | Annihilated by a vile
                  | ... wielding a +0 flail
                  | (159 damage)
   445 | D        | Killed a fleshlord
   445 | D        | Killed a vile
   445 | D        | Killed a vile
   445 | D        | Killed a vile
   445 | D        | Killed a vile
   446 | D        | Killed a vile
   446 | D        | Killed a vile
   446 | D        | Killed a vile
   446 | D        | Killed a vile
   447 | D        | Killed a vile
   447 | D        | Noticed a fleshlord
   447 | D        | Noticed a vile
   447 | D        | Noticed a vile
   448 | D        | Noticed a vile
   448 | D        | Noticed a vile
   448 | D        | Annihilated by a vile
                  | ... wielding a +0 mace
                  | (94 damage)
   448 | D        | Noticed a vile
   449 | D        | HP: 5/249 [vile/+0 morningstar (137)]
   449 | D        | Annihilated by a bag of meat
                  | ... wielding a +9 war axe
                  | (32 damage)
   449 | D        | Noticed a vile
   449 | D        | Noticed a vile
   449 | D        | Noticed a vile
   449 | D        | Noticed a vile
   449 | D        | Noticed a vile
   450 | D        | Killed a vile
   450 | D        | Killed a vile
   450 | D        | Killed a vile
   450 | D        | Killed a vile
   450 | D        | Killed a vile
   450 | D        | Noticed a vile
   451 | D        | Noticed a vile
   451 | D        | Noticed a vile
   451 | D        | Noticed a vile
   451 | D        | Killed from afar by an observer (68 damage)
                  | ... with a fireball
   451 | D        | Noticed a vile
   451 | D        | Noticed a vile
   451 | D        | Noticed a vile
   451 | D        | Noticed a vile
   452 | D        | Noticed a vile
   452 | D        | Noticed a vile
   452 | D        | Noticed a vile
   452 | D        | Noticed a vile
   452 | D        | Demolished by a meat berserker
                  | ... wielding a +9 battleaxe
                  | (45 damage)
   452 | D        | Noticed a vile
   452 | D        | Noticed a vile
   452 | D        | Noticed a fleshlord
   452 | D        | Noticed a vile
   453 | D        | Noticed a vile
   454 | D        | Killed a fleshlord
   454 | D        | Killed a vile
   454 | D        | Killed a vile
   454 | D        | Killed a vile
   454 | D        | Killed a vile
   454 | D        | Killed a vile
   454 | D        | Noticed a vile
   455 | D        | Noticed a vile
   455 | D        | Killed a vile
   455 | D        | Killed a vile
   455 | D        | Killed a vile
   455 | D        | Killed a vile
   455 | D        | Killed a vile
   455 | D        | Noticed a vile
   455 | D        | Noticed a vile
   455 | D        | Annihilated by a vile
                  | ... wielding a +0 dire flail
                  | (156 damage)
   456 | D        | Noticed a vile
   456 | D        | Noticed a vile
   456 | D        | Noticed an accursed
   457 | D        | Killed a vile
   457 | D        | Killed a vile
   457 | D        | Killed a vile
   457 | D        | Noticed a vile
   457 | D        | Annihilated by a vile
                  | ... wielding a +0 mace
                  | (143 damage)
   458 | D        | Noticed a vile
   458 | D        | Killed a vile
   458 | D        | Killed a vile
   458 | D        | Killed a vile
   458 | D        | Killed a vile
   458 | D        | Killed a vile
   458 | D        | Killed a vile
   458 | D        | Noticed a vile
   458 | D        | Noticed a vile
   458 | D        | Noticed a vile
   458 | D        | Annihilated by a vile
                  | ... wielding a +0 flail
                  | (151 damage)
   458 | D        | Noticed a vile
   459 | D        | Annihilated by a vile
                  | ... wielding a +0 mace
                  | (135 damage)
   459 | D        | Noticed a vile
   459 | D        | Annihilated by a vile
                  | ... wielding a +0 mace
                  | (98 damage)
   460 | D        | Noticed a vile
   460 | D        | Killed a vile
   460 | D        | Killed a vile
   460 | D        | Killed a vile
   460 | D        | Killed a vile
   460 | D        | Killed a vile
   460 | D        | Noticed a vile
   460 | D        | Killed from afar by a vile (73 damage)
                  | ... with a foul vapour
   461 | D        | Annihilated by a vile
                  | ... wielding a +0 flail
                  | (113 damage)
   461 | D        | Noticed a vile
   461 | D        | Noticed a vile
   461 | D        | Noticed a vile
   461 | D        | Noticed a vile
   461 | D        | Annihilated by a vile
                  | ... wielding a +0 flail
                  | (108 damage)
   461 | D        | Noticed a vile
   462 | D        | Demolished by a vile
                  | ... wielding a +0 mace
                  | (100 damage)
   462 | D        | HP: 8/249 [vile/foul vapour (45)]
   462 | D        | Noticed a vile
   462 | D        | Noticed a vile
   462 | D        | Killed by divine providence
                  | ... invoked by an accursed
                  | (13 damage)
   463 | D        | Killed a vile
   463 | D        | Killed a vile
   463 | D        | Killed a vile
   463 | D        | Killed a vile
   463 | D        | Noticed a vile
   464 | D        | Killed a vile
   464 | D        | Killed a vile
   464 | D        | Killed a vile
   464 | D        | Killed a vile
   464 | D        | Killed a vile
   464 | D        | Killed a vile
   464 | D        | Noticed a vile
   464 | D        | Noticed a vile
   464 | D        | Annihilated by a vile
                  | ... wielding a +0 mace
                  | (158 damage)
   465 | D        | Killed a vile
   465 | D        | Killed a vile
   465 | D        | Killed a vile
   465 | D        | Killed a vile
   465 | D        | Killed a vile
   465 | D        | Noticed a vile
   465 | D        | Noticed a vile
   466 | D        | Noticed a vile
   466 | D        | Noticed a vile
   466 | D        | Annihilated by a vile
                  | ... wielding a +0 mace
                  | (136 damage)
   466 | D        | Noticed a vile
   467 | D        | HP: 11/249 [vile/+0 flail (3)]
   467 | D        | Annihilated by a vile
                  | ... wielding a +0 flail
                  | (128 damage)
   467 | D        | Noticed a vile
   467 | D        | Annihilated by a vile
                  | ... wielding a +0 flail
                  | (127 damage)
   467 | D        | Annihilated by a vile
                  | ... wielding a +0 mace
                  | (110 damage)
   468 | D        | Killed a vile
   468 | D        | Killed a vile
   468 | D        | Killed a vile
   468 | D        | Killed a vile
   468 | D        | Killed a vile
   468 | D        | HP: 5/249 [vile/+0 mace of protection (136)]
   469 | D        | Killed a fleshlord
   469 | D        | Killed a vile
   469 | D        | Killed a vile
   469 | D        | Noticed a vile
   469 | D        | Demolished by a vile
                  | ... wielding a +0 mace
                  | (124 damage)
   470 | D        | Killed a vile
   470 | D        | Killed a vile
   470 | D        | Killed a vile
   470 | D        | Killed a vile
   470 | D        | Killed a vile
   471 | D        | Annihilated by a vile
                  | ... wielding a +0 morningstar
                  | (142 damage)
   471 | D        | Mangled by a vile
                  | ... wielding a +0 mace
                  | (114 damage)
   472 | D        | Succumbed to poison (dark miasma)
   472 | D        | HP: 1/249 [vile/foul vapour (61)]
   473 | D        | Engulfed by a vile's foul pestilence (5 damage)
   473 | D        | Annihilated by a vile
                  | ... wielding a +0 mace
                  | (104 damage)
   473 | D        | Annihilated by a vile
                  | ... wielding a +0 flail
                  | (133 damage)
   473 | D        | Noticed a vile
   474 | D        | Killed a vile
   474 | D        | Killed a vile
   474 | D        | Killed a vile
   474 | D        | Killed a vile
   474 | D        | Noticed a vile
   475 | D        | Killed a vile
   475 | D        | Killed a vile
   476 | D        | Noticed a vile
   477 | D        | Noticed a vile
   477 | D        | Noticed a vile
   477 | D        | HP: 3/249 [vile/+0 morningstar (14)]
   477 | D        | Annihilated by a vile
                  | ... wielding a +0 morningstar
                  | (139 damage)
   478 | D        | Annihilated by a vile
                  | ... wielding a +0 mace
                  | (87 damage)
   478 | D        | Annihilated by a vile
                  | ... wielding a +0 mace
                  | (152 damage)
   479 | D        | Slain by an eight-headed meat hydra (9 damage)
   479 | D        | Noticed a vile
   480 | D        | Killed an accursed
   480 | D        | Killed a vile
   480 | D        | Killed a vile
   480 | D        | Noticed a vile
   480 | D        | Noticed a vile
   480 | D        | Noticed a vile
   481 | D        | Annihilated by a vile
                  | ... wielding a +0 morningstar
                  | (87 damage)
   482 | D        | Killed a vile
   482 | D        | Killed a vile
   482 | D        | Killed a vile
   482 | D        | Killed a vile
   483 | D        | Killed a vile
   483 | D        | Noticed a vile
   483 | D        | Noticed a vile
   484 | D        | Noticed a vile
   484 | D        | Noticed a vile
   484 | D        | Noticed a vile
   486 | D        | Annihilated by a vile
                  | ... wielding a +0 mace
                  | (118 damage)
   486 | D        | Noticed a vile
   486 | D        | Noticed a vile
   486 | D        | Killed from afar by an observer (31 damage)
                  | ... with a fireball
   486 | D        | Noticed a vile
   487 | D        | Killed a vile
   487 | D        | Killed a vile
   487 | D        | Killed a vile
   487 | D        | Killed a vile
   487 | D        | Killed a vile
   487 | D        | Noticed a vile
   487 | D        | Noticed a destroyer
   488 | D        | Killed a vile
   488 | D        | Killed a vile
   488 | D        | Killed a vile
   488 | D        | Noticed a vile
   488 | D        | Noticed a vile
   488 | D        | Noticed a vile
   489 | D        | Noticed a vile
   489 | D        | Noticed a vile
   489 | D        | Killed from afar by a vile (53 damage)
                  | ... with a foul vapour
   490 | D        | Annihilated by a vile
                  | ... wielding a +0 morningstar
                  | (138 damage)
   490 | D        | Noticed a vile
   490 | D        | Noticed a vile
   490 | D        | Demolished by a vile
                  | ... wielding a +0 morningstar
                  | (147 damage)
   490 | D        | Noticed a vile
   490 | D        | Noticed a vile
   490 | D        | Annihilated by a vile
                  | ... wielding a +0 morningstar
                  | (151 damage)
   491 | D        | Annihilated by a vile
                  | ... wielding a +0 morningstar
                  | (157 damage)
   491 | D        | Annihilated by a vile
                  | ... wielding a +0 morningstar
                  | (150 damage)
   491 | D        | Noticed a vile
   492 | D        | Killed a destroyer
   492 | D        | Killed a vile
   492 | D        | Killed a vile
   492 | D        | Killed a vile
   492 | D        | Killed a vile
   492 | D        | Killed a vile
   492 | D        | Killed a vile
   492 | D        | Noticed a vile
   492 | D        | Demolished by a vile
                  | ... wielding a +0 mace
                  | (83 damage)
   493 | D        | Noticed a vile
   493 | D        | Noticed a vile
   494 | D        | Noticed a vile
   494 | D        | Annihilated by a vile
                  | ... wielding a +0 mace
                  | (119 damage)
   494 | D        | Noticed a vile
   494 | D        | Noticed a vile
   494 | D        | Demolished by a vile
                  | ... wielding a +0 flail
                  | (107 damage)
   494 | D        | Noticed a vile
   495 | D        | Killed a vile
   495 | D        | Killed a vile
   495 | D        | Killed a vile
   495 | D        | Killed a vile
   495 | D        | Killed a vile
   495 | D        | Annihilated by a vile
                  | ... wielding a +0 mace
                  | (125 damage)
   496 | D        | Killed a vile
   496 | D        | Killed a vile
   496 | D        | Killed a vile
   496 | D        | Noticed a vile
   497 | D        | Killed from afar by a vile (31 damage)
                  | ... with a foul vapour
   497 | D        | Noticed a vile
   497 | D        | Noticed a vile
   498 | D        | Noticed a vile
   498 | D        | Killed from afar by a vile (52 damage)
                  | ... with a foul vapour
   499 | D        | Noticed a vile
   499 | D        | Noticed a vile
   499 | D        | Annihilated by a vile
                  | ... wielding a +0 mace
                  | (143 damage)
   500 | D        | Killed a vile
   500 | D        | Killed a vile
   500 | D        | Killed a vile
   500 | D        | Killed a vile
   501 | D        | Annihilated by a vile
                  | ... wielding a +0 flail
                  | (98 damage)
   501 | D        | Noticed a vile
   501 | D        | Annihilated by a vile
                  | ... wielding a +0 flail
                  | (118 damage)
   501 | D        | Noticed a vile
   501 | D        | Annihilated by a vile
                  | ... wielding a +0 flail
                  | (110 damage)
   501 | D        | Annihilated by a vile
                  | ... wielding a +0 mace
                  | (125 damage)
   502 | D        | Killed a vile
   502 | D        | Killed a vile
   502 | D        | Killed a vile
   502 | D        | Killed a vile
   502 | D        | Killed a vile
   502 | D        | Annihilated by a vile
                  | ... wielding a +0 mace
                  | (126 damage)
   503 | D        | Killed a vile
   503 | D        | Killed a vile
   503 | D        | Killed a vile
   503 | D        | Killed a vile
   504 | D        | Annihilated by a vile
                  | ... wielding a +0 mace
                  | (146 damage)
   504 | D        | Annihilated by a vile
                  | ... wielding a +0 mace
                  | (109 damage)
   506 | D        | HP: 5/249 [vile] (13)]
   506 | D        | Succumbed to a vile's dark miasma
   506 | D        | Annihilated by a vile
                  | ... wielding a +0 mace
                  | (91 damage)
   507 | D        | Noticed a vile
   507 | D        | Noticed a vile
   507 | D        | Annihilated by a vile
                  | ... wielding a +0 mace
                  | (123 damage)
   508 | D        | Killed a vile
   508 | D        | Killed a vile
   508 | D        | Killed a vile
   508 | D        | Killed a vile
   508 | D        | Noticed a vile
   509 | D        | Noticed a meat beast
   510 | D        | Noticed a vile
   511 | D        | Noticed a vile
   511 | D        | HP: 8/249 [poisoned by a vile (dark miasma)]
   511 | D        | Noticed a vile
   511 | D        | Noticed a vile
   511 | D        | Noticed a vile
   511 | D        | HP: 2/249 [meat beast (6)]
   511 | D        | Demolished by a meat beast (20 damage)
   513 | D        | Killed a meat beast
   513 | D        | Killed a vile
   514 | D        | Killed a vile
   516 | D        | Succumbed to a vile's dark miasma
   516 | D        | Annihilated by a vile
                  | ... wielding a +0 flail
                  | (97 damage)
   516 | D        | Noticed a fleshlord
   517 | D        | Annihilated by a vile
                  | ... wielding a +0 dire flail
                  | (108 damage)
   517 | D        | Noticed a vile
   518 | D        | Killed a vile
   518 | D        | Killed a vile
   518 | D        | Killed a vile
   518 | D        | Killed a vile
   518 | D        | Killed a vile
   519 | D        | Noticed a vile
   519 | D        | Noticed a vile
   519 | D        | Killed from afar by a vile (27 damage)
                  | ... with a foul vapour
   520 | D        | Annihilated by a vile
                  | ... wielding a +0 mace
                  | (88 damage)
   521 | D        | Killed a fleshlord
   521 | D        | Killed a vile
   521 | D        | Noticed a vile
   522 | D        | Noticed a fleshlord
   522 | D        | Noticed a vile
   522 | D        | Annihilated by a vile
                  | ... wielding a +0 flail
                  | (159 damage)
   523 | D        | Noticed a vile
   523 | D        | Killed from afar by a vile (82 damage)
                  | ... with a foul vapour
   524 | D        | Killed from afar by a vile (49 damage)
                  | ... with a foul vapour
   524 | D        | Noticed a vile
   525 | D        | Killed a vile
   525 | D        | Noticed a vile
   526 | D        | Annihilated by a vile
                  | ... wielding a +0 flail
                  | (148 damage)
   526 | D        | Killed from afar by a vile (94 damage)
                  | ... with a foul vapour
   526 | D        | Noticed a vile
   527 | D        | Annihilated by a vile
                  | ... wielding a +0 flail
                  | (157 damage)
   527 | D        | Noticed a vile
   528 | D        | Noticed a vile
   529 | D        | Noticed a vile
   529 | D        | Annihilated by a vile
                  | ... wielding a +0 morningstar
                  | (81 damage)
   529 | D        | Mangled by a vile
                  | ... wielding a +0 flail
                  | (20 damage)
   529 | D        | HP: 3/249 [vile/+0 morningstar (141)]
   529 | D        | Slain by a vile
                  | ... wielding a +0 dire flail
                  | (8 damage)
   530 | D        | Killed a vile
   530 | D        | Killed a vile
   530 | D        | Killed a vile
   530 | D        | Killed a vile
   530 | D        | Killed a vile
   530 | D        | Noticed a vile
   530 | D        | Noticed a vile
   531 | D        | Annihilated by a fleshlord
                  | ... wielding a +9 great mace
                  | (78 damage)
   532 | D        | Annihilated by a vile
                  | ... wielding a +0 mace
                  | (147 damage)
   532 | D        | Annihilated by a vile
                  | ... wielding a +0 mace
                  | (129 damage)
   532 | D        | Mangled by a fleshlord
                  | ... wielding a +9 great mace
                  | (259 damage)
   532 | D        | Noticed a vile
   533 | D        | Slain by a vile
                  | ... wielding a +0 flail
                  | (12 damage)
   533 | D        | Annihilated by a vile
                  | ... wielding a +0 mace
                  | (144 damage)
   533 | D        | Annihilated by a vile
                  | ... wielding a +0 flail
                  | (144 damage)
   534 | D        | Killed a fleshlord
   534 | D        | Killed a vile
   534 | D        | Killed a vile
   534 | D        | Killed a vile
   534 | D        | Killed a vile
   535 | D        | HP: 1/245 [vile/foul vapour (73)]
   536 | D        | Mangled by a vile
                  | ... wielding a +0 mace
                  | (10 damage)
   536 | D        | Killed from afar by a vile (72 damage)
                  | ... with a foul vapour
   536 | D        | Noticed a vile
   536 | D        | Noticed a vile
   537 | D        | Noticed a vile
   537 | D        | Demolished by a vile
                  | ... wielding a +0 mace
                  | (117 damage)
   537 | D        | Noticed a vile
   538 | D        | Noticed a vile
   538 | D        | Annihilated by a vile
                  | ... wielding a +0 mace
                  | (90 damage)
   538 | D        | Mangled by a vile
                  | ... wielding a +2 dire flail of draining
                  | (155 damage)
   538 | D        | Noticed a vile
   539 | D        | Noticed a vile
   539 | D        | Annihilated by a vile
                  | ... wielding a +2 dire flail of draining
                  | (148 damage)
   540 | D        | Killed a vile
   540 | D        | Killed a vile
   540 | D        | Killed a vile
   540 | D        | Killed a vile
   541 | D        | Noticed a vile
   541 | D        | Killed from afar by a vile (79 damage)
                  | ... with a foul vapour
   542 | D        | Killed a vile
   542 | D        | Noticed a vile
   542 | D        | Noticed a vile
   543 | D        | Noticed a vile
   543 | D        | Annihilated by a vile
                  | ... wielding a +0 mace
                  | (99 damage)
   544 | D        | HP: 9/249 [vile/+1 dire flail of holy wrath (17)]
   544 | D        | Annihilated by a vile
                  | ... wielding a +1 dire flail of holy wrath
                  | (135 damage)
   544 | D        | Noticed a vile
   544 | D        | Mangled by a vile
                  | ... wielding a +0 mace
                  | (93 damage)
   545 | D        | Killed a vile
   545 | D        | Killed a vile
   545 | D        | Killed a vile
   545 | D        | Killed a vile
   545 | D        | Killed a vile
   545 | D        | Noticed a vile
   548 | D        | Noticed a vile
   548 | D        | Noticed a vile
   548 | D        | HP: 1/249 [vile/+0 flail (110)]
   548 | D        | Noticed a vile
   548 | D        | Noticed a vile
   549 | D        | Succumbed to a vile's dark miasma
   549 | D        | Noticed a vile
   551 | D        | Killed a vile
   551 | D        | Killed a vile
   551 | D        | Killed a vile
   551 | D        | Noticed a vile
   551 | D        | Mangled by a vile
                  | ... wielding a +0 mace
                  | (153 damage)
   551 | D        | Noticed a vile
   552 | D        | Killed a vile
   552 | D        | Killed a vile
   552 | D        | Killed a vile
   553 | D        | Noticed a vile
   553 | D        | Killed from afar by a vile (55 damage)
                  | ... with a foul vapour
   553 | D        | Noticed a vile
   554 | D        | Succumbed to a vile's foul vapour
   555 | D        | Annihilated by a vile
                  | ... wielding a +0 morningstar
                  | (140 damage)
   556 | D        | Noticed a vile
   556 | D        | Annihilated by a vile
                  | ... wielding a +0 mace
                  | (146 damage)
   556 | D        | HP: 11/249 [vile/foul vapour (49)]
   556 | D        | Killed from afar by a vile (68 damage)
                  | ... with a foul vapour
   556 | D        | Demolished by a vile
                  | ... wielding a +0 mace
                  | (143 damage)
   557 | D        | Killed a vile
   557 | D        | Killed a vile
   557 | D        | Killed a vile
   557 | D        | Killed a vile
   557 | D        | Killed a vile
   557 | D        | Noticed a vile
   558 | D        | Annihilated by a vile
                  | ... wielding a +0 flail
                  | (132 damage)
   558 | D        | Mangled by a vile
                  | ... wielding a +0 flail
                  | (127 damage)
   559 | D        | Noticed a large bag of meat
   560 | D        | Succumbed to a vile's dark miasma
   560 | D        | Noticed a vile
   561 | D        | Killed a vile
   561 | D        | Killed a vile
   561 | D        | Killed a vile
   561 | D        | Killed a vile
   562 | D        | Noticed a vile
   562 | D        | Annihilated by a vile
                  | ... wielding a +0 mace
                  | (125 damage)
   563 | D        | Noticed a vile
   564 | D        | Annihilated by a vile
                  | ... wielding a +0 mace
                  | (115 damage)
   565 | D        | Noticed a vile
   565 | D        | Noticed a vile
   565 | D        | Noticed a vile
   566 | D        | Noticed a vile
   566 | D        | Noticed a vile
   566 | D        | Noticed a vile
   566 | D        | Noticed a vile
   566 | D        | Noticed a vile
   566 | D        | Noticed a vile
   566 | D        | Noticed a vile
   566 | D        | Annihilated by a vile
                  | ... wielding a +0 dire flail
                  | (124 damage)
   567 | D        | Killed a vile
   567 | D        | Killed a vile
   567 | D        | Killed a vile
   567 | D        | Killed a vile
   567 | D        | Noticed a vile
   567 | D        | Noticed The Captor
   568 | D        | Noticed a vile
   568 | D        | Mangled by a large bag of meat
                  | ... wielding a +9 giant spiked club
                  | (72 damage)
   568 | D        | Noticed a vile
   569 | D        | Killed a vile
   569 | D        | Killed a vile
   569 | D        | Killed a vile
   569 | D        | Killed a large bag of meat
   569 | D        | Killed a vile
   569 | D        | Noticed a vile
   570 | D        | Killed a vile
   570 | D        | Killed a vile
   570 | D        | Killed a vile
   570 | D        | Noticed a fleshlord
   570 | D        | Noticed a destroyer
   570 | D        | Noticed a vile
   570 | D        | Noticed a vile
   571 | D        | Annihilated by a vile
                  | ... wielding a +0 mace
                  | (118 damage)
   571 | D        | Noticed a vile
   572 | D        | Killed a vile
   572 | D        | Killed a vile
   572 | D        | Killed a vile
   572 | D        | Killed a vile
   572 | D        | Noticed a vile
   572 | D        | Noticed a vile
   573 | D        | Noticed a vile
   573 | D        | Annihilated by a vile
                  | ... wielding a +0 flail
                  | (109 damage)
   573 | D        | Noticed a vile
   573 | D        | Noticed a vile
   574 | D        | Killed a vile
   574 | D        | Killed a destroyer
   574 | D        | Killed The Captor
   574 | D        | Killed a vile
   574 | D        | Killed a vile
   574 | D        | Killed a vile
   574 | D        | Noticed a vile
   574 | D        | Noticed a vile
   575 | D        | Killed a fleshlord
   575 | D        | Noticed a vile
   575 | D        | Noticed a vile
   575 | D        | Noticed a vile
   575 | D        | Noticed a vile
   575 | D        | Noticed a vile
   575 | D        | Noticed a vile
   575 | D        | Noticed a vile
   575 | D        | Noticed a vile
   575 | D        | Noticed a vile
   576 | D        | Killed a vile
   576 | D        | Killed a vile
   576 | D        | Noticed a vile
   576 | D        | Noticed a vile
   576 | D        | Noticed a vile
   576 | D        | Noticed a vile
   576 | D        | Noticed a vile
   576 | D        | Noticed a vile
   576 | D        | Noticed a vile
   576 | D        | Noticed a vile
   577 | D        | Noticed a vile
   577 | D        | Noticed a vile
   577 | D        | Noticed a vile
   577 | D        | Noticed a vile
   577 | D        | Noticed a vile
   577 | D        | Noticed a vile
   577 | D        | Noticed a vile
   577 | D        | Noticed a vile
   577 | D        | Noticed a vile
   577 | D        | Annihilated by a vile
                  | ... wielding a +0 flail
                  | (118 damage)
   577 | D        | Noticed a vile
   577 | D        | Noticed a vile
   577 | D        | Noticed a vile
   577 | D        | Noticed a vile
   577 | D        | Noticed a vile
   577 | D        | Noticed a vile
   578 | D        | Killed a vile
   578 | D        | Killed a vile
   578 | D        | Killed a vile
   578 | D        | Killed a vile
   578 | D        | Noticed a vile
   578 | D        | Noticed a vile
   578 | D        | Noticed a vile
   578 | D        | Noticed a vile
   578 | D        | Noticed a vile
   578 | D        | Noticed a vile
   578 | D        | Noticed a vile
   578 | D        | Noticed a vile
   578 | D        | Noticed a vile
   579 | D        | Killed a vile
   579 | D        | Killed a vile
   579 | D        | Killed a vile
   579 | D        | Killed a vile
   579 | D        | Noticed a vile
   579 | D        | Noticed a vile
   579 | D        | Noticed a vile
   579 | D        | Noticed a vile
   579 | D        | Noticed a vile
   579 | D        | Noticed a vile
   579 | D        | Noticed a vile
   579 | D        | Noticed a vile
   579 | D        | Slain by a vile
                  | ... wielding a +0 morningstar
                  | (157 damage)
   579 | D        | Noticed a vile
   580 | D        | Noticed a vile
   580 | D        | Noticed a vile
   580 | D        | Noticed a vile
   580 | D        | Noticed a vile
   580 | D        | Noticed a vile
   580 | D        | Noticed a vile
   580 | D        | Noticed a vile
   580 | D        | Noticed a vile
   580 | D        | Noticed a vile
   580 | D        | Noticed a vile
   580 | D        | Slain by a vile
                  | ... wielding a +0 morningstar
                  | (16 damage)
   580 | D        | Noticed a vile
   580 | D        | Noticed a vile
   581 | D        | Killed a vile
   581 | D        | Killed a vile
   581 | D        | Killed a vile
   581 | D        | Killed a vile
   581 | D        | Killed a vile
   581 | D        | Killed a vile
   581 | D        | Noticed a vile
   581 | D        | Noticed a vile
   581 | D        | Noticed a vile
   581 | D        | Noticed a vile
   581 | D        | Noticed a vile
   581 | D        | Noticed a vile
   582 | D        | Noticed a vile
   582 | D        | Noticed a tyrant
   582 | D        | Noticed a vile
   582 | D        | Noticed a vile
   582 | D        | Noticed a vile
   582 | D        | Noticed a vile
   582 | D        | Noticed a vile
   582 | D        | Noticed a meat beast
   582 | D        | Noticed a vile
   582 | D        | Annihilated by a vile
                  | ... wielding a +0 mace
                  | (92 damage)
   582 | D        | Noticed a vile
   582 | D        | Noticed a vile
   582 | D        | Noticed a vile
   582 | D        | Noticed a vile
   582 | D        | Noticed a vile
   582 | D        | Noticed a vile
   582 | D        | Noticed a vile
   582 | D        | Annihilated by a vile
                  | ... wielding a +0 flail
                  | (113 damage)
   582 | D        | Noticed a vile
   582 | D        | Annihilated by a vile
                  | ... wielding a +2 antimagic mace
                  | (139 damage)
   582 | D        | Slain by a vile
                  | ... wielding a +0 dire flail
                  | (128 damage)
   583 | D        | Killed a vile
   583 | D        | Killed a vile
   583 | D        | Killed a vile
   583 | D        | Killed a vile
   583 | D        | Killed a vile
   583 | D        | Killed a vile
   583 | D        | Killed a vile
   583 | D        | Killed a vile
   583 | D        | Noticed a vile
   583 | D        | Noticed a vile
   583 | D        | Noticed a vile
   583 | D        | Noticed a vile
   583 | D        | Annihilated by a vile
                  | ... wielding a +0 dire flail
                  | (90 damage)
   583 | D        | Noticed a vile
   584 | D        | Noticed a vile
   584 | D        | Annihilated by a vile
                  | ... wielding a +0 mace
                  | (116 damage)
   584 | D        | Noticed a vile
   584 | D        | Demolished by a vile
                  | ... wielding a +0 mace
                  | (150 damage)
   584 | D        | Noticed a vile
   584 | D        | Noticed a vile
   584 | D        | Noticed a vile
   584 | D        | Noticed a vile
   584 | D        | Killed from afar by a scourge (60 damage)
                  | ... with a bolt of poison
   584 | D        | Noticed a vile
   584 | D        | Noticed a vile
   584 | D        | Noticed a vile
   584 | D        | Noticed a vile
   584 | D        | Annihilated by a vile
                  | ... wielding a +0 morningstar of protection
                  | (158 damage)
   584 | D        | Noticed a vile
   584 | D        | Noticed a vile
   585 | D        | Killed a vile
   585 | D        | Killed a vile
   585 | D        | Killed a vile
   585 | D        | Killed a vile
   585 | D        | Killed a vile
   585 | D        | Killed a vile
   585 | D        | Killed a vile
   585 | D        | Killed a vile
   585 | D        | Noticed a vile
   585 | D        | Noticed a vile
   585 | D        | Killed from afar by a vile (80 damage)
                  | ... with a foul vapour
   585 | D        | Noticed a vile
   585 | D        | Annihilated by a vile
                  | ... wielding a +1 morningstar of venom
                  | (96 damage)
   585 | D        | Noticed a dread
   586 | D        | HP: 2/249 [poisoned by a vile (dark miasma)]
   586 | D        | Noticed a vile
   586 | D        | Noticed a vile
   586 | D        | Noticed a vile
   586 | D        | Noticed a vile
   586 | D        | Noticed a vile
   586 | D        | Slain by a vile
                  | ... wielding a +1 flail of draining
                  | (5 damage)
   586 | D        | Noticed a vile
   586 | D        | Noticed a vile
   586 | D        | Mangled by a vile
                  | ... wielding a +0 mace
                  | (16 damage)
   586 | D        | Annihilated by a vile
                  | ... wielding a +0 mace
                  | (143 damage)
   586 | D        | Noticed a vile
   586 | D        | Noticed an accursed
   586 | D        | Noticed a vile
   587 | D        | Killed a vile
   587 | D        | Killed a vile
   587 | D        | Killed a vile
   587 | D        | Killed a vile
   587 | D        | Killed a vile
   587 | D        | Killed a vile
   587 | D        | Killed a vile
   587 | D        | Killed a vile
   587 | D        | Noticed a vile
   587 | D        | Noticed a dread
   587 | D        | Annihilated by a vile
                  | ... wielding a +0 flail
                  | (102 damage)
   587 | D        | Annihilated by a vile
                  | ... wielding a +0 flail
                  | (136 damage)
   588 | D        | Killed a vile
   588 | D        | Killed a vile
   588 | D        | Killed a vile
   588 | D        | Killed a vile
   588 | D        | Killed a vile
   588 | D        | Killed a vile
   588 | D        | Killed a vile
   588 | D        | Killed a vile
   588 | D        | Noticed a vile
   588 | D        | Noticed a vile
   588 | D        | Annihilated by a vile
                  | ... wielding a +0 mace
                  | (82 damage)
   588 | D        | Noticed a vile
   588 | D        | Noticed a vile
   588 | D        | Noticed a vile
   589 | D        | Killed a vile
   589 | D        | Killed a vile
   589 | D        | Killed a vile
   589 | D        | Killed a vile
   589 | D        | Killed a vile
   589 | D        | Killed a vile
   589 | D        | Killed a vile
   589 | D        | Killed a vile
   589 | D        | Noticed a vile
   589 | D        | Noticed a vile
   589 | D        | Noticed a vile
   589 | D        | Noticed a vile
   590 | D        | Killed a vile
   590 | D        | Killed a vile
   590 | D        | Killed a vile
   590 | D        | Killed a vile
   590 | D        | Killed a vile
   590 | D        | Killed a vile
   590 | D        | Killed a vile
   590 | D        | Noticed a vile
   590 | D        | Noticed a vile
   590 | D        | Noticed a vile
   590 | D        | Noticed a vile
   590 | D        | Noticed a vile
   590 | D        | Noticed a vile
   590 | D        | Noticed a vile
   590 | D        | Noticed a vile
   591 | D        | Noticed a fleshlord
   591 | D        | Killed a vile
   591 | D        | Killed a vile
   591 | D        | Killed a vile
   591 | D        | Killed a vile
   591 | D        | Killed a vile
   591 | D        | Killed a vile
   591 | D        | Noticed a vile
   591 | D        | Noticed a vile
   591 | D        | Noticed a vile
   591 | D        | HP: 1/249 [vile/+0 morningstar (81)]
   592 | D        | Killed a vile
   592 | D        | Killed a vile
   592 | D        | Killed a vile
   592 | D        | Killed a vile
   592 | D        | Killed a vile
   592 | D        | Killed a vile
   592 | D        | Noticed a vile
   592 | D        | Noticed a vile
   592 | D        | Noticed a vile
   592 | D        | Noticed a vile
   592 | D        | Noticed a vile
   593 | D        | Killed a meat beast
   593 | D        | Killed a vile
   593 | D        | Killed a vile
   593 | D        | Killed a vile
   593 | D        | Killed a vile
   593 | D        | Killed a vile
   593 | D        | Noticed a vile
   593 | D        | Noticed a vile
   593 | D        | Annihilated by a vile
                  | ... wielding a +0 flail
                  | (158 damage)
   594 | D        | Killed a vile
   594 | D        | Killed a vile
   594 | D        | Killed a vile
   594 | D        | Killed a vile
   594 | D        | Killed a vile
   594 | D        | Killed a vile
   594 | D        | Noticed a vile
   594 | D        | Noticed a vile
   594 | D        | Annihilated by a vile
                  | ... wielding a +0 flail
                  | (114 damage)
   594 | D        | Noticed a vile
   595 | D        | Killed a vile
   595 | D        | Killed a vile
   595 | D        | Killed a vile
   595 | D        | Killed a vile
   595 | D        | Killed a vile
   595 | D        | Noticed a vile
   595 | D        | Noticed a vile
   596 | D        | Killed a vile
   596 | D        | Killed a vile
   596 | D        | Killed a vile
   596 | D        | Killed a vile
   596 | D        | Killed a vile
   596 | D        | Killed a vile
   596 | D        | Killed a vile
   596 | D        | Killed a vile
   596 | D        | Noticed a vile
   596 | D        | Noticed a large bag of meat
   596 | D        | Noticed a vile
   596 | D        | Noticed a vile
   597 | D        | Killed a vile
   597 | D        | Killed a vile
   597 | D        | Killed a vile
   597 | D        | Killed a vile
   597 | D        | Killed a vile
   597 | D        | Killed a vile
   597 | D        | Killed a vile
   597 | D        | Noticed a vile
   597 | D        | Noticed a vile
   597 | D        | Noticed a vile
   597 | D        | Killed from afar by an observer (31 damage)
                  | ... with a bolt of fire
   598 | D        | Noticed a vile
   598 | D        | Annihilated by a vile
                  | ... wielding a +0 mace
                  | (118 damage)
   598 | D        | Noticed a vile
   598 | D        | Noticed a vile
   598 | D        | Noticed a vile
   598 | D        | Annihilated by a vile
                  | ... wielding a +0 mace
                  | (111 damage)
   599 | D        | Killed a vile
   599 | D        | Killed a vile
   599 | D        | Killed a vile
   599 | D        | Killed a vile
   599 | D        | Killed a vile
   599 | D        | Killed a vile
   599 | D        | Killed a vile
   599 | D        | Killed a vile
   599 | D        | Noticed a vile
   599 | D        | Noticed a vile
   599 | D        | Noticed a vile
   599 | D        | Noticed a dread
   599 | D        | Annihilated by a vile
                  | ... wielding a +0 flail
                  | (106 damage)
   599 | D        | Noticed a fleshlord
   599 | D        | Noticed a vile
   600 | D        | Killed a vile
   600 | D        | Killed a vile
   600 | D        | Killed a dread
   600 | D        | Killed a vile
   600 | D        | Killed a vile
   600 | D        | Killed a vile
   600 | D        | Killed a vile
   600 | D        | Killed a vile
   600 | D        | Noticed a vile
   600 | D        | Noticed a vile
   600 | D        | Noticed a vile
   600 | D        | Noticed a vile
   600 | D        | HP: 1/249 [vile/+0 mace (92)]
   600 | D        | Mangled by a vile
                  | ... wielding a +0 flail
                  | (9 damage)
   601 | D        | Demolished by a vile
                  | ... wielding a +0 morningstar
                  | (20 damage)
   601 | D        | Annihilated by a vile
                  | ... wielding a +0 flail
                  | (137 damage)
   601 | D        | Noticed a vile
   601 | D        | Annihilated by a vile
                  | ... wielding a +0 flail of protection
                  | (149 damage)
   601 | D        | Noticed a vile
   601 | D        | Noticed a vile
   602 | D        | Killed a vile
   602 | D        | Killed a dread
   602 | D        | Killed a vile
   602 | D        | Killed a vile
   602 | D        | Killed a vile
   602 | D        | Killed a vile
   602 | D        | Noticed a vile
   602 | D        | Slain by a vile
                  | ... wielding a +0 flail
                  | (95 damage)
   603 | D        | Killed a vile
   603 | D        | Killed a vile
   603 | D        | Killed a vile
   603 | D        | Killed a vile
   603 | D        | Killed a vile
   603 | D        | Killed a vile
   603 | D        | Killed a vile
   603 | D        | Noticed a vile
   603 | D        | Noticed a vile
   603 | D        | Noticed a vile
   603 | D        | Noticed a vile
   604 | D        | Killed a vile
   604 | D        | Killed a vile
   604 | D        | Killed a vile
   604 | D        | Killed a vile
   604 | D        | Killed a vile
   604 | D        | Killed a vile
   604 | D        | Killed a vile
   604 | D        | Killed a vile
   604 | D        | Noticed a vile
   604 | D        | Noticed a vile
   604 | D        | Noticed a vile
   605 | D        | Annihilated by a vile
                  | ... wielding a +0 dire flail
                  | (145 damage)
   605 | D        | Noticed a vile
   605 | D        | Noticed a vile
   605 | D        | Annihilated by a vile
                  | ... wielding a +0 mace of venom
                  | (107 damage)
   605 | D        | Noticed a vile
   605 | D        | Noticed a vile
   605 | D        | Noticed a vile
   605 | D        | Noticed a vile
   605 | D        | HP: 6/249 [vile/+0 mace (102)]
   605 | D        | Noticed a vile
   606 | D        | Noticed a fleshlord
   606 | D        | Killed a fleshlord
   606 | D        | Killed a vile
   606 | D        | Killed a vile
   606 | D        | Killed a vile
   606 | D        | Killed a vile
   606 | D        | Killed a vile
   606 | D        | Noticed a vile
   606 | D        | Annihilated by a vile
                  | ... wielding a +0 dire flail
                  | (154 damage)
   606 | D        | Noticed a vile
   606 | D        | Noticed a vile
   606 | D        | Killed a large bag of meat
   606 | D        | Noticed a vile
   607 | D        | Noticed a fleshlord
   607 | D        | Killed a vile
   607 | D        | Killed a vile
   607 | D        | Killed a vile
   607 | D        | Killed a vile
   607 | D        | Noticed a vile
   607 | D        | Noticed a vile
   607 | D        | Noticed a vile
   607 | D        | HP: 1/210 [vile/+0 mace (10)]
   607 | D        | Annihilated by a vile
                  | ... wielding a +0 mace
                  | (106 damage)
   608 | D        | Annihilated by a vile
                  | ... wielding a +0 mace
                  | (142 damage)
   609 | D        | Upgraded the game from 0.30-a0-1116-gebefce21f7 to
                  | 0.31-a0-18-gea43df2a32
   609 | D        | Killed a vile
   609 | D        | Killed a vile
   609 | D        | Killed a vile
   609 | D        | Killed a vile
   609 | D        | Noticed a vile
   609 | D        | Noticed a vile
   609 | D        | Noticed a vile
   609 | D        | Noticed a vile
   609 | D        | Noticed a vile
   609 | D        | Noticed a vile
   610 | D        | Killed a vile
   610 | D        | Killed a vile
   610 | D        | Killed a vile
   610 | D        | Killed a vile
   610 | D        | Noticed a vile
   610 | D        | Noticed a vile
   610 | D        | Noticed a vile
   610 | D        | Noticed a vile
   611 | D        | Noticed a vile
   611 | D        | Annihilated by a vile
                  | ... wielding a +0 morningstar
                  | (86 damage)
   612 | D        | Killed a vile
   612 | D        | Killed a vile
   612 | D        | Killed a vile
   612 | D        | Killed a vile
   612 | D        | Noticed a vile
   612 | D        | Noticed a vile
   612 | D        | Noticed a vile
   612 | D        | Noticed a vile
   613 | D        | Killed a vile
   613 | D        | Killed a vile
   613 | D        | Killed a vile
   613 | D        | Killed a vile
   613 | D        | Killed a vile
   613 | D        | Noticed a vile
   613 | D        | Noticed a vile
   613 | D        | Noticed a vile
   613 | D        | Noticed a vile
   613 | D        | Noticed a vile
   614 | D        | Killed a vile
   614 | D        | Killed a vile
   614 | D        | Killed a vile
   614 | D        | Killed an accursed
   614 | D        | Killed a vile
   614 | D        | Noticed a vile
   614 | D        | Noticed a vile
   614 | D        | Killed from afar by a wretched soul (53 damage)
                  | ... with a bolt of negative energy
   614 | D        | Noticed a vile
   614 | D        | Noticed a vile
   614 | D        | Noticed a vile
   615 | D        | Noticed a vile
   615 | D        | Noticed a vile
   615 | D        | Noticed a vile
   615 | D        | Noticed a vile
   615 | D        | Noticed a vile
   615 | D        | Annihilated by a vile
                  | ... wielding a +0 dire flail
                  | (123 damage)
   615 | D        | Noticed a vile
   615 | D        | Annihilated by a vile
                  | ... wielding a +0 flail
                  | (111 damage)
   615 | D        | Noticed a vile
   615 | D        | Killed from afar by a wretched soul (106 damage)
                  | ... with a bolt of negative energy
   615 | D        | Noticed a vile
   615 | D        | Noticed a vile
   615 | D        | Noticed a vile
   615 | D        | Noticed a vile
   615 | D        | HP: 7/213 [vile/+0 dire flail (8)]
   615 | D        | Annihilated by a vile
                  | ... wielding a +0 dire flail
                  | (123 damage)
   616 | D        | Killed a vile
   616 | D        | Killed a vile
   616 | D        | Killed a vile
   616 | D        | Killed a vile
   616 | D        | Killed a vile
   616 | D        | Killed a vile
   616 | D        | Killed a vile
   616 | D        | Killed a vile
   616 | D        | Noticed a vile
   616 | D        | Noticed a vile
   616 | D        | Annihilated by a vile
                  | ... wielding a +0 mace
                  | (141 damage)
   617 | D        | Killed a vile
   617 | D        | Killed a vile
   617 | D        | Killed a vile
   617 | D        | Killed a vile
   617 | D        | Killed a vile
   617 | D        | Killed a vile
   617 | D        | Killed a vile
   617 | D        | Noticed a vile
   617 | D        | Noticed a vile
   617 | D        | Noticed a fleshlord
   617 | D        | Noticed a vile
   617 | D        | Killed from afar by a wretched soul (124 damage)
                  | ... with a bolt of negative energy
   617 | D        | Slain by a vile
                  | ... wielding a +0 mace
                  | (101 damage)
   618 | D        | Killed a vile
   618 | D        | Killed a vile
   618 | D        | Killed a vile
   618 | D        | Killed a vile
   618 | D        | Killed a vile
   618 | D        | Noticed a vile
   618 | D        | Noticed a vile
   618 | D        | Noticed a vile
   618 | D        | Noticed a vile
   618 | D        | Noticed a vile
   618 | D        | Noticed a vile
   618 | D        | Noticed a vile
   618 | D        | Slain by a vile
                  | ... wielding a +0 mace
                  | (115 damage)
   619 | D        | Killed a vile
   619 | D        | Killed a vile
   619 | D        | Killed a vile
   619 | D        | Killed a vile
   619 | D        | Killed a vile
   619 | D        | Noticed a vile
   619 | D        | Noticed a vile
   619 | D        | Killed from afar by a wretched soul (104 damage)
                  | ... with a bolt of negative energy
   619 | D        | Noticed a vile
   619 | D        | Noticed a vile
   619 | D        | Noticed a vile
   620 | D        | Noticed a fleshlord
   620 | D        | Killed a vile
   620 | D        | Killed a vile
   620 | D        | Killed a vile
   620 | D        | Killed a vile
   620 | D        | Killed a vile
   620 | D        | Killed a vile
   620 | D        | Noticed a vile
   620 | D        | Noticed a vile
   620 | D        | Noticed a vile
   620 | D        | Noticed a vile
   621 | D        | Killed a vile
   621 | D        | Killed a vile
   621 | D        | Killed a vile
   621 | D        | Killed a vile
   621 | D        | Killed a vile
   621 | D        | Killed a vile
   621 | D        | Killed a vile
   621 | D        | Noticed a vile
   621 | D        | Noticed a vile
   621 | D        | Noticed a vile
   621 | D        | Noticed a dread
   622 | D        | Killed a vile
   622 | D        | Killed a vile
   622 | D        | Killed a vile
   622 | D        | Killed a vile
   622 | D        | Killed a fleshlord
   622 | D        | Noticed a meat beast
   622 | D        | Noticed a vile
   622 | D        | Noticed a vile
   622 | D        | Noticed a vile
   622 | D        | Noticed a vile
   622 | D        | Noticed a vile
   622 | D        | Noticed a vile
   623 | D        | Killed a vile
   623 | D        | Killed a vile
   623 | D        | Killed a fleshlord
   623 | D        | Killed a vile
   623 | D        | Killed a vile
   623 | D        | Killed a vile
   623 | D        | Noticed a vile
   623 | D        | Noticed a vile
   623 | D        | Noticed a vile
   623 | D        | Noticed a vile
   623 | D        | Noticed a vile
   623 | D        | Noticed a vile
   624 | D        | Killed a vile
   624 | D        | Killed a vile
   624 | D        | Killed a vile
   624 | D        | Killed a vile
   624 | D        | Noticed a vile
   624 | D        | Noticed a vile
   624 | D        | Noticed a vile
   624 | D        | Noticed a vile
   625 | D        | Killed a vile
   625 | D        | Killed a vile
   625 | D        | Killed a vile
   625 | D        | Killed a vile
   625 | D        | Killed a vile
   625 | D        | Killed a vile
   625 | D        | Killed a vile
   625 | D        | Noticed a vile
   625 | D        | Noticed a vile
   625 | D        | Noticed a vile
   625 | D        | Noticed a destroyer
   625 | D        | Noticed a fleshlord
   626 | D        | Noticed a fleshlord
   626 | D        | Noticed a vile
   626 | D        | HP: 7/249 [vile/+0 flail (22)]
   626 | D        | Annihilated by a vile
                  | ... wielding a +0 flail
                  | (97 damage)
   626 | D        | Noticed a vile
   627 | D        | Killed a vile
   627 | D        | Killed a vile
   627 | D        | Killed a vile
   627 | D        | Killed a vile
   627 | D        | Killed a fleshlord
   627 | D        | Killed a vile
   627 | D        | Noticed a vile
   627 | D        | Noticed a vile
   627 | D        | Noticed a vile
   627 | D        | Noticed a vile
   627 | D        | Annihilated by a vile
                  | ... wielding a +0 morningstar
                  | (127 damage)
   628 | D        | Killed a vile
   628 | D        | Killed a vile
   628 | D        | Killed a vile
   628 | D        | Killed a vile
   628 | D        | Killed a vile
   628 | D        | Killed a vile
   629 | D        | Killed a vile
   629 | D        | Killed a vile
   629 | D        | Killed a vile
   629 | D        | Killed a vile
   629 | D        | Killed a vile
   629 | D        | Noticed a vile
   629 | D        | Noticed a vile
   629 | D        | Noticed a vile
   630 | D        | Killed a meat beast
   630 | D        | Killed a vile
   630 | D        | Killed a vile
   630 | D        | Killed a vile
   630 | D        | Killed a vile
   630 | D        | Noticed a vile
   630 | D        | Noticed a vile
   630 | D        | Noticed a vile
   630 | D        | Annihilated by a fleshlord
                  | ... wielding a +9 great mace
                  | (358 damage)
   631 | D        | Killed a vile
   631 | D        | Killed a vile
   631 | D        | Killed a fleshlord
   631 | D        | Killed a vile
   631 | D        | Noticed a vile
   631 | D        | Noticed a vile
   631 | D        | Noticed a vile
   631 | D        | Noticed a vile
   632 | D        | Noticed a fleshlord
   632 | D        | HP: 11/249 [vile] (9)]
   632 | D        | Succumbed to a vile's dark miasma
   632 | D        | Annihilated by a destroyer
                  | ... wielding a +9 heavy great sword
                  | (73 damage)
   632 | D        | Noticed a vile
   632 | D        | Noticed a vile
   633 | D        | Killed a vile
   633 | D        | Killed a vile
   633 | D        | Killed a vile
   633 | D        | Killed a vile
   633 | D        | Killed a vile
   633 | D        | Killed a destroyer
   633 | D        | Noticed a vile
   633 | D        | Noticed a vile
   633 | D        | Noticed a vile
   634 | D        | Killed a vile
   634 | D        | Killed a vile
   634 | D        | Killed a vile
   634 | D        | Killed a vile
   634 | D        | Killed a vile
   634 | D        | Noticed a vile
   635 | D        | Killed a vile
   635 | D        | Killed a vile
   635 | D        | Killed a vile
   635 | D        | Killed a vile
   635 | D        | Killed a vile
   635 | D        | Killed a vile
   635 | D        | Noticed a vile
   635 | D        | Noticed a vile
   635 | D        | Noticed a vile
   635 | D        | Noticed a vile
   635 | D        | Annihilated by a vile
                  | ... wielding a +0 flail
                  | (159 damage)
   635 | D        | Noticed a vile
   635 | D        | Noticed a tyrant
   635 | D        | Killed a large bag of meat
   636 | D        | Noticed a vile
   636 | D        | Noticed a vile
   636 | D        | Noticed a vile
   636 | D        | Annihilated by a vile
                  | ... wielding a +0 morningstar
                  | (132 damage)
   636 | D        | Noticed a vile
   637 | D        | Noticed a vile
   637 | D        | Killed from afar by a scourge (70 damage)
                  | ... with a bolt of poison
   637 | D        | Noticed a vile
   637 | D        | Annihilated by a vile
                  | ... wielding a +0 morningstar
                  | (104 damage)
   638 | D        | Annihilated by a vile
                  | ... wielding a +0 morningstar
                  | (125 damage)
   638 | D        | Noticed a vile
   638 | D        | Noticed a vile
   638 | D        | Noticed a vile
   638 | D        | Noticed a vile
   638 | D        | Noticed a vile
   638 | D        | Annihilated by a vile
                  | ... wielding a +0 mace
                  | (93 damage)
   638 | D        | Annihilated by a vile
                  | ... wielding a +0 mace
                  | (155 damage)
   638 | D        | Noticed a vile
   638 | D        | Noticed a vile
   638 | D        | Noticed a vile
   638 | D        | Noticed a vile
   638 | D        | Annihilated by a vile
                  | ... wielding a +0 mace
                  | (113 damage)
   639 | D        | Killed a vile
   639 | D        | Killed a vile
   639 | D        | Killed a vile
   639 | D        | Killed a vile
   639 | D        | Killed a vile
   639 | D        | Killed a vile
   639 | D        | Killed a vile
   639 | D        | Noticed a vile
   639 | D        | Noticed a vile
   639 | D        | Noticed a vile
   639 | D        | Demolished by a vile
                  | ... wielding a +0 morningstar
                  | (150 damage)
   640 | D        | Annihilated by a vile
                  | ... wielding a +0 flail
                  | (138 damage)
   640 | D        | Noticed a vile
   640 | D        | Noticed a vile
   640 | D        | Noticed a vile
   640 | D        | Noticed a vile
   640 | D        | Annihilated by a vile
                  | ... wielding a +0 mace
                  | (135 damage)
   640 | D        | Noticed a dread
   640 | D        | Annihilated by a vile
                  | ... wielding a +0 mace
                  | (140 damage)
   641 | D        | Killed a vile
   641 | D        | Killed a vile
   641 | D        | Killed a vile
   641 | D        | Killed a vile
   641 | D        | Killed a vile
   641 | D        | Killed a vile
   641 | D        | Killed a vile
   641 | D        | Killed a vile
   641 | D        | Noticed a vile
   641 | D        | Noticed a vile
   642 | D        | Killed a fleshlord
   642 | D        | Killed a vile
   642 | D        | Killed a vile
   642 | D        | Killed a vile
   642 | D        | Killed a vile
   642 | D        | Killed a vile
   642 | D        | Noticed a vile
   642 | D        | Noticed a vile
   642 | D        | Noticed a vile
   643 | D        | Killed a vile
   643 | D        | Killed a vile
   643 | D        | Killed a vile
   643 | D        | Killed a vile
   643 | D        | Killed a vile
   643 | D        | Killed a fleshlord
   643 | D        | Killed a vile
   643 | D        | Noticed a vile
   643 | D        | Noticed a vile
   643 | D        | HP: 6/249 [vile/+0 mace (80)]
   643 | D        | Noticed a vile
   644 | D        | Noticed a vile
   644 | D        | Succumbed to a scourge's bolt of poison
   644 | D        | Noticed a vile
   644 | D        | Annihilated by a vile
                  | ... wielding a +0 morningstar
                  | (114 damage)
   644 | D        | Noticed a vile
   644 | D        | Annihilated by a vile
                  | ... wielding a +0 mace
                  | (158 damage)
   644 | D        | Noticed a vile
   644 | D        | Annihilated by a vile
                  | ... wielding a +0 morningstar
                  | (133 damage)
   645 | D        | Noticed a vile
   645 | D        | Noticed a vile
   645 | D        | Demolished by a vile
                  | ... wielding a +0 flail
                  | (106 damage)
   645 | D        | Noticed a vile
   645 | D        | Noticed a vile
   645 | D        | Noticed a dread
   645 | D        | Annihilated by a vile
                  | ... wielding a +0 flail
                  | (83 damage)
   645 | D        | Annihilated by a vile
                  | ... wielding a +0 flail
                  | (151 damage)
   646 | D        | Killed a vile
   646 | D        | Killed a vile
   646 | D        | Killed a vile
   646 | D        | Killed a vile
   646 | D        | Killed a vile
   646 | D        | Killed a vile
   646 | D        | Noticed a vile
   646 | D        | Noticed a vile
   646 | D        | Noticed a vile
   646 | D        | Noticed a vile
   647 | D        | Noticed a destroyer
   647 | D        | Killed a vile
   647 | D        | Killed a vile
   647 | D        | Killed a vile
   647 | D        | Killed a vile
   647 | D        | Killed a vile
   647 | D        | Killed a vile
   647 | D        | Killed a vile
   647 | D        | Killed a vile
   647 | D        | Annihilated by a vile
                  | ... wielding a +0 mace
                  | (112 damage)
   648 | D        | Killed a vile
   648 | D        | Killed a vile
   648 | D        | Killed a vile
   648 | D        | Killed a vile
   648 | D        | Killed a vile
   648 | D        | Noticed a vile
   648 | D        | Noticed a fleshlord
   648 | D        | Annihilated by a vile
                  | ... wielding a +1 mace of holy wrath
                  | (133 damage)
   649 | D        | Killed a vile
   649 | D        | Killed a vile
   649 | D        | Killed a vile
   649 | D        | Killed a vile
   649 | D        | Killed a vile
   649 | D        | Killed a vile
   649 | D        | Killed a vile
   649 | D        | Noticed a vile
   649 | D        | Noticed a vile
   649 | D        | Annihilated by a vile
                  | ... wielding a +0 mace
                  | (96 damage)
   650 | D        | Killed a vile
   650 | D        | Killed a vile
   650 | D        | Killed a vile
   650 | D        | Killed a vile
   650 | D        | Killed a vile
   650 | D        | Noticed a vile
   650 | D        | Noticed a vile
   650 | D        | Noticed a vile
   651 | D        | Annihilated by a vile
                  | ... wielding a +0 mace
                  | (119 damage)
   651 | D        | Noticed a vile
   651 | D        | Noticed a vile
   652 | D        | Killed a destroyer
   652 | D        | Killed a vile
   652 | D        | Killed a vile
   652 | D        | Killed a vile
   652 | D        | Killed a vile
   652 | D        | Killed a vile
   652 | D        | Noticed a vile
   652 | D        | Killed from afar by a wretched soul (136 damage)
                  | ... with a bolt of negative energy
   652 | D        | Noticed a vile
   653 | D        | Killed a vile
   653 | D        | Killed a vile
   653 | D        | Killed a vile
   653 | D        | Killed a vile
   653 | D        | Killed a vile
   653 | D        | Noticed a vile
   653 | D        | Noticed a vile
   653 | D        | Killed from afar by a vile (53 damage)
                  | ... with a foul vapour
   654 | D        | Noticed a vile
   654 | D        | Noticed a vile
   654 | D        | Annihilated by a vile
                  | ... wielding a +0 dire flail
                  | (84 damage)
   654 | D        | Annihilated by a vile
                  | ... wielding a +2 flail of holy wrath
                  | (109 damage)
   655 | D        | Killed a vile
   655 | D        | Killed a vile
   655 | D        | Killed a fleshlord
   655 | D        | Killed a vile
   655 | D        | Killed a vile
   655 | D        | Killed a vile
   655 | D        | Killed a vile
   655 | D        | Noticed a vile
   655 | D        | Noticed a vile
   655 | D        | Annihilated by a vile
                  | ... wielding a +0 dire flail
                  | (129 damage)
   655 | D        | Killed from afar by a wretched soul (55 damage)
                  | ... with a bolt of negative energy
   655 | D        | Noticed a vile
   656 | D        | Annihilated by a vile
                  | ... wielding a +0 flail
                  | (138 damage)
   656 | D        | Annihilated by a vile
                  | ... wielding a +0 dire flail
                  | (158 damage)
   656 | D        | Noticed a vile
   656 | D        | Noticed a vile
   656 | D        | HP: 4/249 [fleshlord/+9 great mace (245)]
   656 | D        | Slain by a tyrant (9 damage)
   656 | D        | Noticed a vile
   656 | D        | Annihilated by a vile
                  | ... wielding a +0 mace
                  | (98 damage)
   656 | D        | Noticed a vile
   656 | D        | Annihilated by a fleshlord
                  | ... wielding a +9 great mace
                  | (301 damage)
   657 | D        | Annihilated by a fleshlord
                  | ... wielding a +9 great mace
                  | (267 damage)
   657 | D        | Annihilated by a vile
                  | ... wielding a +0 dire flail
                  | (120 damage)
   657 | D        | Noticed a vile
   657 | D        | Annihilated by a vile
                  | ... wielding a +0 dire flail
                  | (148 damage)
   658 | D        | Killed a vile
   658 | D        | Killed a vile
   658 | D        | Killed a vile
   658 | D        | Killed a fleshlord
   658 | D        | Annihilated by a vile
                  | ... wielding a +0 flail
                  | (142 damage)
   659 | D        | Noticed a vile
   659 | D        | Annihilated by a vile
                  | ... wielding a +0 morningstar
                  | (107 damage)
   659 | D        | Noticed a vile
   659 | D        | Slain by a vile
                  | ... wielding a +0 mace
                  | (93 damage)
   659 | D        | Noticed a vile
   659 | D        | Annihilated by a vile
                  | ... wielding a +0 mace
                  | (145 damage)
   659 | D        | Annihilated by a vile
                  | ... wielding a +0 mace
                  | (149 damage)
   659 | D        | Annihilated by a vile
                  | ... wielding a +0 morningstar
                  | (159 damage)
   660 | D        | Killed a vile
   660 | D        | Killed a vile
   660 | D        | Killed a vile
   660 | D        | Killed a vile
   660 | D        | Killed a vile
   660 | D        | Killed a fleshlord
   660 | D        | Killed a vile
   660 | D        | Killed a vile
   660 | D        | Noticed a vile
   660 | D        | Noticed a vile
   660 | D        | Noticed a vile
   661 | D        | Killed from afar by a vile (93 damage)
                  | ... with a foul vapour
   661 | D        | Noticed a vile
   661 | D        | HP: 10/249 [??? (7)]
   662 | D        | Engulfed by a vile's foul pestilence (12 damage)
   662 | D        | Noticed a vile
   663 | D        | Killed a vile
   663 | D        | Killed a vile
   663 | D        | Killed a dread
   664 | D        | Killed a vile
   664 | D        | Killed from afar by a vile (29 damage)
                  | ... with damnation
   664 | D        | Noticed a vile
   664 | D        | Noticed a vile
   665 | D        | Demolished by a vile
                  | ... wielding a +0 mace
                  | (103 damage)
   665 | D        | Noticed a vile
   665 | D        | Noticed a vile
   665 | D        | Noticed a vile
   665 | D        | HP: 4/249 [??? (1)]
   665 | D        | Killed from afar by a wretched soul (105 damage)
                  | ... with a bolt of negative energy
   665 | D        | Noticed a vile
   666 | D        | Demolished by a vile
                  | ... wielding a +0 flail
                  | (97 damage)
   666 | D        | Noticed a vile
   666 | D        | Annihilated by a vile
                  | ... wielding a +0 mace
                  | (143 damage)
   666 | D        | Noticed a vile
   667 | D        | Killed a vile
   667 | D        | Killed a vile
   667 | D        | Killed a vile
   667 | D        | Killed a vile
   667 | D        | Killed a vile
   667 | D        | Noticed a vile
   667 | D        | Noticed a vile
   667 | D        | Annihilated by a vile
                  | ... wielding a +0 mace
                  | (102 damage)
   667 | D        | Noticed a vile
   667 | D        | Mangled by a vile
                  | ... wielding a +0 mace
                  | (97 damage)
   668 | D        | Noticed a vile
   668 | D        | HP: 1/249 [vile/+0 mace (8)]
   668 | D        | Annihilated by a vile
                  | ... wielding a +0 mace
                  | (149 damage)
   668 | D        | Noticed a vile
   668 | D        | Annihilated by a vile
                  | ... wielding a +0 flail of holy wrath
                  | (119 damage)
   668 | D        | Annihilated by a vile
                  | ... wielding a +0 mace
                  | (106 damage)
   668 | D        | Noticed a vile
   668 | D        | Noticed a vile
   669 | D        | Killed a vile
   669 | D        | Killed a vile
   669 | D        | Killed a vile
   669 | D        | Killed a vile
   669 | D        | Killed a vile
   669 | D        | Noticed a vile
   669 | D        | Noticed a vile
   670 | D        | Killed a dread
   670 | D        | Killed a vile
   670 | D        | Killed a vile
   670 | D        | Noticed a vile
   670 | D        | Annihilated by a vile
                  | ... wielding a +0 flail
                  | (157 damage)
   671 | D        | Killed a vile
   671 | D        | Killed a vile
   671 | D        | Killed a vile
   671 | D        | Killed a vile
   671 | D        | Noticed a vile
   671 | D        | Noticed a vile
   672 | D        | Killed a vile
   672 | D        | Killed a vile
   672 | D        | Killed a vile
   672 | D        | Killed a vile
   672 | D        | Noticed a vile
   672 | D        | Noticed a vile
   673 | D        | Noticed a vile
   673 | D        | Noticed a vile
   673 | D        | Slain by a vile
                  | ... wielding a +0 mace
                  | (16 damage)
   674 | D        | HP: 10/249 [vile/+0 mace (12)]
   674 | D        | Annihilated by a vile
                  | ... wielding a +0 mace
                  | (80 damage)
   674 | D        | Noticed a vile
   674 | D        | Annihilated by a vile
                  | ... wielding a +0 mace
                  | (137 damage)
   675 | D        | Killed a tyrant
   675 | D        | Killed a vile
   675 | D        | Killed a vile
   675 | D        | Killed from afar by a vile (36 damage)
                  | ... with damnation
   675 | D        | Demolished by a vile
                  | ... wielding a +0 mace
                  | (130 damage)
   676 | D        | HP: 4/249 [vile/+0 dire flail (154)]
   676 | D        | Demolished by a vile
                  | ... wielding a +0 morningstar
                  | (24 damage)
   676 | D        | Noticed a vile
   676 | D        | Noticed a vile
   676 | D        | Demolished by a vile
                  | ... wielding a +0 mace
                  | (139 damage)
   676 | D        | Killed from afar by a vile (73 damage)
                  | ... with a foul vapour
   676 | D        | Noticed a vile
   676 | D        | Annihilated by a vile
                  | ... wielding a +0 morningstar
                  | (136 damage)
   677 | D        | Killed a vile
   677 | D        | Killed a vile
   677 | D        | Killed a vile
   677 | D        | Killed a vile
   677 | D        | Noticed a vile
   678 | D        | Killed a vile
   678 | D        | Killed a vile
   678 | D        | Noticed a vile
   678 | D        | Noticed a vile
   679 | D        | Killed a vile
   679 | D        | Killed a vile
   679 | D        | Killed a tyrant
   679 | D        | Noticed a vile
   680 | D        | Killed a vile
   680 | D        | Killed a vile
   680 | D        | Killed a vile
   680 | D        | Killed a vile
   680 | D        | Mangled by a vile
                  | ... wielding a +0 flail
                  | (95 damage)
   681 | D        | Killed a vile
   681 | D        | Killed a vile
   681 | D        | Killed a vile
   681 | D        | Killed a vile
   681 | D        | Slain by a vile
                  | ... wielding a +0 mace
                  | (18 damage)
   682 | D        | Killed a vile
   682 | D        | Killed a vile
   682 | D        | Killed a vile
   682 | D        | Killed a vile
   682 | D        | Noticed a vile
   683 | D        | Killed a vile
   683 | D        | Killed a vile
   683 | D        | Killed a vile
   683 | D        | Noticed a vile
   683 | D        | Killed from afar by a vile (99 damage)
                  | ... with a foul vapour
   684 | D        | Killed a vile
   684 | D        | Killed a vile
   684 | D        | Annihilated by a vile
                  | ... wielding a +0 mace
                  | (155 damage)
   685 | D        | Killed a vile
   685 | D        | Killed a vile
   686 | D        | Succumbed to a vile's dark miasma
   686 | D        | Noticed a tyrant
   687 | D        | HP: 3/249 [vile/+0 dire flail (20)]
   687 | D        | Annihilated by a vile
                  | ... wielding a +0 dire flail
                  | (83 damage)
   687 | D        | Noticed a fleshlord
   688 | D        | Killed a dread
   688 | D        | Killed a vile
   688 | D        | Killed a vile
   689 | D        | Killed a dread
   689 | D        | Killed a vile
   689 | D        | Killed a vile
   689 | D        | Noticed a vile
   690 | D        | Noticed a vile
   690 | D        | Noticed a vile
   690 | D        | Mangled by a vile
                  | ... wielding a +0 mace
                  | (119 damage)
   690 | D        | Noticed a vile
   690 | D        | Annihilated by a vile
                  | ... wielding a +0 mace
                  | (150 damage)
   691 | D        | Killed a vile
   691 | D        | Killed a vile
   691 | D        | Killed a vile
   691 | D        | Killed a vile
   693 | D        | Killed a fleshlord
   693 | D        | HP: 8/249 [vile/damnation (25)]
   693 | D        | Noticed a destroyer
   694 | D        | Succumbed to a vile's foul vapour
   694 | D        | Noticed a vile
   694 | D        | Noticed a vile
   694 | D        | Noticed a vile
   694 | D        | Noticed a vile
   695 | D        | Noticed a vile
   695 | D        | Killed from afar by a vile (65 damage)
                  | ... with a foul vapour
   696 | D        | Slain by a vile
                  | ... wielding a +0 flail
                  | (117 damage)
   696 | D        | Noticed a vile
   697 | D        | Killed a vile
   697 | D        | Killed a vile
   697 | D        | Killed a tyrant
   697 | D        | Killed a vile
   698 | D        | Killed from afar by a vile (50 damage)
                  | ... with a foul vapour
   699 | D        | Killed a vile
   699 | D        | Killed a vile
   699 | D        | Killed a vile
   699 | D        | Killed a vile
   700 | D        | Killed a destroyer
   700 | D        | Killed a vile
   700 | D        | Noticed a vile
   701 | D        | Noticed a vile
   702 | D        | Killed a vile
   702 | D        | Killed a vile
   703 | D        | Noticed a vile
   704 | D        | HP: 6/249 [poisoned by a vile (dark miasma)]
   704 | D        | Killed from afar by a vile (16 damage)
                  | ... with damnation
   704 | D        | Noticed a vile
   704 | D        | Noticed a vile
   704 | D        | Noticed a vile
   704 | D        | Noticed a vile
   704 | D        | Noticed a vile
   705 | D        | Noticed a vile
   705 | D        | Noticed a vile
   706 | D        | Noticed a vile
   706 | D        | Noticed a vile
   706 | D        | Noticed a meat beast
   706 | D        | Killed from afar by a wretched soul (91 damage)
                  | ... with a bolt of negative energy
   707 | D        | Killed a vile
   707 | D        | Killed a vile
   707 | D        | Noticed a vile
   707 | D        | Killed from afar by a vile (24 damage)
                  | ... with damnation
   707 | D        | Noticed a vile
   708 | D        | Noticed a vile
   709 | D        | Killed a vile
   709 | D        | Noticed a vile
   709 | D        | Noticed a vile
   709 | D        | Noticed a vile
   710 | D        | Killed a meat beast
   710 | D        | Killed a vile
   710 | D        | Killed a vile
   710 | D        | Noticed a vile
   710 | D        | Noticed a vile
   710 | D        | Noticed a vile
   710 | D        | Noticed a vile
   710 | D        | Noticed a fleshlord
   711 | D        | Killed from afar by a vile (95 damage)
                  | ... with a foul vapour
   711 | D        | Noticed a vile
   711 | D        | Noticed a vile
   712 | D        | HP: 9/249 [vile/+0 mace (11)]
   712 | D        | Annihilated by a vile
                  | ... wielding a +0 mace
                  | (106 damage)
   712 | D        | Killed from afar by a vile (64 damage)
                  | ... with a foul vapour
   712 | D        | Killed from afar by a vile (66 damage)
                  | ... with a foul vapour
   713 | D        | Killed a vile
   713 | D        | Killed a vile
   713 | D        | Killed a vile
   713 | D        | Noticed a vile
   714 | D        | Killed a vile
   714 | D        | Killed a vile
   714 | D        | Killed a vile
   714 | D        | Demolished by a vile
                  | ... wielding a +3 flail
                  | (103 damage)
   715 | D        | Annihilated by a vile
                  | ... wielding a +0 mace of protection
                  | (155 damage)
   716 | D        | Killed a vile
   716 | D        | Killed a vile
   716 | D        | Killed a vile
   716 | D        | Killed a vile
   716 | D        | Killed a vile
   717 | D        | HP: 8/249 [vile/+0 morningstar (115)]
   717 | D        | Annihilated by a vile
                  | ... wielding a +0 mace
                  | (98 damage)
   718 | D        | Annihilated by a vile
                  | ... wielding a +0 mace
                  | (154 damage)
   718 | D        | Annihilated by a vile
                  | ... wielding a +0 mace
                  | (157 damage)
   719 | D        | Annihilated by a vile
                  | ... wielding a +0 mace
                  | (156 damage)
   719 | D        | Annihilated by a vile
                  | ... wielding a +0 morningstar
                  | (152 damage)
   719 | D        | Annihilated by a vile
                  | ... wielding a +0 morningstar
                  | (116 damage)
   720 | D        | Killed a vile
   720 | D        | Killed a vile
   720 | D        | Killed a vile
   720 | D        | Annihilated by a vile
                  | ... wielding a +0 mace
                  | (151 damage)
   721 | D        | Annihilated by a vile
                  | ... wielding a +0 flail
                  | (84 damage)
   722 | D        | Killed a fleshlord
   722 | D        | Killed a vile
   722 | D        | Killed a vile
   722 | D        | Killed a vile
   722 | D        | Killed a vile
   723 | D        | Annihilated by a vile
                  | ... wielding a +0 morningstar of protection
                  | (110 damage)
   723 | D        | Annihilated by a vile
                  | ... wielding a +0 morningstar of protection
                  | (147 damage)
   724 | D        | Killed a vile
   726 | D        | Noticed a vile
   726 | D        | HP: 11/249 [??? (9)]
   727 | D        | Succumbed to a scourge's poison arrow
   727 | D        | Noticed a vile
   729 | D        | Noticed a fleshlord
   729 | D        | Noticed a vile
   729 | D        | Noticed a vile
   729 | D        | Noticed a vile
   729 | D        | Noticed a dread
   729 | D        | Noticed a vile
   730 | D        | Noticed a vile
   730 | D        | Noticed a vile
   730 | D        | Noticed a vile
   730 | D        | Killed from afar by a vile (52 damage)
                  | ... with a foul vapour
   732 | D        | Killed a vile
   733 | D        | Killed from afar by a vile (36 damage)
                  | ... with damnation
   733 | D        | Noticed a vile
   734 | D        | Annihilated by a vile
                  | ... wielding a +0 mace
                  | (137 damage)
   735 | D        | Annihilated by a vile
                  | ... wielding a +0 flail
                  | (145 damage)
   735 | D        | Noticed a vile
   735 | D        | Noticed a vile
   735 | D        | Annihilated by a vile
                  | ... wielding a +0 mace
                  | (101 damage)
   736 | D        | Annihilated by a vile
                  | ... wielding a +0 mace
                  | (115 damage)
   736 | D        | Annihilated by a fleshlord
                  | ... wielding a +9 great mace
                  | (311 damage)
   736 | D        | HP: 9/249 [vile/+0 mace (134)]
   736 | D        | Annihilated by a vile
                  | ... wielding a +0 flail
                  | (146 damage)
   737 | D        | Annihilated by a fleshlord
                  | ... wielding a +9 great mace
                  | (315 damage)
   737 | D        | HP: 3/249 [vile/+1 morningstar of protection (86)]
   737 | D        | Mangled by a vile
                  | ... wielding a +0 mace
                  | (16 damage)
   737 | D        | Demolished by a fleshlord
                  | ... wielding a +9 great mace
                  | (136 damage)
   737 | D        | Annihilated by a fleshlord
                  | ... wielding a +9 great mace
                  | (293 damage)
   738 | D        | Mangled by a fleshlord
                  | ... wielding a +9 great mace
                  | (141 damage)
   738 | D        | Mangled by a vile
                  | ... wielding a +1 morningstar of protection
                  | (100 damage)
   739 | D        | Killed a fleshlord
   739 | D        | Killed a vile
   739 | D        | Killed a vile
   739 | D        | Killed a dread
   739 | D        | Noticed a vile
   739 | D        | Noticed a vile
   740 | D        | Noticed a vile
   740 | D        | Demolished by a vile
                  | ... wielding a +0 flail
                  | (153 damage)
   740 | D        | Noticed a vile
   741 | D        | Noticed a vile
   741 | D        | Killed from afar by a vile (18 damage)
                  | ... with a foul vapour
   742 | D        | Killed a vile
   742 | D        | Killed a vile
   742 | D        | Killed a vile
   742 | D        | Killed a vile
   742 | D        | Killed a vile
   743 | D        | Annihilated by a vile
                  | ... wielding a +0 mace
                  | (100 damage)
   744 | D        | Killed a vile
   744 | D        | Killed a vile
   744 | D        | Killed a vile
   744 | D        | Killed a vile
   744 | D        | Killed a vile
   744 | D        | Noticed a vile
   745 | D        | Killed a vile
   745 | D        | Killed a vile
   745 | D        | Killed a vile
   746 | D        | Killed a vile
   747 | D        | Noticed a vile
   747 | D        | Noticed a vile
   748 | D        | Noticed a vile
   749 | D        | Succumbed to a scourge's poison
   749 | D        | Noticed a vile
   751 | D        | Killed a vile
   752 | D        | Killed a vile
   752 | D        | Killed a vile
   752 | D        | Noticed a vile
   753 | D        | Noticed a vile
   753 | D        | Killed from afar by a vile (73 damage)
                  | ... with a foul vapour
   754 | D        | Annihilated by a vile
                  | ... wielding a +0 mace
                  | (87 damage)
   754 | D        | Noticed a vile
   755 | D        | HP: 8/249 [vile/+0 mace (19)]
   755 | D        | Annihilated by a vile
                  | ... wielding a +0 mace
                  | (158 damage)
   755 | D        | Noticed a vile
   756 | D        | Killed a vile
   756 | D        | Killed a vile
   756 | D        | Noticed a vile
   758 | D        | Demolished by a vile
                  | ... wielding a +0 flail
                  | (141 damage)
   758 | D        | Noticed a vile
   758 | D        | Noticed a vile
   758 | D        | Noticed a vile
   759 | D        | Annihilated by a vile
                  | ... wielding a +0 flail
                  | (132 damage)
   760 | D        | HP: 3/249 [vile/foul vapour (54)]
   760 | D        | Killed from afar by a vile (66 damage)
                  | ... with a foul vapour
   760 | D        | Annihilated by a vile
                  | ... wielding a +0 flail
                  | (132 damage)
   761 | D        | Killed from afar by a vile (78 damage)
                  | ... with a foul vapour
   762 | D        | Killed a vile
   762 | D        | Killed a vile
   762 | D        | Killed a vile
   762 | D        | Killed a vile
   764 | D        | Killed a vile
   764 | D        | HP: 1/249 [vile/damnation (24)]
   764 | D        | Killed from afar by a vile (23 damage)
                  | ... with damnation
   765 | D        | Noticed a vile
   765 | D        | Noticed a vile
   767 | D        | Noticed a vile
   767 | D        | Noticed a vile
   767 | D        | Noticed a vile
   769 | D        | Succumbed to a vile's dark miasma
   769 | D        | Noticed a vile
   770 | D        | Noticed a vile
   771 | D        | Killed a vile
   771 | D        | Killed a vile
   771 | D        | Killed a vile
   771 | D        | Killed a vile
   771 | D        | Noticed a vile
   772 | D        | Noticed a vile
   772 | D        | Noticed a vile
   773 | D        | Killed a vile
   773 | D        | Killed a vile
   773 | D        | Noticed a vile
   774 | D        | HP: 8/249 [vile/damnation (29)]
   775 | D        | Mangled by a vile
                  | ... wielding a +0 mace
                  | (14 damage)
   775 | D        | Noticed a vile
   775 | D        | Noticed a vile
   775 | D        | Noticed a vile
   776 | D        | Annihilated by a vile
                  | ... wielding a +0 mace
                  | (115 damage)
   776 | D        | Noticed a vile
   777 | D        | Killed a vile
   777 | D        | Killed a vile
   777 | D        | Killed a vile
   777 | D        | Killed a vile
   777 | D        | Noticed a vile
   777 | D        | Noticed a vile
   777 | D        | Killed from afar by a vile (89 damage)
                  | ... with a foul vapour
   778 | D        | Noticed a vile
   779 | D        | Killed a vile
   779 | D        | Killed a vile
   779 | D        | Killed a vile
   779 | D        | Killed a vile
   779 | D        | Killed a vile
   779 | D        | Killed a vile
   780 | D        | Succumbed to a vile's foul vapour
   780 | D        | Noticed a vile
   780 | D        | Noticed a vile
   780 | D        | Killed from afar by a scourge (56 damage)
                  | ... with a bolt of poison
   781 | D        | Noticed a vile
   781 | D        | Mangled by a vile
                  | ... wielding a +0 mace
                  | (100 damage)
   781 | D        | Noticed a destroyer
   782 | D        | Annihilated by a vile
                  | ... wielding a +0 flail
                  | (113 damage)
   782 | D        | Noticed a vile
   782 | D        | Noticed a vile
   783 | D        | Killed a vile
   783 | D        | Killed a vile
   783 | D        | Killed a vile
   783 | D        | Killed a vile
   783 | D        | Noticed a dread
   783 | D        | Annihilated by a vile
                  | ... wielding a +0 mace
                  | (119 damage)
   784 | D        | Annihilated by a vile
                  | ... wielding a +0 mace
                  | (148 damage)
   784 | D        | Noticed a vile
   784 | D        | Noticed a vile
   784 | D        | Annihilated by a vile
                  | ... wielding a +0 mace
                  | (141 damage)
   785 | D        | Killed a vile
   785 | D        | Killed a vile
   785 | D        | Killed a vile
   786 | D        | Annihilated by a vile
                  | ... wielding a +3 flail of venom
                  | (95 damage)
   787 | D        | Killed a vile
   787 | D        | Killed a vile
   787 | D        | Noticed a fleshlord
   788 | D        | Annihilated by a vile
                  | ... wielding a +0 morningstar
                  | (105 damage)
   788 | D        | Noticed a vile
   789 | D        | Demolished by a vile
                  | ... wielding a +0 morningstar
                  | (131 damage)
   789 | D        | Noticed a vile
   789 | D        | Noticed a vile
   789 | D        | Killed from afar by a vile (99 damage)
                  | ... with a foul vapour
   789 | D        | Noticed a vile
   790 | D        | Killed a dread
   790 | D        | Killed a vile
   790 | D        | Killed a vile
   790 | D        | Killed a vile
   792 | D        | Noticed a vile
   792 | D        | HP: 11/249 [poisoned by a vile (foul vapour)]
   792 | D        | Annihilated by a fleshlord
                  | ... wielding a +9 great mace
                  | (130 damage)
   792 | D        | Noticed a vile
   792 | D        | Annihilated by a fleshlord
                  | ... wielding a +9 great mace
                  | (360 damage)
   793 | D        | Noticed a vile
   793 | D        | Noticed a vile
   793 | D        | Noticed a vile
   793 | D        | Annihilated by a fleshlord
                  | ... wielding a +9 great mace
                  | (298 damage)
   794 | D        | Noticed a vile
   794 | D        | Slain by an eight-headed meat hydra (10 damage)
   795 | D        | Annihilated by a vile
                  | ... wielding a +0 flail
                  | (151 damage)
   796 | D        | Killed a fleshlord
   796 | D        | Killed a vile
   796 | D        | Killed a destroyer
   796 | D        | Killed a vile
   796 | D        | Noticed a vile
   797 | D        | Killed a vile
   797 | D        | Killed a vile
   797 | D        | Killed a vile
   797 | D        | Killed a vile
   797 | D        | HP: 11/249 [vile/+0 flail (83)]
   798 | D        | Killed from afar by a vile (18 damage)
                  | ... with damnation
   798 | D        | Noticed a vile
   799 | D        | Mangled by a vile
                  | ... wielding a +0 flail
                  | (16 damage)
   799 | D        | Annihilated by a vile
                  | ... wielding a +0 flail
                  | (140 damage)
   799 | D        | Noticed a vile
   800 | D        | Killed a vile
   800 | D        | Killed a vile
   800 | D        | Killed a vile
   800 | D        | Killed a vile
   800 | D        | Noticed a vile
   800 | D        | Noticed a vile
   801 | D        | Killed a vile
   801 | D        | Noticed a vile
   802 | D        | Killed a vile
   804 | D        | Noticed a vile
   805 | D        | Annihilated by a vile
                  | ... wielding a +0 flail
                  | (146 damage)
   805 | D        | Noticed a vile
   806 | D        | Killed a vile
   806 | D        | Killed a vile
   806 | D        | Noticed a vile
   807 | D        | Annihilated by a vile
                  | ... wielding a +0 mace
                  | (111 damage)
   808 | D        | Killed a vile
   808 | D        | Killed a vile
   808 | D        | Noticed a vile
   808 | D        | Noticed a vile
   809 | D        | Noticed a vile
   809 | D        | HP: 12/249 [vile/damnation (10)]
   809 | D        | Noticed a vile
   809 | D        | Killed from afar by a vile (20 damage)
                  | ... with a foul vapour
   810 | D        | Noticed a vile
   810 | D        | Noticed a vile
   810 | D        | Noticed a vile
   810 | D        | Noticed a vile
   811 | D        | Annihilated by a vile
                  | ... wielding a +0 mace
                  | (91 damage)
   811 | D        | Noticed a vile
   811 | D        | Noticed a vile
   811 | D        | Annihilated by a vile
                  | ... wielding a +0 mace
                  | (117 damage)
   812 | D        | Slain by a vile
                  | ... wielding a +0 flail
                  | (18 damage)
   812 | D        | Mangled by a vile
                  | ... wielding a +0 mace
                  | (15 damage)
   813 | D        | Killed a vile
   813 | D        | Killed a vile
   813 | D        | Killed a vile
   813 | D        | Killed a vile
   813 | D        | Killed a vile
   813 | D        | Killed a vile
   813 | D        | Killed a vile
   813 | D        | Killed a vile
   813 | D        | Noticed a vile
   813 | D        | Noticed a vile
   814 | D        | Killed a vile
   814 | D        | Killed a vile
   814 | D        | Killed a vile
   815 | D        | Noticed a vile
   815 | D        | Noticed a vile
   815 | D        | Noticed a vile
   815 | D        | Noticed a vile
   816 | D        | Noticed a vile
   816 | D        | HP: 12/249 [poisoned by a vile (dark miasma)]
   816 | D        | Noticed a vile
   816 | D        | Killed from afar by a vile (25 damage)
                  | ... with damnation
   816 | D        | Noticed a tyrant
   817 | D        | Annihilated by a vile
                  | ... wielding a +0 mace
                  | (154 damage)
   817 | D        | Noticed a destroyer
   818 | D        | Killed a vile
   818 | D        | Killed a vile
   818 | D        | Killed a vile
   818 | D        | Killed a vile
   818 | D        | Noticed a vile
   818 | D        | Noticed a vile
   818 | D        | Noticed a vile
   818 | D        | HP: 1/249 [vile/+0 flail (120)]
   819 | D        | Killed a vile
   819 | D        | Killed a vile
   819 | D        | Noticed a vile
   819 | D        | Noticed a vile
   819 | D        | Noticed a vile
   820 | D        | Killed a vile
   820 | D        | Noticed a vile
   820 | D        | Annihilated by a vile
                  | ... wielding a +0 morningstar
                  | (145 damage)
   820 | D        | Noticed a tyrant
   821 | D        | Noticed a vile
   821 | D        | Annihilated by a destroyer
                  | ... wielding a +9 heavy great sword
                  | (203 damage)
   821 | D        | Noticed a vile
   822 | D        | Killed a vile
   822 | D        | Killed a vile
   822 | D        | Killed a destroyer
   822 | D        | Noticed a vile
   824 | D        | Killed a vile
   824 | D        | Killed a tyrant
   824 | D        | Noticed a vile
   824 | D        | Killed from afar by a vile (63 damage)
                  | ... with a foul vapour
   825 | D        | Killed a vile
   825 | D        | Killed a vile
   825 | D        | Killed a vile
   825 | D        | Killed a vile
   825 | D        | Noticed a vile
   825 | D        | HP: 9/229 [vile/foul vapour (73)]
   825 | D        | Noticed a vile
   826 | D        | HP: 2/249 [vile/+0 flail (7)]
   826 | D        | Annihilated by a vile
                  | ... wielding a +0 flail
                  | (103 damage)
   826 | D        | Noticed a vile
   826 | D        | Noticed a vile
   826 | D        | Noticed a vile
   826 | D        | Killed from afar by a wretched soul (90 damage)
                  | ... with a bolt of negative energy
   827 | D        | Killed from afar by a vile (104 damage)
                  | ... with a foul vapour
   828 | D        | Noticed a vile
   828 | D        | Annihilated by a vile
                  | ... wielding a +0 flail
                  | (147 damage)
   829 | D        | Noticed a vile
   829 | D        | Annihilated by a vile
                  | ... wielding a +0 mace
                  | (120 damage)
   829 | D        | Annihilated by a vile
                  | ... wielding a +0 mace
                  | (87 damage)
   829 | D        | Annihilated by a vile
                  | ... wielding a +0 morningstar
                  | (135 damage)
   829 | D        | Noticed a vile
   830 | D        | Killed a vile
   830 | D        | Killed a vile
   830 | D        | Killed a vile
   830 | D        | Killed a vile
   830 | D        | Killed a vile
   830 | D        | Killed a vile
   830 | D        | Killed a vile
   830 | D        | Killed a vile
   830 | D        | Mangled by a vile
                  | ... wielding a +0 flail
                  | (90 damage)
   831 | D        | Killed a vile
   831 | D        | Killed a vile
   831 | D        | Killed a vile
   831 | D        | Killed a tyrant
   831 | D        | Killed a vile
   831 | D        | Noticed a vile
   832 | D        | Noticed a vile
   832 | D        | Noticed a vile
   832 | D        | Noticed a vile
   832 | D        | Noticed a vile
   832 | D        | Noticed a vile
   833 | D        | Succumbed to poison (dark miasma)
   833 | D        | Noticed a vile
   833 | D        | Noticed a vile
   833 | D        | Demolished by a vile
                  | ... wielding a +0 flail
                  | (114 damage)
   834 | D        | Killed a vile
   834 | D        | Killed a vile
   834 | D        | Killed a vile
   834 | D        | Killed a vile
   835 | D        | Noticed a vile
   835 | D        | Noticed a vile
   835 | D        | Noticed a vile
   835 | D        | Noticed a vile
   835 | D        | Annihilated by a vile
                  | ... wielding a +0 morningstar
                  | (127 damage)
   836 | D        | Killed a vile
   836 | D        | Killed a vile
   836 | D        | Killed a vile
   836 | D        | Noticed a vile
   836 | D        | Noticed a vile
   837 | D        | Killed a vile
   837 | D        | Killed a vile
   837 | D        | Killed a vile
   838 | D        | Noticed a vile
   838 | D        | Noticed a vile
   838 | D        | Killed from afar by a vile (70 damage)
                  | ... with a foul vapour
   838 | D        | Noticed a vile
   839 | D        | Noticed a vile
   839 | D        | Noticed a vile
   839 | D        | Annihilated by a vile
                  | ... wielding a +0 flail
                  | (83 damage)
   839 | D        | Noticed a vile
   840 | D        | Annihilated by a vile
                  | ... wielding a +0 flail
                  | (105 damage)
   840 | D        | Noticed a vile
   840 | D        | Noticed a vile
   840 | D        | Killed from afar by a vile (79 damage)
                  | ... with a foul vapour
   840 | D        | Mangled by a vile
                  | ... wielding a +0 flail
                  | (87 damage)
   841 | D        | Annihilated by a vile
                  | ... wielding a +0 flail
                  | (127 damage)
   841 | D        | Mangled by a vile
                  | ... wielding a +0 mace
                  | (95 damage)
   841 | D        | HP: 1/249 [vile/+0 mace (109)]
   842 | D        | Killed a vile
   842 | D        | Killed a vile
   842 | D        | Killed a vile
   842 | D        | Killed a vile
   842 | D        | Killed a vile
   842 | D        | Killed a vile
   843 | D        | Noticed a vile
   843 | D        | Noticed a vile
   843 | D        | Noticed a vile
   843 | D        | Annihilated by a vile
                  | ... wielding a +0 mace
                  | (154 damage)
   844 | D        | Annihilated by a vile
                  | ... wielding a +0 mace
                  | (143 damage)
   844 | D        | Demolished by a vile
                  | ... wielding a +0 mace
                  | (109 damage)
   845 | D        | Killed a vile
   845 | D        | Killed a vile
   845 | D        | Killed a vile
   845 | D        | Killed a vile
   846 | D        | Killed a vile
   846 | D        | Killed a vile
   846 | D        | Killed a vile
   846 | D        | Killed a vile
   846 | D        | HP: 2/249 [vile/+0 mace (139)]
   847 | D        | Killed a vile
   847 | D        | Killed a vile
   847 | D        | Killed a vile
   847 | D        | Noticed a vile
   848 | D        | Noticed a vile
   848 | D        | Noticed a vile
   848 | D        | Annihilated by a vile
                  | ... wielding a +0 mace
                  | (140 damage)
   850 | D        | Noticed a vile
   850 | D        | Annihilated by a vile
                  | ... wielding a +0 dire flail
                  | (125 damage)
   850 | D        | Annihilated by a vile
                  | ... wielding a +0 mace
                  | (102 damage)
   850 | D        | Annihilated by a vile
                  | ... wielding a +0 flail
                  | (129 damage)
   851 | D        | Killed a vile
   851 | D        | Killed a vile
   851 | D        | Killed a vile
   851 | D        | Killed a vile
   851 | D        | Killed a vile
   852 | D        | Noticed a vile
   853 | D        | Killed a vile
   855 | D        | Noticed a vile
   855 | D        | HP: 9/249 [vile/foul vapour (66)]
   856 | D        | Succumbed to a vile's foul vapour
   856 | D        | Annihilated by a vile
                  | ... wielding a +0 flail
                  | (154 damage)
   857 | D        | Annihilated by a vile
                  | ... wielding a +0 flail
                  | (114 damage)
   858 | D        | Annihilated by a vile
                  | ... wielding a +0 flail
                  | (153 damage)
   859 | D        | Noticed a vile
   859 | D        | Noticed a vile
   860 | D        | HP: 12/249 [vile/foul vapour (93)]
   860 | D        | Slain by a vile
                  | ... wielding a +0 mace
                  | (12 damage)
   860 | D        | Demolished by a vile
                  | ... wielding a +0 mace
                  | (143 damage)
   860 | D        | Annihilated by a vile
                  | ... wielding a +0 flail
                  | (118 damage)
   861 | D        | Annihilated by a vile
                  | ... wielding a +0 mace
                  | (103 damage)
   862 | D        | Noticed a vile
   863 | D        | Killed a vile
   863 | D        | Killed a vile
   863 | D        | Killed a vile
   864 | D        | Noticed a vile
   864 | D        | Noticed a vile
   864 | D        | Noticed a vile
   864 | D        | Noticed a vile
   865 | D        | Killed a vile
   866 | D        | Succumbed to a vile's dark miasma
   866 | D        | Noticed a vile
   866 | D        | Killed from afar by a vile (57 damage)
                  | ... with a foul vapour
   867 | D        | Noticed a vile
   869 | D        | HP: 4/249 [vile/damnation (33)]
   869 | D        | Killed from afar by a vile (60 damage)
                  | ... with a foul vapour
   869 | D        | Noticed a vile
   870 | D        | Killed a vile
   871 | D        | Killed from afar by a vile (71 damage)
                  | ... with a foul vapour
   871 | D        | Noticed a vile
   872 | D        | Killed a vile
   872 | D        | Killed a vile
   872 | D        | Killed a vile
   872 | D        | Killed a vile
   872 | D        | Noticed a vile
   872 | D        | Noticed a vile
   872 | D        | Noticed a vile
   873 | D        | Annihilated by a vile
                  | ... wielding a +0 morningstar
                  | (133 damage)
   874 | D        | Killed a vile
   874 | D        | Killed a vile
   876 | D        | Killed a vile
   876 | D        | Killed a vile
   876 | D        | Killed a vile
   876 | D        | Killed a vile
   877 | D        | Noticed a vile
   877 | D        | Noticed a vile
   877 | D        | Noticed a vile
   878 | D        | Noticed a vile
   878 | D        | Noticed a vile
   879 | D        | Noticed a vile
   880 | D        | Killed a vile
   880 | D        | Noticed a vile
   881 | D        | Killed from afar by a vile (25 damage)
                  | ... with damnation
   881 | D        | Noticed a vile
   881 | D        | Noticed a vile
   881 | D        | Noticed a vile
   881 | D        | Noticed a vile
   882 | D        | Noticed a vile
   883 | D        | Killed a vile
   883 | D        | Killed a vile
   883 | D        | Noticed a vile
   883 | D        | Noticed a vile
   884 | D        | Noticed a vile
   884 | D        | Annihilated by a vile
                  | ... wielding a +0 mace
                  | (142 damage)
   886 | D        | Annihilated by a vile
                  | ... wielding a +0 mace
                  | (107 damage)
   887 | D        | Killed a vile
   887 | D        | Killed a vile
   887 | D        | Killed a vile
   888 | D        | Killed a vile
   889 | D        | Annihilated by a vile
                  | ... wielding a +0 flail
                  | (108 damage)
   889 | D        | Annihilated by a vile
                  | ... wielding a +0 flail
                  | (122 damage)
   890 | D        | Killed a vile
   890 | D        | Killed a vile
   890 | D        | Killed a vile
   890 | D        | Killed a vile
   890 | D        | Killed a vile
   891 | D        | Killed a vile
   891 | D        | Killed a vile
   893 | D        | Noticed a vile
   893 | D        | HP: 11/249 [vile/+0 flail (7)]
   893 | D        | Annihilated by a vile
                  | ... wielding a +0 flail
                  | (99 damage)
   894 | D        | HP: 2/249 [vile/+0 flail (82)]
   894 | D        | Demolished by a vile
                  | ... wielding a +0 morningstar
                  | (20 damage)
   894 | D        | Mangled by a vile
                  | ... wielding a +0 flail
                  | (148 damage)
   895 | D        | Killed a vile
   895 | D        | Killed a vile
   897 | D        | Noticed a vile
   897 | D        | Noticed a vile
   898 | D        | Noticed a vile
   898 | D        | Noticed a vile
   898 | D        | Noticed a vile
   899 | D        | Noticed a vile
   899 | D        | Noticed a vile
   899 | D        | Noticed a vile
   899 | D        | Noticed a vile
   899 | D        | Noticed a vile
   899 | D        | Noticed a vile
   900 | D        | HP: 7/249 [poisoned by a vile (dark miasma)]
   900 | D        | Noticed a vile
   901 | D        | Slain by a vile
                  | ... wielding a +0 mace
                  | (8 damage)
   901 | D        | Noticed a vile
   903 | D        | Annihilated by a vile
                  | ... wielding a +0 mace
                  | (90 damage)
   903 | D        | Mangled by a vile
                  | ... wielding a +0 mace
                  | (84 damage)
   904 | D        | Killed a vile
   904 | D        | Killed a vile
   904 | D        | Killed a vile
   904 | D        | Killed a vile
   904 | D        | Annihilated by a vile
                  | ... wielding a +0 morningstar
                  | (146 damage)
   905 | D        | Killed a vile
   905 | D        | Killed a vile
   905 | D        | Killed a vile
   905 | D        | Killed a vile
   906 | D        | Noticed a vile
   906 | D        | Noticed a vile
   906 | D        | Noticed a vile
   906 | D        | Annihilated by a vile
                  | ... wielding a +0 mace
                  | (156 damage)
   907 | D        | Noticed a vile
   907 | D        | Noticed a vile
   907 | D        | Annihilated by a vile
                  | ... wielding a +0 flail
                  | (117 damage)
   908 | D        | Killed from afar by a vile (108 damage)
                  | ... with a foul vapour
   908 | D        | Noticed a vile
   908 | D        | Noticed a vile
   908 | D        | Killed from afar by a vile (50 damage)
                  | ... with a foul vapour
   909 | D        | Noticed a vile
   909 | D        | Succumbed to a vile's foul vapour
   909 | D        | Noticed a vile
   909 | D        | Annihilated by a vile
                  | ... wielding a +0 flail
                  | (154 damage)
   910 | D        | Killed a vile
   910 | D        | Killed a vile
   910 | D        | Killed a vile
   910 | D        | Killed a vile
   910 | D        | Killed a vile
   910 | D        | Killed a vile
   910 | D        | Killed a vile
   910 | D        | Noticed a vile
   911 | D        | HP: 10/249 [vile] (12)]
   911 | D        | Succumbed to a vile's dark miasma
   911 | D        | Noticed a vile
   911 | D        | Noticed a vile
   911 | D        | Noticed a vile
   912 | D        | Noticed a vile
   913 | D        | Slain by a vile
                  | ... wielding a +0 mace
                  | (139 damage)
   913 | D        | Noticed a vile
   913 | D        | Noticed a vile
   913 | D        | Annihilated by a vile
                  | ... wielding a +0 flail
                  | (113 damage)
   915 | D        | Noticed a vile
   915 | D        | Killed a vile
   915 | D        | Killed a vile
   915 | D        | Killed a vile
   915 | D        | Killed a vile
   915 | D        | Killed a vile
   915 | D        | Killed a vile
   915 | D        | Killed a vile
   915 | D        | Noticed a vile
   915 | D        | Noticed a vile
   915 | D        | Noticed a vile
   916 | D        | Killed a vile
   916 | D        | Killed a vile
   916 | D        | Killed a vile
   916 | D        | Noticed a vile
   917 | D        | Killed a vile
   917 | D        | Killed a vile
   917 | D        | Killed a vile
   918 | D        | Noticed a vile
   918 | D        | Killed from afar by a vile (65 damage)
                  | ... with a foul vapour
   918 | D        | Noticed a vile
   918 | D        | Noticed a vile
   919 | D        | Noticed a vile
   919 | D        | Demolished by a vile
                  | ... wielding a +0 flail
                  | (131 damage)
   919 | D        | Noticed a vile
   919 | D        | Noticed a vile
   919 | D        | Noticed a vile
   919 | D        | Annihilated by a vile
                  | ... wielding a +0 mace
                  | (121 damage)
   919 | D        | Noticed a vile
   920 | D        | Noticed a vile
   920 | D        | HP: 11/249 [vile/foul vapour (72)]
   920 | D        | Slain by a vile
                  | ... wielding a +0 mace
                  | (13 damage)
   920 | D        | Noticed a vile
   920 | D        | Noticed a vile
   921 | D        | Killed a vile
   921 | D        | Killed a vile
   921 | D        | Killed a vile
   921 | D        | Killed a vile
   921 | D        | Killed a vile
   921 | D        | Killed a vile
   921 | D        | Killed a vile
   921 | D        | Noticed a vile
   921 | D        | Noticed a vile
   922 | D        | Noticed a vile
   922 | D        | Noticed a vile
   922 | D        | Noticed a vile
   922 | D        | Noticed a vile
   922 | D        | Noticed a vile
   923 | D        | Noticed a vile
   923 | D        | HP: 2/249 [vile/+0 morningstar (19)]
   923 | D        | Annihilated by a vile
                  | ... wielding a +0 morningstar
                  | (87 damage)
   923 | D        | Noticed a vile
   923 | D        | Noticed a vile
   924 | D        | Killed a vile
   924 | D        | Killed a vile
   924 | D        | Killed a vile
   924 | D        | Killed a vile
   924 | D        | Killed a vile
   924 | D        | Killed a vile
   924 | D        | Noticed a vile
   924 | D        | Noticed a vile
   924 | D        | Noticed a vile
   925 | D        | Killed a vile
   925 | D        | Killed a vile
   925 | D        | Killed a vile
   925 | D        | Noticed a vile
   925 | D        | Annihilated by a vile
                  | ... wielding a +0 mace
                  | (150 damage)
   925 | D        | Noticed a vile
   925 | D        | Noticed a vile
   926 | D        | Killed a vile
   926 | D        | Killed a vile
   926 | D        | Noticed a vile
   926 | D        | Noticed a vile
   927 | D        | Killed a vile
   927 | D        | Killed a vile
   927 | D        | Killed a vile
   927 | D        | Noticed a vile
   927 | D        | Noticed a vile
   927 | D        | Noticed a vile
   928 | D        | Noticed a vile
   928 | D        | Noticed a vile
   928 | D        | Noticed a vile
   928 | D        | HP: 3/249 [poison (dark miasma)]
   928 | D        | Killed from afar by a vile (68 damage)
                  | ... with a foul vapour
   928 | D        | Noticed a vile
   928 | D        | Annihilated by a vile
                  | ... wielding a +0 mace
                  | (113 damage)
   928 | D        | Noticed a vile
   928 | D        | Noticed a vile
   929 | D        | Killed a vile
   929 | D        | Killed a vile
   929 | D        | Killed a vile
   929 | D        | Killed a vile
   929 | D        | Killed a vile
   929 | D        | Killed a vile
   929 | D        | Noticed a vile
   930 | D        | Killed a vile
   930 | D        | Killed a vile
   930 | D        | Killed a vile
   930 | D        | Demolished by a vile
                  | ... wielding a +0 mace
                  | (95 damage)
   930 | D        | Noticed a vile
   930 | D        | Noticed a vile
   931 | D        | Killed a vile
   931 | D        | Killed a vile
   931 | D        | Killed a vile
   931 | D        | Killed a vile
   931 | D        | Killed a vile
   931 | D        | Noticed a vile
   932 | D        | Killed a vile
   932 | D        | Killed a vile
   932 | D        | Killed a vile
   932 | D        | Killed a vile
   932 | D        | Killed a vile
   932 | D        | HP: 1/249 [vile/foul vapour (67)]
   933 | D        | Killed a vile
   933 | D        | Noticed a vile
   933 | D        | Noticed a vile
   933 | D        | Noticed a vile
   933 | D        | Annihilated by a vile
                  | ... wielding a +1 morningstar of draining
                  | (95 damage)
   933 | D        | Noticed a vile
   933 | D        | Noticed a vile
   934 | D        | Killed a vile
   934 | D        | Killed a vile
   934 | D        | Noticed a vile
   934 | D        | Noticed a vile
   934 | D        | Noticed a vile
   935 | D        | Killed a vile
   935 | D        | Killed a vile
   936 | D        | Noticed a vile
   936 | D        | Killed from afar by a vile (61 damage)
                  | ... with a foul vapour
   937 | D        | Annihilated by a vile
                  | ... wielding a +0 mace
                  | (158 damage)
   937 | D        | HP: 9/249 [poisoned by a vile (dark miasma)]
   937 | D        | Noticed a vile
   937 | D        | Slain by a vile
                  | ... wielding a +0 mace
                  | (9 damage)
   937 | D        | Noticed a vile
   938 | D        | Killed a vile
   938 | D        | Killed a vile
   938 | D        | Killed a vile
   938 | D        | Killed a vile
   938 | D        | Noticed a vile
   939 | D        | Annihilated by a vile
                  | ... wielding a +0 mace
                  | (100 damage)
   939 | D        | Noticed a vile
   939 | D        | Mangled by a vile
                  | ... wielding a +0 mace
                  | (154 damage)
   940 | D        | Killed a vile
   940 | D        | Killed a vile
   940 | D        | Killed a vile
   940 | D        | Killed a vile
   940 | D        | Killed a vile
   940 | D        | Killed a vile
   941 | D        | Succumbed to poison (dark miasma)
   941 | D        | Noticed a vile
   941 | D        | Annihilated by a vile
                  | ... wielding a +0 flail
                  | (130 damage)
   942 | D        | Killed a vile
   942 | D        | Killed a vile
   942 | D        | Killed a vile
   942 | D        | Killed a vile
   942 | D        | Killed a vile
   943 | D        | Noticed a vile
   943 | D        | Annihilated by a vile
                  | ... wielding a +0 mace
                  | (126 damage)
   943 | D        | Noticed a vile
   943 | D        | Annihilated by a vile
                  | ... wielding a +0 mace
                  | (150 damage)
   944 | D        | Noticed a vile
   944 | D        | Annihilated by a vile
                  | ... wielding a +0 mace
                  | (157 damage)
   944 | D        | Noticed a vile
   944 | D        | Noticed a vile
   944 | D        | HP: 8/249 [vile/+0 flail (7)]
   944 | D        | Annihilated by a vile
                  | ... wielding a +0 flail
                  | (118 damage)
   945 | D        | Noticed a vile
   946 | D        | Killed a vile
   946 | D        | Killed a vile
   946 | D        | Killed a vile
   946 | D        | Noticed a vile
   946 | D        | Noticed a vile
   947 | D        | Noticed a vile
   947 | D        | Noticed a vile
   947 | D        | Noticed a vile
   947 | D        | Annihilated by a vile
                  | ... wielding a +1 flail of holy wrath
                  | (131 damage)
   948 | D        | Noticed a vile
   948 | D        | Annihilated by a vile
                  | ... wielding a +1 flail of holy wrath
                  | (118 damage)
   949 | D        | Noticed a vile
   949 | D        | Annihilated by a vile
                  | ... wielding a +0 mace
                  | (94 damage)
   949 | D        | Noticed a vile
   949 | D        | Noticed a vile
   949 | D        | Annihilated by a vile
                  | ... wielding a +0 morningstar
                  | (132 damage)
   950 | D        | Killed a vile
   950 | D        | Killed a vile
   950 | D        | Killed a vile
   950 | D        | Killed a vile
   950 | D        | Noticed a vile
   952 | D        | Killed a vile
   952 | D        | Killed a vile
   952 | D        | Killed a vile
   952 | D        | Killed a vile
   952 | D        | Killed a vile
   952 | D        | Noticed a vile
   952 | D        | Noticed a vile
   952 | D        | Noticed a vile
   953 | D        | Killed from afar by a vile (38 damage)
                  | ... with damnation
   953 | D        | Noticed a vile
   954 | D        | Noticed a vile
   954 | D        | Noticed a vile
   954 | D        | Noticed a vile
   954 | D        | Noticed a vile
   955 | D        | Noticed a vile
   955 | D        | Annihilated by a vile
                  | ... wielding a +0 dire flail of protection
                  | (97 damage)
   955 | D        | Noticed a vile
   955 | D        | Noticed a dread
   956 | D        | Killed a vile
   956 | D        | Killed a vile
   956 | D        | Killed a vile
   956 | D        | Killed a vile
   956 | D        | Killed a vile
   956 | D        | Noticed a vile
   957 | D        | Noticed a vile
   957 | D        | HP: 8/249 [vile/damnation (23)]
   958 | D        | HP: 2/249 [something (6)]
   958 | D        | Succumbed to poison (dark miasma)
   958 | D        | Slain by a vile
                  | ... wielding a +0 mace
                  | (14 damage)
   958 | D        | Annihilated by a vile
                  | ... wielding a +0 flail
                  | (116 damage)
   959 | D        | Killed a vile
   959 | D        | Killed a vile
   959 | D        | Killed a vile
   959 | D        | Killed a vile
   959 | D        | Killed a vile
   959 | D        | Killed a vile
   959 | D        | Killed a vile
   959 | D        | Noticed a vile
   959 | D        | Noticed a vile
   960 | D        | Killed a vile
   960 | D        | Killed a vile
   960 | D        | Killed a vile
   960 | D        | Killed a vile
   960 | D        | Killed a vile
   960 | D        | Noticed a vile
   961 | D        | Noticed a vile
   961 | D        | Noticed a vile
   961 | D        | Noticed a vile
   961 | D        | Annihilated by a vile
                  | ... wielding a +0 flail
                  | (112 damage)
   962 | D        | Killed a dread
   962 | D        | Killed a vile
   962 | D        | Killed a vile
   963 | D        | Noticed a vile
   963 | D        | Noticed a vile
   963 | D        | Noticed a vile
   963 | D        | Noticed a vile
   963 | D        | Noticed a vile
   963 | D        | Noticed a vile
   963 | D        | Killed from afar by a vile (33 damage)
                  | ... with damnation
   963 | D        | Noticed a vile
   964 | D        | Noticed a vile
   964 | D        | Slain by a vile
                  | ... wielding a +0 flail
                  | (114 damage)
   964 | D        | Noticed a vile
   965 | D        | Killed a vile
   965 | D        | Killed a vile
   965 | D        | Killed a vile
   965 | D        | Noticed a vile
   965 | D        | Noticed a vile
   966 | D        | Killed a vile
   966 | D        | Noticed a vile
   966 | D        | Noticed a vile
   966 | D        | Noticed a vile
   967 | D        | Killed a vile
   967 | D        | Killed a vile
   967 | D        | Killed a vile
   967 | D        | Killed a vile
   967 | D        | Noticed a vile
   967 | D        | Noticed a vile
   968 | D        | Noticed a vile
   968 | D        | Noticed a vile
   968 | D        | Slain by a vile
                  | ... wielding a +0 flail
                  | (13 damage)
   968 | D        | Noticed a vile
   968 | D        | Noticed a vile
   968 | D        | HP: 1/249 [vile/+0 morningstar (146)]
   968 | D        | Killed from afar by a wretched soul (23 damage)
                  | ... with a bolt of negative energy
   969 | D        | Killed from afar by a vile (95 damage)
                  | ... with a foul vapour
   969 | D        | Noticed a vile
   969 | D        | Annihilated by a vile
                  | ... wielding a +0 morningstar
                  | (135 damage)
   970 | D        | Annihilated by a vile
                  | ... wielding a +0 flail
                  | (114 damage)
   970 | D        | Demolished by a vile
                  | ... wielding a +0 morningstar
                  | (91 damage)
   970 | D        | Annihilated by a vile
                  | ... wielding a +0 mace
                  | (153 damage)
   970 | D        | Noticed a vile
   970 | D        | Noticed a vile
   970 | D        | Annihilated by a vile
                  | ... wielding a +0 flail
                  | (158 damage)
   970 | D        | Noticed a vile
   970 | D        | Annihilated by a vile
                  | ... wielding a +0 mace
                  | (103 damage)
   971 | D        | Killed a vile
   971 | D        | Killed a vile
   971 | D        | Killed a vile
   971 | D        | Killed a vile
   971 | D        | Killed a vile
   971 | D        | Killed a vile
   971 | D        | Killed a vile
   971 | D        | Killed a vile
   971 | D        | Noticed a vile
   972 | D        | Killed a vile
   972 | D        | Killed a vile
   972 | D        | Killed a vile
   972 | D        | Killed from afar by a vile (82 damage)
                  | ... with a foul vapour
   973 | D        | Killed a vile
   973 | D        | Killed a vile
   973 | D        | Killed a vile
   973 | D        | Annihilated by a vile
                  | ... wielding a +0 flail
                  | (132 damage)
   974 | D        | Killed a vile
   974 | D        | Killed a vile
   974 | D        | Killed a vile
   974 | D        | Killed a vile
   974 | D        | Noticed a vile
   975 | D        | Noticed a vile
   975 | D        | Noticed a vile
   975 | D        | HP: 10/249 [vile/+0 flail (17)]
   975 | D        | Annihilated by a vile
                  | ... wielding a +0 flail
                  | (126 damage)
   976 | D        | Killed a vile
   976 | D        | Killed a vile
   976 | D        | Killed a vile
   976 | D        | Killed a vile
   976 | D        | Killed a vile
   976 | D        | Noticed a vile
   976 | D        | Noticed a vile
   977 | D        | Noticed a vile
   977 | D        | Noticed a vile
   977 | D        | Noticed a vile
   977 | D        | Noticed a vile
   977 | D        | Noticed a vile
   977 | D        | Noticed a vile
   977 | D        | Noticed a vile
   978 | D        | Noticed a vile
   978 | D        | Noticed a vile
   978 | D        | Noticed a destroyer
   978 | D        | Noticed a vile
   978 | D        | Noticed a vile
   978 | D        | Noticed a vile
   979 | D        | Killed a vile
   979 | D        | Killed a vile
   979 | D        | Killed a destroyer
   979 | D        | Noticed a vile
   979 | D        | Noticed a vile
   979 | D        | Noticed a vile
   979 | D        | Noticed a vile
   979 | D        | Noticed a vile
   979 | D        | Noticed a vile
   980 | D        | Killed a vile
   980 | D        | Noticed a vile
   980 | D        | Noticed a vile
   981 | D        | Killed a vile
   981 | D        | Killed a vile
   981 | D        | Killed from afar by a vile (29 damage)
                  | ... with damnation
   981 | D        | Noticed a vile
   981 | D        | Noticed a vile
   981 | D        | Noticed a vile
   981 | D        | Noticed a vile
   982 | D        | HP: 11/249 [vile/+0 dire flail (22)]
   982 | D        | Annihilated by a vile
                  | ... wielding a +0 dire flail
                  | (128 damage)
   982 | D        | Noticed a vile
   982 | D        | Noticed a vile
   983 | D        | Killed a vile
   983 | D        | Killed a vile
   983 | D        | Killed a vile
   983 | D        | Killed a vile
   983 | D        | Killed a vile
   983 | D        | Killed a vile
   983 | D        | Noticed a vile
   983 | D        | Noticed a vile
   983 | D        | Noticed a vile
   984 | D        | Succumbed to a vile's foul vapour
   984 | D        | Annihilated by a vile
                  | ... wielding a +0 mace
                  | (132 damage)
   984 | D        | Noticed a vile
   984 | D        | Killed from afar by a vile (80 damage)
                  | ... with a foul vapour
   985 | D        | Killed a vile
   985 | D        | Killed a vile
   985 | D        | Killed a vile
   985 | D        | Killed a vile
   985 | D        | Killed a vile
   985 | D        | Noticed a vile
   985 | D        | Slain by a vile
                  | ... wielding a +0 flail
                  | (100 damage)
   986 | D        | Killed a vile
   986 | D        | Killed a vile
   986 | D        | Killed a vile
   986 | D        | Killed a vile
   986 | D        | Killed a vile
   986 | D        | Noticed a vile
   986 | D        | Noticed a fleshlord
   986 | D        | Killed from afar by a vile (69 damage)
                  | ... with a foul vapour
   987 | D        | Killed a vile
   987 | D        | Killed a vile
   987 | D        | Killed a vile
   987 | D        | Killed a vile
   987 | D        | Killed a vile
   987 | D        | Killed a vile
   987 | D        | Noticed a vile
   987 | D        | Noticed a vile
   987 | D        | Noticed a vile
   987 | D        | Noticed a vile
   988 | D        | Slain by a vile
                  | ... wielding a +4 mace
                  | (17 damage)
   988 | D        | Annihilated by a vile
                  | ... wielding a +0 flail
                  | (132 damage)
   988 | D        | Noticed a vile
   988 | D        | Noticed a vile
   988 | D        | Slain by a vile
                  | ... wielding a +0 morningstar
                  | (82 damage)
   988 | D        | Noticed a vile
   988 | D        | Noticed a vile
   989 | D        | Killed a vile
   989 | D        | Killed a vile
   989 | D        | Killed a vile
   989 | D        | Killed a vile
   989 | D        | Killed a vile
   989 | D        | Killed a vile
   989 | D        | Noticed a vile
   989 | D        | Noticed a vile
   989 | D        | Noticed a vile
   990 | D        | Killed a vile
   990 | D        | Killed a vile
   990 | D        | Noticed a vile
   991 | D        | Noticed a vile
   991 | D        | Noticed a vile
   991 | D        | Noticed a vile
   991 | D        | Noticed a vile
   991 | D        | Noticed a vile
   991 | D        | Annihilated by a vile
                  | ... wielding a +0 mace
                  | (116 damage)
   992 | D        | Annihilated by a vile
                  | ... wielding a +0 morningstar
                  | (132 damage)
   992 | D        | Noticed a vile
   992 | D        | Noticed a vile
   992 | D        | Annihilated by a vile
                  | ... wielding a +0 morningstar
                  | (146 damage)
   992 | D        | Noticed a vile
   992 | D        | Annihilated by a vile
                  | ... wielding a +0 morningstar
                  | (147 damage)
   993 | D        | Killed a vile
   993 | D        | Killed a vile
   993 | D        | Killed a vile
   993 | D        | Killed a vile
   993 | D        | Killed a vile
   993 | D        | Killed a vile
   993 | D        | Noticed a vile
   993 | D        | Noticed a vile
   993 | D        | Annihilated by a vile
                  | ... wielding a +0 morningstar
                  | (149 damage)
   994 | D        | Annihilated by a fleshlord
                  | ... wielding a +9 great mace
                  | (315 damage)
   994 | D        | Noticed a vile
   994 | D        | Noticed a vile
   994 | D        | Killed from afar by a vile (77 damage)
                  | ... with a foul vapour
   994 | D        | Noticed a vile
   994 | D        | Noticed a vile
   994 | D        | Killed from afar by a vile (84 damage)
                  | ... with a foul vapour
   995 | D        | Killed a vile
   995 | D        | Killed a vile
   995 | D        | Killed a vile
   995 | D        | Killed a vile
   995 | D        | Killed a vile
   995 | D        | Killed a vile
   995 | D        | Killed a vile
   995 | D        | Noticed a vile
   995 | D        | Noticed a vile
   995 | D        | Killed from afar by a vile (108 damage)
                  | ... with a foul vapour
   996 | D        | Killed a vile
   996 | D        | Killed a vile
   996 | D        | Killed a vile
   996 | D        | Killed a vile
   996 | D        | Killed a vile
   996 | D        | Noticed a vile
   996 | D        | Noticed a vile
   996 | D        | Noticed a vile
   997 | D        | Noticed a vile
   997 | D        | Killed a vile
   997 | D        | Killed a vile
   997 | D        | Killed a fleshlord
   997 | D        | Noticed a vile
   998 | D        | Noticed a vile
   998 | D        | Noticed a vile
   998 | D        | Annihilated by a vile
                  | ... wielding a +0 flail
                  | (97 damage)
   998 | D        | Noticed a vile
   998 | D        | Noticed a vile
   998 | D        | Noticed a vile
   999 | D        | Annihilated by a vile
                  | ... wielding a +0 flail
                  | (154 damage)
   999 | D        | Noticed a vile
   999 | D        | Noticed a vile
   999 | D        | Noticed a vile
   999 | D        | Noticed a vile
   999 | D        | Noticed a vile
   999 | D        | Annihilated by a vile
                  | ... wielding a +0 flail
                  | (135 damage)
   999 | D        | Annihilated by a vile
                  | ... wielding a +0 mace
                  | (83 damage)
  1000 | D        | Killed a vile
  1000 | D        | Killed a vile
  1000 | D        | Killed a vile
  1000 | D        | Killed a vile
  1000 | D        | Killed a vile
  1000 | D        | Killed a vile
  1000 | D        | HP: 11/249 [vile/+0 flail (12)]
  1000 | D        | Annihilated by a vile
                  | ... wielding a +0 flail
                  | (102 damage)
  1001 | D        | Killed a vile
  1001 | D        | Killed a vile
  1001 | D        | Killed a vile
  1001 | D        | Killed a vile
  1001 | D        | Noticed a vile
  1001 | D        | Noticed a vile
  1001 | D        | Noticed a vile
  1001 | D        | Noticed a vile
  1001 | D        | Annihilated by a vile
                  | ... wielding a +0 flail
                  | (156 damage)
  1002 | D        | Killed a vile
  1002 | D        | Killed a vile
  1002 | D        | Killed a vile
  1002 | D        | Noticed a vile
  1002 | D        | Noticed a vile
  1003 | D        | Annihilated by a vile
                  | ... wielding a +0 mace
                  | (85 damage)
  1003 | D        | Noticed a vile
  1003 | D        | Noticed a vile
  1003 | D        | Noticed a vile
  1004 | D        | Killed a vile
  1004 | D        | Killed a vile
  1004 | D        | Killed a vile
  1004 | D        | Killed a vile
  1004 | D        | Killed a vile
  1004 | D        | Killed a vile
  1004 | D        | Killed a vile
  1004 | D        | Noticed a vile
  1004 | D        | Noticed a vile
  1004 | D        | Noticed a vile
  1004 | D        | Annihilated by a vile
                  | ... wielding a +0 mace
                  | (86 damage)
  1005 | D        | Killed a vile
  1005 | D        | Killed a vile
  1005 | D        | Killed a vile
  1005 | D        | Killed a vile
  1005 | D        | Noticed a vile
  1005 | D        | Noticed a vile
  1006 | D        | Noticed a vile
  1006 | D        | Noticed a vile
  1006 | D        | Noticed a vile
  1006 | D        | Noticed a vile
  1006 | D        | Noticed a vile
  1006 | D        | Noticed a vile
  1006 | D        | Noticed a vile
  1006 | D        | Killed from afar by a vile (94 damage)
                  | ... with a foul vapour
  1006 | D        | Noticed a vile
  1006 | D        | Noticed a vile
  1006 | D        | Noticed a vile
  1006 | D        | Noticed a vile
  1006 | D        | Noticed a vile
  1006 | D        | Noticed a vile
  1007 | D        | Killed a vile
  1007 | D        | Killed a vile
  1007 | D        | Killed a vile
  1007 | D        | Killed a vile
  1007 | D        | Noticed a vile
  1007 | D        | Noticed a vile
  1007 | D        | Annihilated by a vile
                  | ... wielding a +0 mace of holy wrath
                  | (120 damage)
  1007 | D        | Noticed a vile
  1007 | D        | Noticed a vile
  1008 | D        | Noticed a vile
  1008 | D        | Noticed a vile
  1008 | D        | Annihilated by a vile
                  | ... wielding a +0 mace of holy wrath
                  | (150 damage)
  1008 | D        | Noticed a destroyer
  1009 | D        | Annihilated by a vile
                  | ... wielding a +0 heavy mace
                  | (116 damage)
  1009 | D        | Noticed a vile
  1010 | D        | Killed a vile
  1010 | D        | Killed a vile
  1010 | D        | Killed a vile
  1010 | D        | Killed a vile
  1010 | D        | Killed a vile
  1010 | D        | Noticed a vile
  1010 | D        | Noticed a vile
  1010 | D        | Noticed a vile
  1011 | D        | Noticed a vile
  1011 | D        | Noticed a vile
  1011 | D        | Succumbed to a vile's dark miasma
  1011 | D        | Noticed a vile
  1011 | D        | HP: 12/249 [destroyer/+9 heavy great sword (237)]
  1011 | D        | Noticed a vile
  1011 | D        | Annihilated by a vile
                  | ... wielding a +0 flail
                  | (145 damage)
  1011 | D        | Noticed a vile
  1011 | D        | Annihilated by a vile
                  | ... wielding a +0 mace
                  | (144 damage)
  1011 | D        | Noticed a vile
  1012 | D        | HP: 2/249 [vile/+0 mace (134)]
  1012 | D        | Mangled by a vile
                  | ... wielding a +0 flail
                  | (12 damage)
  1012 | D        | Noticed a vile
  1012 | D        | Noticed a vile
  1012 | D        | Annihilated by a destroyer
                  | ... wielding a +9 heavy great sword
                  | (161 damage)
  1012 | D        | Noticed a vile
  1012 | D        | Noticed a vile
  1012 | D        | Noticed a vile
  1012 | D        | Noticed a vile
  1013 | D        | Killed a vile
  1013 | D        | Killed a vile
  1013 | D        | Killed a vile
  1013 | D        | Killed a vile
  1013 | D        | Killed a destroyer
  1013 | D        | Killed a vile
  1013 | D        | Killed a vile
  1013 | D        | Noticed a vile
  1013 | D        | Noticed a vile
  1013 | D        | Noticed a vile
  1013 | D        | Noticed a vile
  1013 | D        | Noticed a vile
  1014 | D        | Killed a vile
  1014 | D        | Killed a vile
  1014 | D        | Killed a vile
  1014 | D        | Killed a vile
  1014 | D        | Killed a vile
  1014 | D        | Noticed a vile
  1014 | D        | Noticed a vile
  1014 | D        | Noticed a vile
  1014 | D        | Noticed a vile
  1014 | D        | Noticed a vile
  1014 | D        | Noticed a vile
  1014 | D        | Noticed a vile
  1015 | D        | Killed a vile
  1015 | D        | Killed a vile
  1015 | D        | Killed a vile
  1015 | D        | Killed a vile
  1015 | D        | Killed a vile
  1015 | D        | Killed a vile
  1015 | D        | Noticed a vile
  1015 | D        | Noticed a vile
  1015 | D        | Noticed a vile
  1015 | D        | Noticed a vile
  1015 | D        | Noticed a vile
  1015 | D        | Noticed a vile
  1015 | D        | Annihilated by a vile
                  | ... wielding a +0 flail
                  | (104 damage)
  1016 | D        | Noticed a vile
  1016 | D        | Annihilated by a vile
                  | ... wielding a +0 mace
                  | (100 damage)
  1017 | D        | Killed a vile
  1017 | D        | Killed a vile
  1017 | D        | Killed a vile
  1017 | D        | Killed a vile
  1017 | D        | Noticed a vile
  1018 | D        | Killed a vile
  1018 | D        | Killed a vile
  1018 | D        | Killed a vile
  1018 | D        | Killed a vile
  1018 | D        | Annihilated by a vile
                  | ... wielding a +1 mace of holy wrath
                  | (110 damage)
  1018 | D        | Noticed a vile
  1019 | D        | Killed a vile
  1019 | D        | Killed a vile
  1019 | D        | Killed a vile
  1019 | D        | Killed a vile
  1019 | D        | Killed a vile
  1019 | D        | Killed a vile
  1019 | D        | Noticed a vile
  1019 | D        | Noticed a vile
  1019 | D        | Noticed a vile
  1019 | D        | Noticed a vile
  1020 | D        | Mangled by a vile
                  | ... wielding a +0 dire flail
                  | (85 damage)
  1020 | D        | Noticed a vile
  1020 | D        | Noticed a vile
  1020 | D        | Noticed a vile
  1020 | D        | Demolished by a vile
                  | ... wielding a +0 mace
                  | (94 damage)
  1020 | D        | Noticed a vile
  1021 | D        | Killed a vile
  1021 | D        | Killed a vile
  1021 | D        | Killed a vile
  1021 | D        | Killed a vile
  1021 | D        | Killed a vile
  1021 | D        | Killed a vile
  1021 | D        | Noticed a vile
  1022 | D        | Killed a vile
  1022 | D        | Killed a vile
  1022 | D        | Killed a vile
  1022 | D        | Killed a vile
  1022 | D        | Killed a vile
  1022 | D        | Killed a vile
  1022 | D        | Killed a vile
  1023 | D        | Killed a vile
  1023 | D        | Killed a vile
  1023 | D        | Killed a vile
  1023 | D        | Killed a vile
  1023 | D        | Killed a vile
  1023 | D        | Killed a vile
  1023 | D        | Noticed a vile
  1023 | D        | Noticed a vile
  1024 | D        | Killed a vile
  1024 | D        | Killed a vile
  1024 | D        | Killed a vile
  1024 | D        | Killed a vile
  1024 | D        | Noticed a vile
  1024 | D        | Noticed a vile
  1025 | D        | Noticed a vile
  1025 | D        | Noticed a vile
  1025 | D        | Annihilated by a vile
                  | ... wielding a +0 morningstar
                  | (104 damage)
  1026 | D        | Noticed a vile
  1026 | D        | HP: 2/249 [vile/+0 mace (98)]
  1026 | D        | Demolished by a vile
                  | ... wielding a +0 morningstar
                  | (18 damage)
  1026 | D        | Annihilated by a vile
                  | ... wielding a +0 flail
                  | (153 damage)
  1027 | D        | Killed a vile
  1027 | D        | Killed a vile
  1027 | D        | Killed a vile
  1027 | D        | Killed a vile
  1027 | D        | Killed a vile
  1027 | D        | Noticed a vile
  1028 | D        | Killed a vile
  1028 | D        | Killed a vile
  1028 | D        | Killed a vile
  1028 | D        | Killed a vile
  1028 | D        | Killed a vile
  1028 | D        | Noticed a vile
  1028 | D        | Noticed a vile
  1029 | D        | Killed from afar by a vile (28 damage)
                  | ... with damnation
  1029 | D        | Noticed a vile
  1030 | D        | Killed a vile
  1030 | D        | Killed a vile
  1030 | D        | Killed a vile
  1030 | D        | Noticed a vile
  1030 | D        | Noticed a vile
  1031 | D        | Killed a vile
  1031 | D        | Killed a vile
  1031 | D        | Killed a vile
  1031 | D        | Killed a vile
  1032 | D        | Killed from afar by a vile (65 damage)
                  | ... with a foul vapour
  1032 | D        | Annihilated by a vile
                  | ... wielding a +0 morningstar
                  | (145 damage)
  1032 | D        | Killed from afar by a vile (96 damage)
                  | ... with a foul vapour
  1033 | D        | Killed a vile
  1033 | D        | Killed a vile
  1033 | D        | Killed a vile
  1033 | D        | Killed a vile
  1033 | D        | Killed a vile
  1033 | D        | Killed a vile
  1033 | D        | Killed a vile
  1033 | D        | Killed a vile
  1033 | D        | Noticed a vile
  1033 | D        | Noticed a vile
  1034 | D        | Killed a vile
  1034 | D        | Noticed a vile
  1035 | D        | Noticed a vile
  1035 | D        | Annihilated by a vile
                  | ... wielding a +0 morningstar
                  | (144 damage)
  1036 | D        | Killed a vile
  1036 | D        | Killed a vile
  1036 | D        | Killed a vile
  1037 | D        | Noticed a vile
  1037 | D        | Noticed a vile
  1038 | D        | Killed a vile
  1038 | D        | Killed a vile
  1038 | D        | Noticed a vile
  1039 | D        | Noticed a vile
  1040 | D        | Killed a vile
  1040 | D        | Killed a vile
  1040 | D        | Killed a vile
  1041 | D        | Noticed a vile
  1041 | D        | Noticed a vile
  1041 | D        | Noticed a vile
  1041 | D        | Noticed a vile
  1041 | D        | Noticed a vile
  1041 | D        | Noticed a vile
  1041 | D        | Noticed a vile
  1042 | D        | Killed a vile
  1042 | D        | Killed a vile
  1042 | D        | Noticed a vile
  1042 | D        | Noticed a vile
  1043 | D        | Noticed a vile
  1043 | D        | Killed from afar by a vile (31 damage)
                  | ... with damnation
  1043 | D        | Noticed a vile
  1044 | D        | Annihilated by a vile
                  | ... wielding a +0 mace
                  | (107 damage)
  1044 | D        | Noticed a vile
  1044 | D        | Noticed a vile
  1044 | D        | Noticed a vile
  1045 | D        | Succumbed to a vile's dark miasma
  1045 | D        | Noticed a vile
  1045 | D        | Noticed a vile
  1045 | D        | Annihilated by a vile
                  | ... wielding a +0 mace
                  | (90 damage)
  1046 | D        | Killed a vile
  1046 | D        | Killed a vile
  1046 | D        | Killed a vile
  1046 | D        | Killed a vile
  1046 | D        | Killed a vile
  1046 | D        | Killed a vile
  1047 | D        | HP: 7/249 [poisoned by a vile (dark miasma)]
  1047 | D        | Noticed a vile
  1047 | D        | Killed from afar by a vile (44 damage)
                  | ... with a foul vapour
  1048 | D        | Killed a vile
  1048 | D        | Killed a vile
  1048 | D        | Killed a vile
  1048 | D        | Killed a vile
  1048 | D        | Killed a vile
  1048 | D        | Killed a vile
  1048 | D        | Noticed a vile
  1048 | D        | Noticed a vile
  1049 | D        | Noticed a vile
  1049 | D        | Noticed a vile
  1049 | D        | Noticed a vile
  1049 | D        | Noticed a vile
  1049 | D        | Noticed a vile
  1049 | D        | Noticed a vile
  1049 | D        | Noticed a vile
  1049 | D        | Noticed a vile
  1049 | D        | Mangled by a vile
                  | ... wielding a +0 morningstar
                  | (11 damage)
  1049 | D        | Noticed a vile
  1049 | D        | Noticed a vile
  1049 | D        | Killed from afar by a vile (74 damage)
                  | ... with a foul vapour
  1049 | D        | Noticed a vile
  1050 | D        | Killed a vile
  1050 | D        | Killed a vile
  1050 | D        | Killed a vile
  1050 | D        | Killed a vile
  1050 | D        | Killed a vile
  1050 | D        | Noticed a vile
  1050 | D        | Noticed a vile
  1050 | D        | Noticed a vile
  1050 | D        | Killed from afar by a vile (23 damage)
                  | ... with damnation
  1050 | D        | Noticed a fleshlord
  1051 | D        | Noticed a vile
  1051 | D        | Noticed a vile
  1051 | D        | Noticed a vile
  1051 | D        | Noticed a vile
  1051 | D        | Noticed a vile
  1052 | D        | Killed a vile
  1052 | D        | Killed a vile
  1052 | D        | Killed a vile
  1052 | D        | Annihilated by a vile
                  | ... wielding a +0 flail
                  | (121 damage)
  1053 | D        | Killed a vile
  1053 | D        | Killed a vile
  1053 | D        | Killed a vile
  1053 | D        | Killed a vile
  1053 | D        | Killed a vile
  1053 | D        | Noticed a vile
  1053 | D        | Noticed a vile
  1053 | D        | Noticed a vile
  1053 | D        | Mangled by a vile
                  | ... wielding a +0 mace
                  | (90 damage)
  1054 | D        | Killed a vile
  1054 | D        | Killed a vile
  1054 | D        | Killed a vile
  1054 | D        | Killed a vile
  1054 | D        | Noticed a vile
  1055 | D        | Killed a vile
  1055 | D        | Killed a vile
  1055 | D        | Killed a vile
  1055 | D        | Killed a vile
  1055 | D        | Noticed a vile
  1055 | D        | Noticed a vile
  1055 | D        | Noticed a vile
  1055 | D        | Noticed a vile
  1055 | D        | HP: 3/249 [vile/+0 mace (126)]
  1056 | D        | Mangled by a vile
                  | ... wielding a +0 mace
                  | (9 damage)
  1056 | D        | Noticed a vile
  1056 | D        | Annihilated by a vile
                  | ... wielding a +0 flail
                  | (109 damage)
  1056 | D        | Noticed a vile
  1056 | D        | Annihilated by a vile
                  | ... wielding a +0 mace
                  | (111 damage)
  1056 | D        | Annihilated by a fleshlord
                  | ... wielding a +9 great mace
                  | (372 damage)
  1057 | D        | Killed a vile
  1057 | D        | Killed a vile
  1057 | D        | Killed a vile
  1057 | D        | Killed a vile
  1057 | D        | Killed a vile
  1057 | D        | Killed a vile
  1057 | D        | Killed a vile
  1057 | D        | Killed a fleshlord
  1057 | D        | Noticed a vile
  1057 | D        | Noticed a vile
  1057 | D        | Noticed a vile
  1058 | D        | Noticed a vile
  1058 | D        | Annihilated by a vile
                  | ... wielding a +0 mace
                  | (118 damage)
  1058 | D        | Noticed a vile
  1058 | D        | Noticed a vile
  1059 | D        | Killed a vile
  1059 | D        | Killed a vile
  1059 | D        | Killed a vile
  1059 | D        | Killed a vile
  1059 | D        | Killed a vile
  1059 | D        | Killed a vile
  1059 | D        | Killed a vile
  1059 | D        | Noticed a vile
  1060 | D        | Noticed a vile
  1060 | D        | Noticed a vile
  1060 | D        | Killed from afar by a vile (76 damage)
                  | ... with a foul vapour
  1061 | D        | Killed a vile
  1061 | D        | Killed a vile
  1061 | D        | Killed a vile
  1061 | D        | Noticed a vile
  1061 | D        | Noticed a vile
  1061 | D        | Noticed a vile
  1061 | D        | Noticed a vile
  1061 | D        | Noticed a vile
  1062 | D        | Noticed a vile
  1062 | D        | Mangled by a vile
                  | ... wielding a +2 dire flail of protection
                  | (29 damage)
  1062 | D        | Annihilated by a vile
                  | ... wielding a +0 mace
                  | (130 damage)
  1062 | D        | Annihilated by a vile
                  | ... wielding a +2 dire flail of protection
                  | (136 damage)
  1062 | D        | Noticed a vile
  1063 | D        | Killed a vile
  1063 | D        | Killed a vile
  1063 | D        | Killed a vile
  1063 | D        | Killed a vile
  1063 | D        | Killed a vile
  1063 | D        | Noticed a vile
  1063 | D        | Noticed a vile
  1064 | D        | Succumbed to a vile's dark miasma
  1064 | D        | Noticed a vile
  1064 | D        | Annihilated by a vile
                  | ... wielding a +0 morningstar
                  | (137 damage)
  1064 | D        | Noticed a vile
  1064 | D        | Noticed a vile
  1065 | D        | Noticed a vile
  1065 | D        | Noticed a vile
  1065 | D        | Noticed a vile
  1065 | D        | Noticed a vile
  1065 | D        | Noticed a vile
  1065 | D        | Demolished by a vile
                  | ... wielding a +0 mace
                  | (138 damage)
  1065 | D        | Annihilated by a vile
                  | ... wielding a +0 morningstar
                  | (116 damage)
  1066 | D        | Mangled by a vile
                  | ... wielding a +0 morningstar
                  | (159 damage)
  1066 | D        | Noticed a vile
  1066 | D        | Noticed a vile
  1066 | D        | Annihilated by a vile
                  | ... wielding a +0 morningstar
                  | (81 damage)
  1067 | D        | Noticed a vile
  1067 | D        | Mangled by a vile
                  | ... wielding a +0 mace
                  | (110 damage)
  1067 | D        | Annihilated by a vile
                  | ... wielding a +0 mace of venom
                  | (123 damage)
  1067 | D        | Annihilated by a vile
                  | ... wielding a +0 mace
                  | (147 damage)
  1067 | D        | Noticed a vile
  1067 | D        | Noticed a vile
  1067 | D        | Annihilated by a vile
                  | ... wielding a +0 mace
                  | (133 damage)
  1067 | D        | Noticed a vile
  1067 | D        | Annihilated by a vile
                  | ... wielding a +0 mace
                  | (139 damage)
  1068 | D        | Killed a vile
  1068 | D        | Killed a vile
  1068 | D        | Killed a vile
  1068 | D        | Killed a vile
  1068 | D        | Killed a vile
  1068 | D        | Killed a vile
  1068 | D        | Killed a vile
  1068 | D        | Killed a vile
  1068 | D        | Noticed a vile
  1068 | D        | Noticed a vile
  1068 | D        | Noticed a vile
  1068 | D        | Noticed a vile
  1069 | D        | Noticed a vile
  1069 | D        | Annihilated by a vile
                  | ... wielding a +0 morningstar
                  | (139 damage)
  1069 | D        | Noticed a vile
  1069 | D        | Annihilated by a vile
                  | ... wielding a +0 morningstar
                  | (85 damage)
  1069 | D        | Noticed a vile
  1069 | D        | Noticed a vile
  1069 | D        | Killed from afar by a vile (86 damage)
                  | ... with a foul vapour
  1070 | D        | Noticed a vile
  1070 | D        | Noticed a vile
  1070 | D        | Annihilated by a vile
                  | ... wielding a +0 mace
                  | (114 damage)
  1070 | D        | Noticed a vile
  1070 | D        | Noticed a vile
  1070 | D        | Annihilated by a vile
                  | ... wielding a +0 dire flail
                  | (95 damage)
  1070 | D        | Annihilated by a vile
                  | ... wielding a +0 morningstar
                  | (130 damage)
  1070 | D        | HP: 11/249 [vile/foul vapour (96)]
  1071 | D        | Killed a vile
  1071 | D        | Killed a vile
  1071 | D        | Killed a vile
  1071 | D        | Killed a vile
  1071 | D        | Killed a vile
  1071 | D        | Killed a vile
  1071 | D        | Killed a vile
  1071 | D        | Killed a vile
  1071 | D        | Noticed a vile
  1071 | D        | Noticed a vile
  1071 | D        | Noticed a vile
  1071 | D        | Killed from afar by a vile (59 damage)
                  | ... with a foul vapour
  1071 | D        | Noticed a vile
  1072 | D        | Noticed a vile
  1072 | D        | Noticed a vile
  1072 | D        | Succumbed to a vile's dark miasma
  1072 | D        | Noticed a vile
  1072 | D        | Noticed a vile
  1072 | D        | Annihilated by a vile
                  | ... wielding a +0 mace
                  | (141 damage)
  1072 | D        | Noticed a vile
  1072 | D        | Noticed a vile
  1073 | D        | Killed a vile
  1073 | D        | Killed a vile
  1073 | D        | Killed a vile
  1073 | D        | Killed a vile
  1073 | D        | Killed a vile
  1073 | D        | Killed a vile
  1073 | D        | Killed a vile
  1073 | D        | Noticed a vile
  1073 | D        | Noticed a vile
  1074 | D        | Killed a vile
  1074 | D        | Killed a vile
  1074 | D        | Killed a vile
  1074 | D        | Killed a vile
  1074 | D        | Killed a vile
  1074 | D        | Killed a vile
  1074 | D        | Noticed a vile
  1074 | D        | Noticed a vile
  1074 | D        | Noticed a vile
  1074 | D        | Noticed a vile
  1075 | D        | Killed from afar by a vile (84 damage)
                  | ... with a foul vapour
  1075 | D        | Noticed a vile
  1075 | D        | Noticed a vile
  1075 | D        | Noticed a vile
  1075 | D        | Noticed a vile
  1075 | D        | Noticed a vile
  1075 | D        | Mangled by a vile
                  | ... wielding a +0 flail
                  | (131 damage)
  1076 | D        | Killed a vile
  1076 | D        | Killed a vile
  1076 | D        | Killed a vile
  1076 | D        | Killed a vile
  1076 | D        | Killed a vile
  1076 | D        | Annihilated by a vile
                  | ... wielding a +0 flail
                  | (149 damage)
  1076 | D        | Noticed a vile
  1077 | D        | Noticed a vile
  1077 | D        | Slain by a vile
                  | ... wielding a +0 morningstar
                  | (16 damage)
  1077 | D        | Noticed a vile
  1077 | D        | Killed from afar by a vile (88 damage)
                  | ... with a foul vapour
  1078 | D        | Killed a vile
  1078 | D        | Killed a vile
  1078 | D        | Killed a vile
  1078 | D        | Killed a vile
  1078 | D        | Killed a vile
  1078 | D        | Killed a vile
  1078 | D        | Annihilated by a vile
                  | ... wielding a +0 dire flail
                  | (141 damage)
  1079 | D        | Killed a vile
  1079 | D        | Killed a vile
  1079 | D        | Killed a vile
  1079 | D        | Killed a vile
  1079 | D        | Killed a vile
  1079 | D        | Killed a vile
  1080 | D        | Killed a vile
  1080 | D        | Killed a vile
  1080 | D        | Killed a vile
  1080 | D        | Killed a vile
  1080 | D        | Killed a vile
  1080 | D        | Killed a vile
  1080 | D        | Noticed a vile
  1080 | D        | Noticed a vile
  1080 | D        | Noticed a vile
  1080 | D        | Noticed a vile
  1081 | D        | Killed a vile
  1081 | D        | Killed a vile
  1081 | D        | Killed a vile
  1081 | D        | Killed a vile
  1082 | D        | Killed a vile
  1082 | D        | Killed a vile
  1082 | D        | Killed a vile
  1082 | D        | Noticed a vile
  1082 | D        | Noticed a vile
  1082 | D        | Noticed a vile
  1082 | D        | Noticed a vile
  1083 | D        | Noticed a vile
  1083 | D        | Noticed a vile
  1083 | D        | Noticed a vile
  1083 | D        | Killed from afar by a vile (119 damage)
                  | ... with a foul vapour
  1083 | D        | Noticed a vile
  1083 | D        | Noticed a vile
  1084 | D        | Noticed a vile
  1085 | D        | Killed a vile
  1085 | D        | Killed a vile
  1085 | D        | Noticed a vile
  1085 | D        | Noticed a vile
  1085 | D        | Noticed a vile
  1085 | D        | Noticed a vile
  1085 | D        | Noticed a vile
  1085 | D        | Noticed a vile
  1086 | D        | HP: 10/249 [vile] (12)]
  1086 | D        | Succumbed to a vile's dark miasma
  1086 | D        | Noticed a vile
  1086 | D        | Noticed a vile
  1086 | D        | Noticed a vile
  1086 | D        | Noticed a vile
  1086 | D        | Noticed a vile
  1086 | D        | Noticed a vile
  1087 | D        | Noticed a vile
  1087 | D        | Noticed a vile
  1087 | D        | Noticed a vile
  1087 | D        | Succumbed to a vile's dark miasma
  1087 | D        | Annihilated by a vile
                  | ... wielding a +0 flail
                  | (147 damage)
  1088 | D        | Killed a vile
  1088 | D        | Killed a vile
  1088 | D        | Killed a vile
  1088 | D        | Killed a vile
  1088 | D        | Noticed a vile
  1088 | D        | Killed from afar by a vile (110 damage)
                  | ... with a foul vapour
  1088 | D        | Noticed a vile
  1089 | D        | Killed a vile
  1089 | D        | Killed a vile
  1089 | D        | Killed a vile
  1089 | D        | Killed a vile
  1089 | D        | Noticed a vile
  1089 | D        | Noticed a vile
  1089 | D        | Noticed a vile
  1089 | D        | Annihilated by a vile
                  | ... wielding a +0 flail
                  | (159 damage)
  1089 | D        | Noticed a vile
  1089 | D        | Noticed a vile
  1089 | D        | Noticed a vile
  1090 | D        | Killed a vile
  1090 | D        | Killed a vile
  1090 | D        | Killed a vile
  1090 | D        | Killed a vile
  1090 | D        | Killed a vile
  1090 | D        | Noticed a vile
  1090 | D        | Killed from afar by a vile (25 damage)
                  | ... with damnation
  1091 | D        | Killed a vile
  1091 | D        | Killed a vile
  1091 | D        | Killed a vile
  1091 | D        | Killed a vile
  1091 | D        | Noticed a vile
  1091 | D        | Noticed a vile
  1092 | D        | Annihilated by a vile
                  | ... wielding a +0 mace
                  | (121 damage)
  1092 | D        | Noticed a vile
  1092 | D        | Annihilated by a vile
                  | ... wielding a +0 flail
                  | (82 damage)
  1092 | D        | Noticed a vile
  1093 | D        | Killed a vile
  1093 | D        | Killed a vile
  1093 | D        | Killed a vile
  1093 | D        | Killed a vile
  1093 | D        | Killed a vile
  1093 | D        | Killed a vile
  1093 | D        | Noticed a vile
  1093 | D        | Noticed a vile
  1093 | D        | Annihilated by a vile
                  | ... wielding a +0 morningstar
                  | (149 damage)
  1093 | D        | Noticed a vile
  1094 | D        | Annihilated by a vile
                  | ... wielding a +0 flail
                  | (120 damage)
  1094 | D        | Noticed a vile
  1094 | D        | Noticed a vile
  1095 | D        | Killed a vile
  1095 | D        | Killed a vile
  1095 | D        | Killed a vile
  1095 | D        | Killed a vile
  1095 | D        | Killed a vile
  1095 | D        | Killed a vile
  1095 | D        | Noticed a vile
  1095 | D        | Noticed a vile
  1095 | D        | Noticed a vile
  1096 | D        | Noticed a vile
  1096 | D        | Annihilated by a vile
                  | ... wielding a +0 mace
                  | (84 damage)
  1097 | D        | Killed a vile
  1097 | D        | Killed a vile
  1097 | D        | Killed a vile
  1097 | D        | Killed a vile
  1097 | D        | Killed a vile
  1097 | D        | Killed a vile
  1097 | D        | Noticed a vile
  1097 | D        | Annihilated by a vile
                  | ... wielding a +0 mace
                  | (111 damage)
  1098 | D        | Killed a vile
  1098 | D        | Killed a vile
  1098 | D        | Killed a vile
  1098 | D        | Killed a vile
  1098 | D        | Killed a vile
  1098 | D        | Noticed a vile
  1098 | D        | Noticed a vile
  1099 | D        | Killed a vile
  1099 | D        | Killed a vile
  1099 | D        | Killed a vile
  1099 | D        | Noticed a vile
  1099 | D        | Noticed a vile
  1100 | D        | Annihilated by a vile
                  | ... wielding a +0 dire flail
                  | (128 damage)
  1100 | D        | Noticed a vile
  1101 | D        | Killed a vile
  1101 | D        | Killed a vile
  1101 | D        | Killed a vile
  1101 | D        | Noticed a dread
  1102 | D        | Noticed a vile
  1102 | D        | Noticed a vile
  1102 | D        | Killed from afar by a vile (89 damage)
                  | ... with a foul vapour
  1102 | D        | Annihilated by a vile
                  | ... wielding a +0 mace
                  | (139 damage)
  1103 | D        | Killed a vile
  1103 | D        | Killed a vile
  1103 | D        | Killed a vile
  1103 | D        | Killed a vile
  1103 | D        | Killed a vile
  1103 | D        | Killed a vile
  1103 | D        | Noticed a vile
  1103 | D        | Noticed a vile
  1104 | D        | Noticed a vile
  1104 | D        | HP: 12/249 [??? (10)]
  1104 | D        | Killed from afar by a vile (96 damage)
                  | ... with a foul vapour
  1104 | D        | Noticed a vile
  1104 | D        | Noticed a vile
  1104 | D        | Annihilated by a vile
                  | ... wielding a +0 mace
                  | (95 damage)
  1105 | D        | Noticed a vile
  1106 | D        | Killed a vile
  1106 | D        | Killed a vile
  1106 | D        | Killed a vile
  1106 | D        | Killed a vile
  1106 | D        | Noticed a vile
  1106 | D        | Noticed a vile
  1106 | D        | Noticed a vile
  1107 | D        | Killed from afar by a vile (56 damage)
                  | ... with a foul vapour
  1107 | D        | Noticed a vile
  1108 | D        | Noticed a vile
  1108 | D        | Noticed a vile
  1109 | D        | Succumbed to a vile's dark miasma
  1109 | D        | Noticed a vile
  1109 | D        | Annihilated by a vile
                  | ... wielding a +0 morningstar
                  | (111 damage)
  1110 | D        | Noticed a vile
  1110 | D        | Killed from afar by a vile (90 damage)
                  | ... with a foul vapour
  1110 | D        | Noticed a vile
  1111 | D        | Killed a vile
  1111 | D        | Killed a vile
  1111 | D        | Killed a vile
  1111 | D        | Killed a vile
  1112 | D        | Killed from afar by a vile (84 damage)
                  | ... with a foul vapour
  1112 | D        | Noticed a vile
  1112 | D        | Noticed a vile
  1113 | D        | HP: 7/249 [poisoned by a vile (foul vapour)]
  1113 | D        | Killed from afar by a vile (66 damage)
                  | ... with a foul vapour
  1114 | D        | Killed a vile
  1114 | D        | Killed a vile
  1114 | D        | Killed a vile
  1114 | D        | Killed a vile
  1114 | D        | Killed a vile
  1114 | D        | Killed a dread
  1114 | D        | Noticed a vile
  1114 | D        | Noticed a vile
  1114 | D        | Noticed a vile
  1114 | D        | Noticed a vile
  1115 | D        | Killed a vile
  1115 | D        | Killed a vile
  1115 | D        | Killed a vile
  1115 | D        | Killed a vile
  1115 | D        | Noticed a vile
  1116 | D        | Killed a vile
  1116 | D        | Killed a vile
  1116 | D        | Killed a vile
  1116 | D        | Killed a vile
  1116 | D        | Noticed a vile
  1117 | D        | Noticed a vile
  1117 | D        | Noticed a vile
  1117 | D        | Noticed a vile
  1117 | D        | Noticed a vile
  1118 | D        | Noticed a vile
  1118 | D        | Noticed a vile
  1118 | D        | Engulfed by a vile's foul pestilence (8 damage)
  1118 | D        | Noticed a vile
  1118 | D        | Annihilated by a vile
                  | ... wielding a +0 mace
                  | (159 damage)
  1118 | D        | Mangled by a vile
                  | ... wielding a +0 flail
                  | (115 damage)
  1118 | D        | Annihilated by a vile
                  | ... wielding a +1 morningstar of holy wrath
                  | (136 damage)
  1118 | D        | Noticed a vile
  1119 | D        | HP: 5/249 [vile/+0 mace (93)]
  1119 | D        | Noticed a vile
  1119 | D        | Succumbed to a vile's foul vapour
  1119 | D        | Noticed a vile
  1119 | D        | Annihilated by a vile
                  | ... wielding a +0 mace
                  | (84 damage)
  1119 | D        | Killed from afar by a vile (92 damage)
                  | ... with a foul vapour
  1120 | D        | Upgraded the game from 0.31-a0-18-gea43df2a32 to
                  | 0.31-a0-38-g1548c4f2a5
  1120 | D        | Killed a vile
  1120 | D        | Killed a vile
  1120 | D        | Killed a vile
  1120 | D        | Killed a vile
  1120 | D        | Killed a vile
  1120 | D        | Killed a vile
  1120 | D        | Killed a vile
  1120 | D        | Noticed a vile
  1120 | D        | Noticed a vile
  1120 | D        | Annihilated by a vile
                  | ... wielding a +0 morningstar
                  | (84 damage)
  1121 | D        | Killed a vile
  1121 | D        | Killed a vile
  1121 | D        | Killed a vile
  1121 | D        | Killed a vile
  1121 | D        | Noticed a vile
  1121 | D        | Noticed a vile
  1122 | D        | Annihilated by a vile
                  | ... wielding a +0 morningstar
                  | (108 damage)
  1122 | D        | Noticed a vile
  1122 | D        | Noticed a vile
  1122 | D        | Annihilated by a vile
                  | ... wielding a +0 flail
                  | (112 damage)
  1123 | D        | Killed a vile
  1123 | D        | Killed a vile
  1123 | D        | Killed a vile
  1123 | D        | Killed a vile
  1123 | D        | Killed a vile
  1123 | D        | Noticed a vile
  1123 | D        | Noticed a vile
  1123 | D        | Noticed a vile
  1124 | D        | Killed a vile
  1124 | D        | Noticed a vile
  1124 | D        | Killed from afar by a vile (25 damage)
                  | ... with damnation
  1124 | D        | Noticed a vile
  1124 | D        | Noticed a vile
  1124 | D        | Noticed a vile
  1125 | D        | Noticed a vile
  1125 | D        | Noticed a vile
  1125 | D        | Noticed a vile
  1125 | D        | Noticed a vile
  1125 | D        | Noticed a vile
  1126 | D        | HP: 1/249 [poisoned by a vile (dark miasma)]
  1126 | D        | Noticed a vile
  1126 | D        | Killed from afar by a vile (80 damage)
                  | ... with a foul vapour
  1126 | D        | Noticed a vile
  1126 | D        | Noticed a vile
  1127 | D        | Killed a vile
  1127 | D        | Killed a vile
  1127 | D        | Killed a vile
  1127 | D        | Killed a vile
  1127 | D        | Killed a vile
  1127 | D        | Noticed a vile
  1128 | D        | Killed a vile
  1128 | D        | Killed a vile
  1128 | D        | Killed a vile
  1128 | D        | Noticed a vile
  1129 | D        | Killed a vile
  1129 | D        | Killed a vile
  1129 | D        | Killed a vile
  1129 | D        | Killed a vile
  1129 | D        | Killed a vile
  1129 | D        | Noticed a vile
  1129 | D        | Noticed a vile
  1130 | D        | Annihilated by a vile
                  | ... wielding a +0 flail
                  | (111 damage)
  1130 | D        | Noticed a vile
  1130 | D        | Noticed a vile
  1130 | D        | Annihilated by a vile
                  | ... wielding a +0 mace
                  | (119 damage)
  1131 | D        | Killed a vile
  1131 | D        | Killed a vile
  1131 | D        | Killed a vile
  1131 | D        | Killed a vile
  1131 | D        | Killed a vile
  1131 | D        | Killed a vile
  1131 | D        | Killed a vile
  1131 | D        | Noticed a vile
  1132 | D        | Noticed a vile
  1132 | D        | Noticed a vile
  1132 | D        | Killed from afar by a vile (90 damage)
                  | ... with a foul vapour
  1132 | D        | Noticed a vile
  1132 | D        | Noticed a vile
  1133 | D        | Noticed a vile
  1133 | D        | Noticed a vile
  1133 | D        | HP: 6/249 [vile/foul vapour (68)]
  1133 | D        | Noticed a vile
  1133 | D        | Slain by a vile
                  | ... wielding a +0 mace
                  | (7 damage)
  1134 | D        | Killed a vile
  1134 | D        | Killed a vile
  1134 | D        | Killed a vile
  1134 | D        | Killed a vile
  1134 | D        | Noticed a vile
  1134 | D        | Noticed a vile
  1135 | D        | Killed a vile
  1135 | D        | Killed a vile
  1135 | D        | Killed a vile
  1135 | D        | Killed a vile
  1135 | D        | Annihilated by a vile
                  | ... wielding a +0 flail
                  | (109 damage)
  1136 | D        | Noticed a vile
  1136 | D        | Killed from afar by a vile (65 damage)
                  | ... with a foul vapour
  1136 | D        | Noticed a vile
  1136 | D        | Noticed a vile
  1137 | D        | Noticed a vile
  1137 | D        | Killed from afar by a vile (69 damage)
                  | ... with a foul vapour
  1137 | D        | Noticed a vile
  1137 | D        | Noticed a vile
  1137 | D        | Noticed a vile
  1137 | D        | Noticed a vile
  1138 | D        | Killed a vile
  1138 | D        | Killed a vile
  1138 | D        | Killed a vile
  1138 | D        | Killed a vile
  1139 | D        | Noticed a vile
  1139 | D        | Noticed a vile
  1139 | D        | Noticed a vile
  1139 | D        | Noticed a vile
  1139 | D        | Annihilated by a vile
                  | ... wielding a +0 flail
                  | (85 damage)
  1140 | D        | Killed a vile
  1140 | D        | Killed a vile
  1140 | D        | Killed a vile
  1140 | D        | Killed a vile
  1140 | D        | Killed a vile
  1140 | D        | Killed a vile
  1140 | D        | Noticed a vile
  1141 | D        | HP: 6/249 [vile/+0 morningstar (86)]
  1142 | D        | Succumbed to a vile's foul vapour
  1142 | D        | Noticed a vile
  1142 | D        | Noticed a vile
  1142 | D        | Annihilated by a vile
                  | ... wielding a +0 morningstar
                  | (144 damage)
  1143 | D        | Killed a vile
  1143 | D        | Killed a vile
  1143 | D        | Killed a vile
  1143 | D        | Killed a vile
  1143 | D        | Killed a vile
  1144 | D        | Noticed a vile
  1145 | D        | Killed a vile
  1145 | D        | Killed a vile
  1145 | D        | Killed a vile
  1145 | D        | Noticed a vile
  1145 | D        | Noticed a vile
  1146 | D        | Noticed a vile
  1146 | D        | Noticed a vile
  1146 | D        | HP: 3/249 [vile] (8)]
  1146 | D        | Succumbed to a vile's dark miasma
  1147 | D        | Noticed a vile
  1147 | D        | Noticed a vile
  1147 | D        | Noticed a vile
  1147 | D        | Killed from afar by a vile (76 damage)
                  | ... with a foul vapour
  1147 | D        | Noticed a vile
  1147 | D        | Noticed a vile
  1148 | D        | Killed a vile
  1148 | D        | Killed a vile
  1148 | D        | Killed a vile
  1148 | D        | Noticed a vile
  1149 | D        | Noticed a vile
  1149 | D        | Noticed a vile
  1150 | D        | Noticed a vile
  1150 | D        | Noticed a vile
  1150 | D        | Noticed a vile
  1150 | D        | Annihilated by a vile
                  | ... wielding a +0 mace
                  | (117 damage)
  1150 | D        | Noticed a vile
  1151 | D        | Killed a vile
  1151 | D        | Killed a vile
  1151 | D        | Killed a vile
  1151 | D        | Killed a vile
  1151 | D        | Noticed a vile
  1151 | D        | Noticed a vile
  1151 | D        | Noticed a vile
  1151 | D        | Noticed a vile
  1152 | D        | Killed a vile
  1152 | D        | Killed a vile
  1152 | D        | Noticed a vile
  1152 | D        | Noticed a vile
  1153 | D        | Killed a vile
  1153 | D        | Killed a vile
  1153 | D        | Noticed a vile
  1153 | D        | Noticed a vile
  1153 | D        | Noticed a vile
  1154 | D        | Noticed a vile
  1154 | D        | Killed from afar by a vile (53 damage)
                  | ... with a foul vapour
  1154 | D        | Noticed a vile
  1154 | D        | Noticed a vile
  1154 | D        | Noticed a vile
  1154 | D        | Noticed a vile
  1155 | D        | Noticed a vile
  1155 | D        | Noticed a vile
  1155 | D        | Noticed a vile
  1155 | D        | Noticed a vile
  1155 | D        | Noticed a vile
  1155 | D        | Noticed a vile
  1155 | D        | Noticed a vile
  1156 | D        | Killed a vile
  1156 | D        | Killed a vile
  1156 | D        | Killed a vile
  1156 | D        | Killed a vile
  1156 | D        | Killed a vile
  1157 | D        | Noticed a vile
  1157 | D        | Killed a vile
  1157 | D        | Killed a vile
  1157 | D        | Killed from afar by a vile (55 damage)
                  | ... with a foul vapour
  1157 | D        | Noticed a vile
  1158 | D        | Killed a vile
  1158 | D        | Killed a vile
  1158 | D        | Killed a vile
  1158 | D        | Killed a vile
  1158 | D        | Noticed a vile
  1158 | D        | Noticed a vile
  1159 | D        | Noticed a vile
  1159 | D        | HP: 8/249 [vile/+0 mace (124)]
  1159 | D        | Succumbed to a vile's foul vapour
  1159 | D        | Noticed a vile
  1160 | D        | Killed a vile
  1160 | D        | Killed a vile
  1160 | D        | Killed a vile
  1160 | D        | Killed a vile
  1160 | D        | Killed a vile
  1160 | D        | Killed a vile
  1160 | D        | Noticed a vile
  1160 | D        | Noticed a vile
  1160 | D        | Noticed a vile
  1160 | D        | Noticed a vile
  1161 | D        | Noticed a vile
  1161 | D        | Noticed a vile
  1161 | D        | Noticed a vile
  1161 | D        | Annihilated by a vile
                  | ... wielding a +0 flail
                  | (126 damage)
  1161 | D        | Noticed a vile
  1162 | D        | Killed a vile
  1162 | D        | Killed a vile
  1162 | D        | Killed a vile
  1162 | D        | Killed a vile
  1162 | D        | Killed a vile
  1162 | D        | Killed a vile
  1162 | D        | Noticed a vile
  1162 | D        | Noticed a vile
  1162 | D        | Noticed a vile
  1163 | D        | Noticed a fleshlord
  1163 | D        | Succumbed to poison (dark miasma)
  1163 | D        | Noticed a vile
  1163 | D        | Demolished by a vile
                  | ... wielding a +0 mace
                  | (103 damage)
  1164 | D        | Killed a vile
  1164 | D        | Killed a vile
  1164 | D        | Killed a vile
  1164 | D        | Killed a vile
  1164 | D        | Noticed a vile
  1164 | D        | Noticed a vile
  1164 | D        | Noticed a vile
  1164 | D        | Noticed a vile
  1165 | D        | Annihilated by a vile
                  | ... wielding a +0 mace
                  | (109 damage)
  1165 | D        | Noticed a vile
  1165 | D        | Noticed a vile
  1165 | D        | HP: 3/249 [vile/+0 morningstar (136)]
  1166 | D        | Noticed a vile
  1166 | D        | Killed a vile
  1166 | D        | Killed a vile
  1166 | D        | Killed a vile
  1166 | D        | Killed a vile
  1166 | D        | Killed a vile
  1166 | D        | Killed a vile
  1166 | D        | Noticed a vile
  1167 | D        | Killed a vile
  1167 | D        | Killed a vile
  1167 | D        | Killed a vile
  1167 | D        | Killed a vile
  1167 | D        | Noticed a vile
  1168 | D        | Killed a vile
  1168 | D        | Killed a vile
  1168 | D        | Killed a vile
  1168 | D        | Killed a vile
  1168 | D        | Noticed a vile
  1168 | D        | Noticed a vile
  1169 | D        | Killed a vile
  1169 | D        | Killed a vile
  1169 | D        | Killed a vile
  1169 | D        | Noticed a vile
  1169 | D        | Noticed a vile
  1169 | D        | Noticed a vile
  1170 | D        | Noticed a vile
  1170 | D        | Noticed a vile
  1170 | D        | Noticed a vile
  1170 | D        | HP: 3/249 [vile/+0 mace (110)]
  1170 | D        | Noticed a vile
  1170 | D        | Noticed a vile
  1170 | D        | Noticed a vile
  1170 | D        | Noticed a vile
  1170 | D        | Slain by a vile
                  | ... wielding a +0 mace
                  | (4 damage)
  1171 | D        | Noticed a vile
  1171 | D        | Noticed a vile
  1171 | D        | Demolished by a vile
                  | ... wielding a +0 mace
                  | (94 damage)
  1171 | D        | Noticed a vile
  1171 | D        | Slain by a vile
                  | ... wielding a +0 mace
                  | (8 damage)
  1171 | D        | Demolished by a vile
                  | ... wielding a +0 mace
                  | (114 damage)
  1172 | D        | Annihilated by a fleshlord
                  | ... wielding a +9 great mace
                  | (342 damage)
  1172 | D        | Annihilated by a vile
                  | ... wielding a +0 mace
                  | (157 damage)
  1172 | D        | Noticed a vile
  1172 | D        | Annihilated by a fleshlord
                  | ... wielding a +9 great mace
                  | (191 damage)
  1173 | D        | Killed a vile
  1173 | D        | Killed a vile
  1173 | D        | Killed a vile
  1173 | D        | Killed a vile
  1173 | D        | Killed a vile
  1173 | D        | Killed a fleshlord
  1173 | D        | Killed a vile
  1173 | D        | Killed a vile
  1173 | D        | Noticed a vile
  1174 | D        | Killed a vile
  1174 | D        | Killed a vile
  1174 | D        | Killed a vile
  1174 | D        | Killed a vile
  1174 | D        | Killed a vile
  1174 | D        | Killed a vile
  1174 | D        | Killed a vile
  1174 | D        | Killed a vile
  1174 | D        | Noticed a vile
  1174 | D        | Noticed a vile
  1175 | D        | HP: 7/249 [vile/+0 flail (99)]
  1175 | D        | HP: 3/249 [vile] (4)]
  1175 | D        | Succumbed to a vile's dark miasma
  1175 | D        | Noticed a vile
  1176 | D        | Killed a vile
  1176 | D        | Killed a vile
  1176 | D        | Killed a vile
  1176 | D        | Killed a vile
  1176 | D        | Killed a vile
  1176 | D        | Killed a vile
  1176 | D        | Noticed a vile
  1176 | D        | Noticed a fleshlord
  1177 | D        | Killed a vile
  1177 | D        | Killed a vile
  1177 | D        | Killed a vile
  1177 | D        | Killed a vile
  1177 | D        | Killed a vile
  1177 | D        | Noticed a vile
  1177 | D        | Noticed a vile
  1177 | D        | Noticed a vile
  1178 | D        | Noticed a vile
  1178 | D        | Noticed a vile
  1179 | D        | Succumbed to a vile's dark miasma
  1179 | D        | Noticed a vile
  1179 | D        | Noticed a vile
  1179 | D        | Noticed a vile
  1179 | D        | Noticed a vile
  1179 | D        | Noticed a vile
  1180 | D        | Noticed a vile
  1180 | D        | Noticed a vile
  1180 | D        | Noticed a vile
  1180 | D        | Annihilated by a vile
                  | ... wielding a +0 morningstar
                  | (151 damage)
  1180 | D        | Noticed a vile
  1180 | D        | Noticed a vile
  1181 | D        | Killed a vile
  1181 | D        | Killed a vile
  1181 | D        | Killed a vile
  1181 | D        | Killed a vile
  1181 | D        | Noticed a vile
  1181 | D        | Noticed a vile
  1181 | D        | Noticed a vile
  1181 | D        | Noticed a vile
  1181 | D        | Noticed a vile
  1182 | D        | Slain by a vile
                  | ... wielding a +2 flail of draining
                  | (129 damage)
  1182 | D        | Noticed a vile
  1182 | D        | Noticed a vile
  1182 | D        | Noticed a vile
  1182 | D        | Noticed a vile
  1182 | D        | Noticed a vile
  1182 | D        | Killed from afar by a vile (39 damage)
                  | ... with a foul vapour
  1183 | D        | Killed a vile
  1183 | D        | Killed a vile
  1183 | D        | Killed a vile
  1183 | D        | Killed a vile
  1183 | D        | Killed a vile
  1183 | D        | Killed a vile
  1183 | D        | Noticed a vile
  1184 | D        | Killed from afar by a vile (91 damage)
                  | ... with a foul vapour
  1185 | D        | Annihilated by a vile
                  | ... wielding a +0 mace
                  | (95 damage)
  1186 | D        | Killed a vile
  1186 | D        | Killed a vile
  1186 | D        | Killed a vile
  1186 | D        | Killed a vile
  1186 | D        | Killed a vile
  1186 | D        | Killed a vile
  1186 | D        | Killed a vile
  1186 | D        | Noticed a vile
  1186 | D        | Noticed a vile
  1187 | D        | Killed a vile
  1187 | D        | Killed a vile
  1187 | D        | Killed a vile
  1187 | D        | Killed a vile
  1187 | D        | Killed a vile
  1187 | D        | Noticed a vile
  1187 | D        | Noticed a vile
  1188 | D        | Annihilated by a vile
                  | ... wielding a +0 mace
                  | (94 damage)
  1188 | D        | Noticed a vile
  1188 | D        | Noticed a vile
  1188 | D        | Noticed a vile
  1188 | D        | Noticed a vile
  1189 | D        | Killed a vile
  1189 | D        | Killed a vile
  1189 | D        | Killed a vile
  1189 | D        | Killed a vile
  1189 | D        | Noticed a vile
  1189 | D        | Noticed a vile
  1190 | D        | Noticed a vile
  1190 | D        | HP: 11/249 [vile/foul vapour (45)]
  1190 | D        | Killed from afar by a vile (31 damage)
                  | ... with a foul vapour
  1190 | D        | Annihilated by a vile
                  | ... wielding a +0 flail
                  | (128 damage)
  1190 | D        | Noticed a vile
  1191 | D        | Killed a vile
  1191 | D        | Killed a vile
  1191 | D        | Killed a vile
  1191 | D        | Killed a vile
  1191 | D        | Noticed a vile
  1191 | D        | Noticed a vile
  1191 | D        | Noticed a vile
  1192 | D        | Annihilated by a vile
                  | ... wielding a +0 flail
                  | (104 damage)
  1192 | D        | Annihilated by a vile
                  | ... wielding a +0 flail
                  | (145 damage)
  1192 | D        | Noticed a vile
  1192 | D        | Noticed a vile
  1192 | D        | Annihilated by a fleshlord
                  | ... wielding a +9 great mace
                  | (370 damage)
  1192 | D        | Annihilated by a vile
                  | ... wielding a +0 flail
                  | (134 damage)
  1192 | D        | Noticed a vile
  1192 | D        | Mangled by a vile
                  | ... wielding a +0 flail of holy wrath
                  | (140 damage)
  1193 | D        | Killed a vile
  1193 | D        | Killed a vile
  1193 | D        | Killed a vile
  1193 | D        | Killed a vile
  1193 | D        | Killed a fleshlord
  1193 | D        | Killed a vile
  1193 | D        | Killed a vile
  1193 | D        | Killed a vile
  1194 | D        | HP: 2/249 [vile/+0 dire flail (126)]
  1194 | D        | Noticed a vile
  1194 | D        | Slain by a vile
                  | ... wielding a +0 flail
                  | (2 damage)
  1194 | D        | Annihilated by a vile
                  | ... wielding a +0 flail
                  | (142 damage)
  1194 | D        | Noticed a vile
  1194 | D        | Annihilated by a vile
                  | ... wielding a +0 dire flail
                  | (150 damage)
  1195 | D        | Killed a vile
  1195 | D        | Killed a vile
  1195 | D        | Killed a vile
  1195 | D        | Killed a vile
  1195 | D        | Killed a vile
  1195 | D        | Killed a vile
  1195 | D        | Killed a vile
  1195 | D        | Killed a vile
  1195 | D        | Annihilated by a vile
                  | ... wielding a +0 dire flail of holy wrath
                  | (157 damage)
  1196 | D        | Killed a vile
  1196 | D        | Killed a vile
  1196 | D        | Killed a vile
  1196 | D        | Killed a vile
  1196 | D        | Killed a vile
  1196 | D        | Killed a vile
  1196 | D        | Noticed a vile
  1197 | D        | Killed a vile
  1197 | D        | Killed a vile
  1197 | D        | Killed a vile
  1197 | D        | Noticed a vile
  1198 | D        | Killed a vile
  1199 | D        | Noticed a vile
  1199 | D        | Annihilated by a vile
                  | ... wielding a +0 flail
                  | (145 damage)
  1199 | D        | Noticed a vile
  1200 | D        | Noticed a vile
  1200 | D        | Killed a vile
  1200 | D        | Killed a vile
  1200 | D        | Noticed a vile
  1200 | D        | Noticed a vile
  1201 | D        | Noticed a vile
  1201 | D        | Killed from afar by a vile (42 damage)
                  | ... with a foul vapour
  1201 | D        | Noticed a vile
  1202 | D        | Killed a vile
  1202 | D        | Noticed a vile
  1202 | D        | Noticed a vile
  1202 | D        | Noticed a vile
  1202 | D        | Noticed a vile
  1203 | D        | Killed from afar by a vile (35 damage)
                  | ... with damnation
  1203 | D        | Noticed a vile
  1203 | D        | Noticed a vile
  1203 | D        | Noticed a vile
  1204 | D        | Noticed a vile
  1204 | D        | Noticed a vile
  1204 | D        | Noticed a vile
  1204 | D        | Noticed a vile
  1204 | D        | Noticed a vile
  1205 | D        | Annihilated by a vile
                  | ... wielding a +0 flail
                  | (148 damage)
  1205 | D        | Noticed a vile
  1205 | D        | Killed from afar by a vile (29 damage)
                  | ... with damnation
  1206 | D        | Noticed a vile
  1206 | D        | HP: 8/249 [vile/+0 flail (134)]
  1206 | D        | Noticed a vile
  1206 | D        | HP: 1/249 [vile/+0 mace (7)]
  1206 | D        | Annihilated by a vile
                  | ... wielding a +0 mace
                  | (101 damage)
  1206 | D        | Noticed a vile
  1207 | D        | Killed a vile
  1207 | D        | Killed a vile
  1207 | D        | Killed a vile
  1207 | D        | Killed a vile
  1207 | D        | Killed a vile
  1207 | D        | Killed a vile
  1207 | D        | Killed a vile
  1207 | D        | Noticed a vile
  1208 | D        | Killed a vile
  1208 | D        | Killed a vile
  1208 | D        | Killed a vile
  1208 | D        | Killed a vile
  1208 | D        | Noticed a vile
  1208 | D        | Noticed a vile
  1208 | D        | Noticed a vile
  1209 | D        | Killed a vile
  1209 | D        | Killed a vile
  1209 | D        | Killed a vile
  1209 | D        | Killed a vile
  1209 | D        | Killed a vile
  1209 | D        | Noticed a vile
  1209 | D        | Noticed a vile
  1209 | D        | Noticed a vile
  1210 | D        | Killed a vile
  1210 | D        | Killed a vile
  1210 | D        | Killed a vile
  1210 | D        | Noticed a vile
  1210 | D        | Noticed a vile
  1211 | D        | Killed from afar by a vile (31 damage)
                  | ... with damnation
  1211 | D        | Noticed a vile
  1211 | D        | Noticed a vile
  1211 | D        | Noticed a vile
  1212 | D        | Succumbed to a vile's dark miasma
  1212 | D        | Noticed a vile
  1212 | D        | HP: 11/249 [vile/+0 flail (14)]
  1212 | D        | Annihilated by a vile
                  | ... wielding a +0 flail
                  | (108 damage)
  1212 | D        | Noticed a vile
  1212 | D        | Noticed a vile
  1213 | D        | Mangled by a vile
                  | ... wielding a +0 flail
                  | (154 damage)
  1213 | D        | Annihilated by a vile
                  | ... wielding a +0 dire flail
                  | (103 damage)
  1213 | D        | Annihilated by a vile
                  | ... wielding a +0 mace
                  | (158 damage)
  1213 | D        | Noticed a vile
  1213 | D        | Annihilated by a vile
                  | ... wielding a +0 flail
                  | (146 damage)
  1214 | D        | Killed a vile
  1214 | D        | Killed a vile
  1214 | D        | Killed a vile
  1214 | D        | Killed a vile
  1214 | D        | Killed a vile
  1214 | D        | Killed a vile
  1214 | D        | Killed a vile
  1214 | D        | Noticed a vile
  1215 | D        | Noticed a vile
  1215 | D        | Succumbed to poison (dark miasma)
  1215 | D        | Noticed a vile
  1215 | D        | Noticed a vile
  1215 | D        | Noticed a vile
  1215 | D        | HP: 4/249 [vile/+0 mace (117)]
  1215 | D        | Mangled by a vile
                  | ... wielding a +0 flail
                  | (15 damage)
  1216 | D        | Slain by a vile
                  | ... wielding a +0 flail
                  | (11 damage)
  1216 | D        | Noticed a vile
  1216 | D        | Noticed a vile
  1216 | D        | Noticed a vile
  1216 | D        | Annihilated by a vile
                  | ... wielding a +0 mace
                  | (126 damage)
  1216 | D        | Noticed a vile
  1216 | D        | Annihilated by a vile
                  | ... wielding a +0 flail
                  | (133 damage)
  1217 | D        | Annihilated by a vile
                  | ... wielding a +0 mace
                  | (155 damage)
  1217 | D        | Noticed a vile
  1217 | D        | Annihilated by a vile
                  | ... wielding a +0 mace
                  | (134 damage)
  1217 | D        | Noticed a vile
  1217 | D        | Noticed a vile
  1218 | D        | Killed a vile
  1218 | D        | Killed a vile
  1218 | D        | Killed a vile
  1218 | D        | Killed a vile
  1218 | D        | Killed a vile
  1218 | D        | Killed a vile
  1218 | D        | Killed a vile
  1218 | D        | Killed a vile
  1218 | D        | Noticed a vile
  1218 | D        | Noticed a vile
  1218 | D        | Annihilated by a vile
                  | ... wielding a +0 mace
                  | (153 damage)
  1219 | D        | Noticed a vile
  1219 | D        | Killed a vile
  1219 | D        | Killed a vile
  1219 | D        | Killed a vile
  1219 | D        | Killed a vile
  1219 | D        | Killed a vile
  1220 | D        | Killed a vile
  1220 | D        | Killed a vile
  1220 | D        | Killed a vile
  1220 | D        | Killed a vile
  1220 | D        | Noticed a vile
  1220 | D        | Noticed a vile
  1220 | D        | Noticed a large bag of meat
  1220 | D        | Noticed a vile
  1221 | D        | Noticed a vile
  1221 | D        | Succumbed to a vile's dark miasma
  1221 | D        | Noticed a vile
  1221 | D        | Annihilated by a vile
                  | ... wielding a +0 morningstar
                  | (145 damage)
  1221 | D        | HP: 4/249 [vile/foul vapour (48)]
  1221 | D        | Noticed a vile
  1221 | D        | Slain by a vile
                  | ... wielding a +0 dire flail
                  | (7 damage)
  1221 | D        | Noticed a vile
  1222 | D        | Killed a vile
  1222 | D        | Killed a vile
  1222 | D        | Killed a vile
  1222 | D        | Killed a vile
  1222 | D        | Killed a vile
  1222 | D        | Killed a vile
  1222 | D        | Noticed a vile
  1223 | D        | Killed a vile
  1223 | D        | Killed a vile
  1223 | D        | Killed a vile
  1224 | D        | Killed a vile
  1224 | D        | Killed a vile
  1224 | D        | Killed a vile
  1224 | D        | Killed a vile
  1224 | D        | Noticed a vile
  1224 | D        | Noticed a vile
  1225 | D        | Annihilated by a vile
                  | ... wielding a +0 flail
                  | (159 damage)
  1225 | D        | Noticed a vile
  1225 | D        | Noticed a vile
  1226 | D        | Killed a vile
  1226 | D        | Killed a vile
  1226 | D        | Killed a vile
  1226 | D        | Killed a vile
  1226 | D        | Noticed a vile
  1226 | D        | Noticed a vile
  1226 | D        | Noticed a vile
  1226 | D        | Noticed a vile
  1227 | D        | Killed a vile
  1227 | D        | Killed a vile
  1228 | D        | Killed a large bag of meat
  1228 | D        | Noticed a vile
  1228 | D        | Noticed a vile
  1228 | D        | Noticed a vile
  1228 | D        | Noticed a vile
  1229 | D        | Noticed a vile
  1229 | D        | Killed from afar by a vile (84 damage)
                  | ... with a foul vapour
  1229 | D        | Noticed a vile
  1230 | D        | Noticed a vile
  1230 | D        | Killed a vile
  1230 | D        | Noticed a vile
  1230 | D        | Noticed a vile
  1230 | D        | Noticed a vile
  1230 | D        | Noticed a vile
  1231 | D        | Killed a vile
  1231 | D        | Killed a vile
  1231 | D        | Killed a vile
  1231 | D        | Noticed a vile
  1231 | D        | Noticed a vile
  1231 | D        | Noticed a vile
  1231 | D        | Noticed a vile
  1231 | D        | Noticed a vile
  1231 | D        | Noticed a vile
  1232 | D        | Noticed a vile
  1232 | D        | Noticed a vile
  1232 | D        | HP: 5/249 [vile/foul vapour (66)]
  1232 | D        | Killed from afar by a wretched soul (93 damage)
                  | ... with a bolt of negative energy
  1232 | D        | Noticed a vile
  1232 | D        | Annihilated by a vile
                  | ... wielding a +0 flail
                  | (158 damage)
  1233 | D        | Killed a vile
  1233 | D        | Killed a vile
  1233 | D        | Killed a vile
  1233 | D        | Killed a vile
  1233 | D        | Killed a vile
  1234 | D        | Annihilated by a vile
                  | ... wielding a +0 morningstar
                  | (145 damage)
  1234 | D        | Noticed a vile
  1235 | D        | Succumbed to a vile's dark miasma
  1235 | D        | Noticed a vile
  1235 | D        | Slain by a vile
                  | ... wielding a +0 morningstar
                  | (83 damage)
  1236 | D        | Mangled by a vile
                  | ... wielding a +0 mace
                  | (128 damage)
  1237 | D        | Annihilated by a vile
                  | ... wielding a +0 flail
                  | (149 damage)
  1237 | D        | Annihilated by a vile
                  | ... wielding a +0 flail of draining
                  | (143 damage)
  1237 | D        | Mangled by a vile
                  | ... wielding a +0 mace
                  | (122 damage)
  1238 | D        | Killed a vile
  1238 | D        | Killed a vile
  1238 | D        | Killed a vile
  1238 | D        | Killed a vile
  1238 | D        | Killed a vile
  1238 | D        | Killed a vile
  1238 | D        | Killed a vile
  1238 | D        | Killed a vile
  1238 | D        | Noticed a vile
  1238 | D        | Noticed a vile
  1238 | D        | Noticed a vile
  1238 | D        | Annihilated by a vile
                  | ... wielding a +0 mace
                  | (112 damage)
  1239 | D        | Killed a vile
  1239 | D        | Killed a vile
  1239 | D        | Killed a vile
  1239 | D        | Killed a vile
  1239 | D        | Killed a vile
  1239 | D        | Killed a vile
  1240 | D        | Succumbed to a vile's dark miasma
  1240 | D        | Noticed a vile
  1240 | D        | Killed from afar by a vile (46 damage)
                  | ... with a foul vapour
  1240 | D        | Annihilated by a vile
                  | ... wielding a +0 flail
                  | (148 damage)
  1240 | D        | Noticed a vile
  1241 | D        | Killed a vile
  1241 | D        | Killed a vile
  1241 | D        | Killed a vile
  1241 | D        | Annihilated by a vile
                  | ... wielding a +0 flail
                  | (158 damage)
  1242 | D        | Mangled by a vile
                  | ... wielding a +0 flail
                  | (113 damage)
  1243 | D        | Killed a vile
  1243 | D        | Killed a vile
  1243 | D        | Killed a vile
  1243 | D        | Noticed a vile
  1243 | D        | Noticed a vile
  1243 | D        | Noticed a vile
  1243 | D        | Noticed a vile
  1244 | D        | Noticed a vile
  1244 | D        | Noticed a vile
  1244 | D        | Noticed a vile
  1244 | D        | Killed from afar by a vile (87 damage)
                  | ... with a foul vapour
  1244 | D        | Noticed a vile
  1244 | D        | Annihilated by a vile
                  | ... wielding a +0 mace
                  | (158 damage)
  1244 | D        | Noticed a vile
  1244 | D        | Noticed a vile
  1245 | D        | Noticed a vile
  1245 | D        | Killed from afar by a vile (104 damage)
                  | ... with a foul vapour
  1245 | D        | Noticed a vile
  1245 | D        | Killed from afar by a vile (95 damage)
                  | ... with a foul vapour
  1245 | D        | Noticed a vile
  1245 | D        | Noticed a vile
  1246 | D        | Killed a vile
  1246 | D        | Killed a vile
  1246 | D        | Killed a vile
  1246 | D        | Killed a vile
  1246 | D        | Noticed a vile
  1246 | D        | Noticed a vile
  1246 | D        | Noticed a vile
  1246 | D        | Noticed a vile
  1246 | D        | Noticed a vile
  1246 | D        | Noticed a vile
  1246 | D        | Noticed a vile
  1247 | D        | Noticed a vile
  1247 | D        | Killed a vile
  1247 | D        | Killed a vile
  1247 | D        | Killed a vile
  1247 | D        | Noticed a vile
  1247 | D        | Noticed a vile
  1247 | D        | Noticed a vile
  1247 | D        | Noticed a vile
  1247 | D        | Noticed a vile
  1247 | D        | Noticed a vile
  1248 | D        | Noticed a vile
  1248 | D        | Noticed a vile
  1248 | D        | Noticed a vile
  1248 | D        | Noticed a vile
  1248 | D        | Killed from afar by a vile (80 damage)
                  | ... with a foul vapour
  1249 | D        | Noticed a vile
  1249 | D        | Annihilated by a vile
                  | ... wielding a +0 flail
                  | (94 damage)
  1249 | D        | Annihilated by a vile
                  | ... wielding a +0 flail
                  | (118 damage)
  1249 | D        | Mangled by a vile
                  | ... wielding a +0 mace
                  | (132 damage)
  1250 | D        | Annihilated by a vile
                  | ... wielding a +0 mace
                  | (104 damage)
  1250 | D        | Demolished by a vile
                  | ... wielding a +0 flail
                  | (94 damage)
  1250 | D        | Annihilated by a vile
                  | ... wielding a +0 mace
                  | (158 damage)
  1250 | D        | Annihilated by a vile
                  | ... wielding a +0 mace
                  | (152 damage)
  1250 | D        | Annihilated by a vile
                  | ... wielding a +0 flail
                  | (112 damage)
  1251 | D        | Killed a vile
  1251 | D        | Killed a vile
  1251 | D        | Killed a vile
  1251 | D        | Killed a vile
  1251 | D        | Killed a vile
  1251 | D        | Killed a vile
  1251 | D        | Killed a vile
  1251 | D        | Killed a vile
  1251 | D        | Noticed a vile
  1251 | D        | Noticed a vile
  1251 | D        | Annihilated by a vile
                  | ... wielding a +0 mace
                  | (141 damage)
  1252 | D        | Killed a vile
  1252 | D        | Killed a vile
  1252 | D        | Killed a vile
  1252 | D        | Killed a vile
  1252 | D        | Killed a vile
  1252 | D        | Killed a vile
  1252 | D        | Killed a vile
  1252 | D        | Noticed a vile
  1252 | D        | Noticed a vile
  1252 | D        | Noticed a vile
  1252 | D        | Annihilated by a vile
                  | ... wielding a +0 mace
                  | (157 damage)
  1252 | D        | Noticed a vile
  1253 | D        | Noticed a vile
  1253 | D        | Killed a vile
  1253 | D        | Killed a vile
  1253 | D        | Killed a vile
  1253 | D        | Killed a vile
  1253 | D        | Killed a vile
  1253 | D        | Killed a vile
  1253 | D        | Killed a vile
  1253 | D        | Noticed a vile
  1253 | D        | Noticed a dread
  1253 | D        | Noticed a vile
  1253 | D        | Noticed a vile
  1254 | D        | Killed a vile
  1254 | D        | Killed a vile
  1254 | D        | Killed a vile
  1254 | D        | Killed a vile
  1254 | D        | Noticed a vile
  1254 | D        | Noticed a vile
  1255 | D        | Noticed a vile
  1255 | D        | Killed from afar by a vile (74 damage)
                  | ... with a foul vapour
  1256 | D        | Killed a vile
  1256 | D        | Killed a vile
  1256 | D        | Killed a vile
  1256 | D        | Noticed a vile
  1256 | D        | Noticed a vile
  1257 | D        | Noticed a vile
  1257 | D        | Annihilated by a vile
                  | ... wielding a +0 mace
                  | (130 damage)
  1258 | D        | Noticed a vile
  1258 | D        | Noticed a vile
  1258 | D        | Noticed a vile
  1258 | D        | Annihilated by a vile
                  | ... wielding a +0 flail
                  | (93 damage)
  1259 | D        | HP: 2/249 [vile/damnation (20)]
  1259 | D        | Killed from afar by a vile (30 damage)
                  | ... with damnation
  1259 | D        | Noticed a vile
  1260 | D        | Killed a vile
  1260 | D        | Killed a vile
  1260 | D        | Killed a vile
  1260 | D        | Killed a vile
  1260 | D        | Noticed a vile
  1260 | D        | Killed from afar by a vile (117 damage)
                  | ... with a foul vapour
  1261 | D        | Killed a vile
  1261 | D        | Killed a vile
  1261 | D        | Noticed a vile
  1261 | D        | Noticed a vile
  1261 | D        | Noticed a vile
  1262 | D        | Annihilated by a vile
                  | ... wielding a +0 mace
                  | (119 damage)
  1262 | D        | Annihilated by a vile
                  | ... wielding a +0 flail
                  | (135 damage)
  1262 | D        | Annihilated by a vile
                  | ... wielding a +0 morningstar
                  | (124 damage)
  1262 | D        | Mangled by a vile
                  | ... wielding a +0 morningstar
                  | (91 damage)
  1263 | D        | Killed a vile
  1263 | D        | Killed a vile
  1263 | D        | Killed a vile
  1263 | D        | Killed a vile
  1263 | D        | Killed a vile
  1263 | D        | Killed a vile
  1263 | D        | Killed a vile
  1263 | D        | Killed a vile
  1263 | D        | Noticed a vile
  1263 | D        | Annihilated by a vile
                  | ... wielding a +0 mace
                  | (146 damage)
  1264 | D        | Killed a vile
  1264 | D        | Killed a vile
  1264 | D        | Killed a vile
  1264 | D        | Killed a vile
  1264 | D        | Killed a vile
  1265 | D        | Annihilated by a vile
                  | ... wielding a +0 flail
                  | (104 damage)
  1265 | D        | Noticed a vile
  1266 | D        | Annihilated by a vile
                  | ... wielding a +0 flail
                  | (108 damage)
  1266 | D        | Annihilated by a vile
                  | ... wielding a +0 mace
                  | (134 damage)
  1266 | D        | Slain by a vile
                  | ... wielding a +0 morningstar
                  | (156 damage)
  1266 | D        | Annihilated by a vile
                  | ... wielding a +0 mace
                  | (154 damage)
  1267 | D        | Noticed a vile
  1268 | D        | Killed a vile
  1268 | D        | Killed a dread
  1268 | D        | Killed a vile
  1268 | D        | Killed a vile
  1269 | D        | Killed a vile
  1269 | D        | Killed a vile
  1269 | D        | Killed a vile
  1269 | D        | Killed a vile
  1270 | D        | Noticed a vile
  1270 | D        | Noticed a vile
  1270 | D        | Noticed a vile
  1271 | D        | Noticed a vile
  1271 | D        | Annihilated by a vile
                  | ... wielding a +0 morningstar
                  | (122 damage)
  1272 | D        | Noticed a vile
  1272 | D        | Annihilated by a vile
                  | ... wielding a +0 morningstar
                  | (149 damage)
  1273 | D        | Killed a vile
  1273 | D        | Killed a vile
  1273 | D        | Noticed a vile
  1274 | D        | Noticed a vile
  1274 | D        | Noticed a vile
  1275 | D        | Mangled by a vile
                  | ... wielding a +0 flail
                  | (149 damage)
  1275 | D        | Noticed a vile
  1275 | D        | Noticed a vile
  1275 | D        | Noticed a vile
  1275 | D        | Noticed a vile
  1275 | D        | Killed from afar by a vile (110 damage)
                  | ... with a foul vapour
  1275 | D        | Noticed a vile
  1276 | D        | Killed a vile
  1276 | D        | Killed a vile
  1276 | D        | Killed a vile
  1277 | D        | Noticed a vile
  1277 | D        | Noticed a vile
  1277 | D        | Noticed a vile
  1277 | D        | Noticed a vile
  1278 | D        | Noticed a vile
  1278 | D        | Killed from afar by a vile (69 damage)
                  | ... with a foul vapour
  1278 | D        | Noticed a vile
  1278 | D        | Noticed a vile
  1279 | D        | Killed a vile
  1279 | D        | Killed a vile
  1279 | D        | Killed a vile
  1279 | D        | Killed a vile
  1279 | D        | Noticed a vile
  1279 | D        | Noticed a vile
  1279 | D        | Noticed a vile
  1280 | D        | Noticed a vile
  1280 | D        | Noticed a vile
  1280 | D        | Noticed a fleshlord
  1280 | D        | Noticed a vile
  1281 | D        | Killed a vile
  1281 | D        | Killed a vile
  1281 | D        | Killed a vile
  1281 | D        | Killed a vile
  1281 | D        | Killed a vile
  1281 | D        | Noticed a vile
  1282 | D        | HP: 12/249 [vile/+0 flail (2)]
  1282 | D        | Annihilated by a vile
                  | ... wielding a +0 flail
                  | (135 damage)
  1282 | D        | Noticed a vile
  1282 | D        | Noticed a vile
  1283 | D        | Annihilated by a vile
                  | ... wielding a +0 mace
                  | (139 damage)
  1284 | D        | Killed a vile
  1284 | D        | Killed a vile
  1284 | D        | Killed a vile
  1284 | D        | Killed a vile
  1284 | D        | Killed a vile
  1284 | D        | Noticed a vile
  1284 | D        | Noticed a vile
  1284 | D        | Noticed a vile
  1285 | D        | Annihilated by a fleshlord
                  | ... wielding a +9 great mace
                  | (310 damage)
  1285 | D        | Annihilated by a vile
                  | ... wielding a +0 flail
                  | (146 damage)
  1285 | D        | Noticed a vile
  1285 | D        | Annihilated by a vile
                  | ... wielding a +0 mace
                  | (98 damage)
  1286 | D        | Killed a vile
  1286 | D        | Killed a vile
  1286 | D        | Killed a vile
  1286 | D        | Killed a fleshlord
  1286 | D        | Killed a vile
  1286 | D        | Killed a vile
  1287 | D        | Killed a vile
  1287 | D        | Killed a vile
  1287 | D        | Killed a vile
  1287 | D        | Killed a vile
  1288 | D        | Noticed a vile
  1289 | D        | Noticed a vile
  1289 | D        | Annihilated by a vile
                  | ... wielding a +1 mace of protection
                  | (106 damage)
  1289 | D        | Noticed a vile
  1290 | D        | Killed a vile
  1290 | D        | Killed a vile
  1290 | D        | Killed a vile
  1290 | D        | Noticed a vile
  1291 | D        | Noticed a vile
  1291 | D        | HP: 10/249 [vile/+0 morningstar (128)]
  1291 | D        | Noticed a vile
  1291 | D        | Killed from afar by a vile (94 damage)
                  | ... with a foul vapour
  1292 | D        | Noticed a vile
  1292 | D        | Noticed a vile
  1292 | D        | Noticed a vile
  1292 | D        | Annihilated by a vile
                  | ... wielding a +0 dire flail
                  | (98 damage)
  1292 | D        | Annihilated by a vile
                  | ... wielding a +1 antimagic morningstar
                  | (155 damage)
  1293 | D        | Killed a vile
  1293 | D        | Killed a vile
  1293 | D        | Killed a vile
  1293 | D        | Killed a vile
  1293 | D        | Killed a vile
  1293 | D        | Noticed a vile
  1293 | D        | Noticed a vile
  1294 | D        | Killed a vile
  1294 | D        | Noticed a vile
  1294 | D        | Noticed a vile
  1295 | D        | Noticed a vile
  1295 | D        | Noticed a vile
  1295 | D        | Noticed a vile
  1295 | D        | Noticed a vile
  1295 | D        | Noticed a vile
  1296 | D        | Noticed a vile
  1296 | D        | Noticed a vile
  1296 | D        | Noticed a vile
  1296 | D        | Killed from afar by a vile (61 damage)
                  | ... with a foul vapour
  1296 | D        | Noticed a vile
  1296 | D        | Noticed a vile
  1296 | D        | Killed from afar by a vile (39 damage)
                  | ... with a foul vapour
  1297 | D        | Noticed a vile
  1297 | D        | Annihilated by a vile
                  | ... wielding a +0 mace
                  | (155 damage)
  1298 | D        | Noticed a vile
  1298 | D        | Noticed a vile
  1298 | D        | Slain by a vile
                  | ... wielding a +0 mace
                  | (94 damage)
  1298 | D        | Noticed a vile
  1298 | D        | Noticed a vile
  1299 | D        | Killed a vile
  1299 | D        | Killed a vile
  1299 | D        | Killed a vile
  1299 | D        | Killed a vile
  1299 | D        | Killed a vile
  1299 | D        | Killed a vile
  1299 | D        | Killed a vile
  1299 | D        | Noticed a vile
  1299 | D        | Noticed a vile
  1300 | D        | Killed a vile
  1300 | D        | Killed a vile
  1300 | D        | Killed a vile
  1300 | D        | Killed a vile
  1300 | D        | Noticed a vile
  1300 | D        | Noticed a vile
  1301 | D        | HP: 1/249 [vile] (15)]
  1301 | D        | Succumbed to a vile's dark miasma
  1301 | D        | Noticed a vile
  1301 | D        | Noticed a vile
  1302 | D        | Killed a vile
  1302 | D        | Killed a vile
  1302 | D        | Killed a vile
  1302 | D        | Killed a vile
  1302 | D        | Killed a vile
  1302 | D        | Killed a vile
  1302 | D        | Noticed a vile
  1302 | D        | Noticed a vile
  1303 | D        | Killed a vile
  1303 | D        | Killed a vile
  1303 | D        | Killed a vile
  1303 | D        | Noticed a vile
  1303 | D        | Noticed a vile
  1304 | D        | Succumbed to a vile's dark miasma
  1304 | D        | Noticed a vile
  1304 | D        | Noticed a vile
  1304 | D        | Noticed a vile
  1305 | D        | Noticed a vile
  1305 | D        | Noticed a vile
  1305 | D        | Noticed a vile
  1305 | D        | Noticed a vile
  1305 | D        | Killed from afar by a vile (35 damage)
                  | ... with a foul vapour
  1305 | D        | Noticed a vile
  1306 | D        | Killed a vile
  1306 | D        | Killed a vile
  1306 | D        | Killed a vile
  1306 | D        | Killed a vile
  1306 | D        | Killed a vile
  1306 | D        | Killed a vile
  1306 | D        | Killed a vile
  1306 | D        | Noticed a vile
  1306 | D        | Noticed a vile
  1306 | D        | Noticed a vile
  1307 | D        | Noticed a vile
  1307 | D        | HP: 11/249 [vile] (8)]
  1307 | D        | Succumbed to a vile's dark miasma
  1307 | D        | Noticed a vile
  1307 | D        | Killed from afar by a vile (85 damage)
                  | ... with a foul vapour
  1307 | D        | Noticed a vile
  1307 | D        | Noticed a vile
  1308 | D        | Killed a vile
  1308 | D        | Killed a vile
  1308 | D        | Killed a vile
  1308 | D        | Killed a vile
  1308 | D        | Noticed a vile
  1309 | D        | Noticed a vile
  1309 | D        | Killed a vile
  1309 | D        | Killed a vile
  1309 | D        | Killed a vile
  1309 | D        | Killed a vile
  1309 | D        | Noticed a vile
  1310 | D        | Annihilated by a vile
                  | ... wielding a +0 dire flail
                  | (107 damage)
  1310 | D        | Noticed a vile
  1310 | D        | Noticed a vile
  1311 | D        | Killed a vile
  1311 | D        | Killed a vile
  1311 | D        | Killed a vile
  1311 | D        | Killed a vile
  1311 | D        | Killed a vile
  1311 | D        | Noticed a vile
  1311 | D        | Noticed a vile
  1312 | D        | Killed a vile
  1312 | D        | Killed a vile
  1312 | D        | Noticed a vile
  1312 | D        | Noticed a vile
  1313 | D        | Killed a vile
  1313 | D        | Killed a vile
  1314 | D        | Annihilated by a vile
                  | ... wielding a +0 flail
                  | (151 damage)
  1314 | D        | Noticed a vile
  1315 | D        | Annihilated by a vile
                  | ... wielding a +0 mace
                  | (145 damage)
  1315 | D        | Noticed a vile
  1315 | D        | Noticed a vile
  1315 | D        | Mangled by a vile
                  | ... wielding a +0 mace
                  | (156 damage)
  1315 | D        | Noticed a vile
  1316 | D        | Demolished by a vile
                  | ... wielding a +0 mace
                  | (136 damage)
  1316 | D        | Noticed a vile
  1317 | D        | Killed a vile
  1317 | D        | Killed a vile
  1317 | D        | Killed a vile
  1317 | D        | Killed a vile
  1318 | D        | Annihilated by a vile
                  | ... wielding a +0 mace
                  | (145 damage)
  1318 | D        | Noticed a vile
  1318 | D        | Noticed a vile
  1318 | D        | HP: 7/249 [vile/+0 mace (158)]
  1319 | D        | Slain by a vile
                  | ... wielding a +0 mace
                  | (11 damage)
  1319 | D        | Demolished by a vile
                  | ... wielding a +0 mace
                  | (101 damage)
  1319 | D        | Killed from afar by a vile (109 damage)
                  | ... with a foul vapour
  1319 | D        | Noticed a vile
  1319 | D        | Slain by a vile
                  | ... wielding a +0 mace
                  | (100 damage)
  1320 | D        | Killed a vile
  1320 | D        | Killed a vile
  1320 | D        | Killed a vile
  1320 | D        | Killed a vile
  1320 | D        | Killed a vile
  1320 | D        | Killed a vile
  1320 | D        | Killed a vile
  1320 | D        | Noticed a vile
  1320 | D        | Noticed a vile
  1321 | D        | Annihilated by a vile
                  | ... wielding a +0 mace
                  | (127 damage)
  1322 | D        | Killed a vile
  1322 | D        | Killed a vile
  1322 | D        | Killed a vile
  1322 | D        | Killed a vile
  1322 | D        | Killed a vile
  1322 | D        | Killed a vile
  1322 | D        | Noticed a vile
  1323 | D        | Noticed a vile
  1324 | D        | Succumbed to a vile's dark miasma
  1324 | D        | Noticed a vile
  1324 | D        | Killed from afar by a vile (74 damage)
                  | ... with a foul vapour
  1324 | D        | Noticed a vile
  1325 | D        | Killed a vile
  1325 | D        | Killed a vile
  1325 | D        | Killed a vile
  1326 | D        | Noticed a vile
  1326 | D        | Killed from afar by a vile (115 damage)
                  | ... with a foul vapour
  1326 | D        | Noticed a vile
  1326 | D        | Noticed a vile
  1327 | D        | Annihilated by a vile
                  | ... wielding a +0 mace
                  | (113 damage)
  1327 | D        | Annihilated by a vile
                  | ... wielding a +0 mace
                  | (117 damage)
  1328 | D        | Annihilated by a vile
                  | ... wielding a +0 mace
                  | (146 damage)
  1328 | D        | Noticed a vile
  1328 | D        | Noticed a vile
  1328 | D        | Annihilated by a vile
                  | ... wielding a +0 mace
                  | (92 damage)
  1329 | D        | Killed a vile
  1329 | D        | Killed a vile
  1329 | D        | Killed a vile
  1329 | D        | Killed a vile
  1329 | D        | Noticed a vile
  1329 | D        | Noticed a vile
  1329 | D        | Noticed a vile
  1330 | D        | Killed a vile
  1330 | D        | Noticed a vile
  1330 | D        | Noticed a vile
  1331 | D        | Noticed a vile
  1332 | D        | Noticed a vile
  1332 | D        | HP: 8/249 [poisoned by a vile (dark miasma)]
  1332 | D        | Killed from afar by a vile (57 damage)
                  | ... with a foul vapour
  1333 | D        | Killed a vile
  1333 | D        | Killed a vile
  1333 | D        | Killed a vile
  1333 | D        | Killed a vile
  1333 | D        | Noticed a vile
  1334 | D        | Noticed a vile
  1334 | D        | Annihilated by a vile
                  | ... wielding a +0 flail
                  | (154 damage)
  1334 | D        | Noticed a vile
  1335 | D        | Annihilated by a vile
                  | ... wielding a +0 flail
                  | (126 damage)
  1335 | D        | Annihilated by a vile
                  | ... wielding a +0 morningstar
                  | (151 damage)
  1336 | D        | Annihilated by a vile
                  | ... wielding a +0 morningstar
                  | (87 damage)
  1336 | D        | Mangled by a vile
                  | ... wielding a +0 flail
                  | (153 damage)
  1337 | D        | Killed a vile
  1337 | D        | Killed a vile
  1337 | D        | Killed a vile
  1338 | D        | Noticed a vile
  1338 | D        | Killed from afar by a vile (52 damage)
                  | ... with a foul vapour
  1339 | D        | Killed a vile
  1339 | D        | Killed a vile
  1339 | D        | Killed a vile
  1339 | D        | Killed a vile
  1339 | D        | Killed a vile
  1339 | D        | Killed a vile
  1340 | D        | Killed a vile
  1340 | D        | Killed a vile
  1340 | D        | Killed a vile
  1341 | D        | Noticed a vile
  1341 | D        | Noticed a vile
  1342 | D        | Noticed a vile
  1342 | D        | HP: 10/249 [vile] (11)]
  1342 | D        | Succumbed to a vile's dark miasma
  1342 | D        | Noticed a vile
  1342 | D        | Killed from afar by a vile (94 damage)
                  | ... with a foul vapour
  1343 | D        | Annihilated by a vile
                  | ... wielding a +0 flail
                  | (89 damage)
  1344 | D        | Killed a vile
  1344 | D        | Killed a vile
  1346 | D        | Noticed a vile
  1346 | D        | Noticed a vile
  1346 | D        | Noticed a vile
  1347 | D        | Killed from afar by a vile (67 damage)
                  | ... with a foul vapour
  1347 | D        | Noticed a vile
  1347 | D        | Noticed a vile
  1348 | D        | Noticed a vile
  1348 | D        | Noticed a vile
  1348 | D        | Killed from afar by a vile (94 damage)
                  | ... with a foul vapour
  1349 | D        | Noticed a vile
  1350 | D        | Noticed a destroyer
  1351 | D        | HP: 4/249 [vile] (10)]
  1351 | D        | Succumbed to a vile's dark miasma
  1352 | D        | Killed a vile
  1352 | D        | Killed a vile
  1352 | D        | Killed a vile
  1352 | D        | Killed a vile
  1352 | D        | Killed a vile
  1354 | D        | Killed a vile
  1354 | D        | Killed a vile
  1354 | D        | Killed a destroyer
  1354 | D        | Killed a vile
  1354 | D        | Killed a vile
  1356 | D        | Noticed a vile
  1356 | D        | Noticed a vile
  1357 | D        | Killed a vile
  1358 | D        | Noticed a vile
  1359 | D        | Noticed a vile
  1360 | D        | HP: 6/249 [poisoned by something (dark miasma)]
  1360 | D        | Killed from afar by a vile (23 damage)
                  | ... with damnation
  1362 | D        | Noticed a tyrant
  1362 | D        | Noticed a vile
  1363 | D        | Demolished by a vile
                  | ... wielding a +0 morningstar
                  | (152 damage)
  1363 | D        | Noticed a vile
  1363 | D        | Noticed a vile
  1363 | D        | Killed from afar by a vile (116 damage)
                  | ... with a foul vapour
  1364 | D        | Annihilated by a vile
                  | ... wielding a +0 morningstar
                  | (93 damage)
  1365 | D        | Killed a vile
  1365 | D        | Killed a vile
  1365 | D        | Killed a vile
  1366 | D        | Noticed a vile
  1366 | D        | Noticed a vile
  1367 | D        | Killed a vile
  1367 | D        | Killed a tyrant
  1367 | D        | Killed a vile
  1367 | D        | Noticed a vile
  1368 | D        | Noticed a vile
  1368 | D        | HP: 11/249 [vile/+0 morningstar (133)]
  1368 | D        | Annihilated by a vile
                  | ... wielding a +0 morningstar
                  | (121 damage)
  1370 | D        | Annihilated by a vile
                  | ... wielding a +0 morningstar
                  | (123 damage)
  1371 | D        | HP: 5/249 [vile/+0 mace (101)]
  1371 | D        | Mangled by a vile
                  | ... wielding a +0 morningstar
                  | (16 damage)
  1372 | D        | Killed a vile
  1372 | D        | Killed a vile
  1372 | D        | Killed a vile
  1374 | D        | Succumbed to a vile's dark miasma
  1374 | D        | Noticed a vile
  1375 | D        | Noticed a vile
  1375 | D        | Noticed a vile
  1375 | D        | Noticed a vile
  1375 | D        | Noticed a vile
  1376 | D        | Noticed a vile
  1376 | D        | Noticed a vile
  1376 | D        | Noticed a vile
  1376 | D        | Annihilated by a vile
                  | ... wielding a +0 mace
                  | (154 damage)
  1377 | D        | Noticed a vile
  1378 | D        | Killed a vile
  1378 | D        | Killed a vile
  1378 | D        | Killed a vile
  1379 | D        | Killed a vile
  1379 | D        | HP: 7/249 [vile/foul vapour (64)]
  1379 | D        | Killed from afar by a vile (43 damage)
                  | ... with a foul vapour
  1380 | D        | Annihilated by a vile
                  | ... wielding a +0 mace
                  | (103 damage)
  1381 | D        | Mangled by a vile
                  | ... wielding a +0 mace
                  | (99 damage)
  1382 | D        | Noticed a vile
  1382 | D        | Annihilated by a vile
                  | ... wielding a +0 flail
                  | (148 damage)
  1383 | D        | Killed a vile
  1383 | D        | Killed a vile
  1383 | D        | Killed a vile
  1383 | D        | Killed a vile
  1383 | D        | Killed a vile
  1384 | D        | Noticed a vile
  1385 | D        | Noticed a vile
  1386 | D        | Killed a vile
  1386 | D        | Noticed a vile
  1386 | D        | Noticed a vile
  1387 | D        | Noticed a vile
  1387 | D        | Noticed a vile
  1388 | D        | HP: 10/249 [poison (dark miasma)]
  1388 | D        | Killed from afar by a vile (22 damage)
                  | ... with damnation
  1389 | D        | Noticed a vile
  1390 | D        | Mangled by a vile
                  | ... wielding a +0 morningstar
                  | (18 damage)
  1390 | D        | Noticed a vile
  1391 | D        | Killed from afar by a vile (24 damage)
                  | ... with damnation
  1392 | D        | Killed a vile
  1392 | D        | Killed a vile
  1392 | D        | Killed a vile
  1392 | D        | Killed a vile
  1392 | D        | Killed a vile
  1394 | D        | Annihilated by a vile
                  | ... wielding a +0 mace
                  | (139 damage)
  1394 | D        | Noticed a vile
  1394 | D        | Demolished by a vile
                  | ... wielding a +0 mace
                  | (116 damage)
  1395 | D        | Killed a vile
  1395 | D        | Killed a vile
  1395 | D        | Killed a vile
  1395 | D        | Killed a vile
  1396 | D        | Noticed a vile
  1397 | D        | Noticed a vile
  1397 | D        | Annihilated by a vile
                  | ... wielding a +0 flail
                  | (146 damage)
  1397 | D        | Annihilated by a vile
                  | ... wielding a +0 flail
                  | (132 damage)
  1398 | D        | Noticed a vile
  1398 | D        | Annihilated by a vile
                  | ... wielding a +0 mace
                  | (146 damage)
  1398 | D        | Noticed a vile
  1399 | D        | Killed a vile
  1399 | D        | Killed a vile
  1399 | D        | Killed a vile
  1400 | D        | Noticed a vile
  1401 | D        | Killed a vile
  1401 | D        | Killed a vile
  1401 | D        | Noticed a vile
  1401 | D        | Noticed a vile
  1402 | D        | Killed a vile
  1402 | D        | Noticed a vile
  1402 | D        | Noticed a vile
  1402 | D        | Noticed a vile
  1403 | D        | Noticed a vile
  1403 | D        | Noticed a vile
  1404 | D        | Noticed a vile
  1404 | D        | Noticed a vile
  1404 | D        | Annihilated by a vile
                  | ... wielding a +0 morningstar
                  | (133 damage)
  1404 | D        | Noticed a vile
  1404 | D        | Noticed a vile
  1404 | D        | Annihilated by a vile
                  | ... wielding a +0 dire flail
                  | (142 damage)
  1405 | D        | Noticed a vile
  1405 | D        | Noticed a vile
  1405 | D        | Annihilated by a vile
                  | ... wielding a +0 dire flail
                  | (158 damage)
  1405 | D        | Killed from afar by a vile (56 damage)
                  | ... with a foul vapour
  1406 | D        | Killed a vile
  1406 | D        | Killed a vile
  1406 | D        | Killed a vile
  1406 | D        | Killed a vile
  1406 | D        | Killed a vile
  1406 | D        | Killed a vile
  1406 | D        | Killed a vile
  1406 | D        | Killed a vile
  1406 | D        | Noticed a vile
  1406 | D        | Noticed a vile
  1407 | D        | Killed a vile
  1407 | D        | Killed a vile
  1407 | D        | Killed a vile
  1407 | D        | Killed a vile
  1407 | D        | Killed a vile
  1407 | D        | Noticed a vile
  1407 | D        | Noticed a vile
  1408 | D        | Annihilated by a vile
                  | ... wielding a +0 mace
                  | (139 damage)
  1408 | D        | Noticed a vile
  1408 | D        | Noticed a vile
  1408 | D        | Noticed a vile
  1408 | D        | Noticed a vile
  1408 | D        | Noticed a vile
  1408 | D        | Noticed a vile
  1408 | D        | Noticed a vile
  1408 | D        | Annihilated by a vile
                  | ... wielding a +0 mace
                  | (87 damage)
  1408 | D        | Noticed a vile
  1409 | D        | Killed a vile
  1409 | D        | Killed a vile
  1409 | D        | Killed a vile
  1409 | D        | Killed a vile
  1409 | D        | Killed a vile
  1409 | D        | Noticed a vile
  1409 | D        | Killed from afar by a vile (70 damage)
                  | ... with a foul vapour
  1410 | D        | Noticed a vile
  1410 | D        | Noticed a vile
  1410 | D        | Noticed a vile
  1410 | D        | Noticed a vile
  1410 | D        | Noticed a vile
  1410 | D        | Noticed a vile
  1410 | D        | Noticed a vile
  1411 | D        | Succumbed to a vile's dark miasma
  1411 | D        | Noticed a vile
  1412 | D        | Killed a vile
  1412 | D        | Killed a vile
  1412 | D        | Killed a vile
  1412 | D        | Killed a vile
  1413 | D        | Killed a vile
  1413 | D        | Killed a vile
  1413 | D        | Noticed a vile
  1414 | D        | Killed a vile
  1414 | D        | Killed a vile
  1414 | D        | Killed a vile
  1414 | D        | Noticed a vile
  1415 | D        | Annihilated by a vile
                  | ... wielding a +0 mace
                  | (114 damage)
  1416 | D        | Killed a vile
  1416 | D        | Killed a vile
  1416 | D        | Killed a vile
  1416 | D        | Killed a vile
  1416 | D        | Killed a vile
  1417 | D        | Succumbed to a vile's dark miasma
  1417 | D        | HP: 8/249 [vile/+0 mace (14)]
  1417 | D        | Annihilated by a vile
                  | ... wielding a +0 mace
                  | (148 damage)
  1417 | D        | Annihilated by a vile
                  | ... wielding a +0 dire flail
                  | (103 damage)
  1418 | D        | Killed a vile
  1418 | D        | Killed a vile
  1418 | D        | Killed a vile
  1418 | D        | Killed a vile
  1418 | D        | Killed a vile
  1418 | D        | Killed a vile
  1418 | D        | Noticed a vile
  1419 | D        | Annihilated by a vile
                  | ... wielding a +0 flail
                  | (132 damage)
  1419 | D        | Annihilated by a vile
                  | ... wielding a +0 flail
                  | (143 damage)
  1420 | D        | Killed a vile
  1420 | D        | Killed a vile
  1420 | D        | Killed a vile
  1420 | D        | Killed a vile
  1420 | D        | Noticed a vile
  1421 | D        | Noticed a vile
  1422 | D        | Noticed a vile
  1423 | D        | HP: 4/249 [poisoned by a vile (dark miasma)]
  1423 | D        | Noticed a vile
  1423 | D        | Noticed a vile
  1424 | D        | Succumbed to a vile's dark miasma
  1425 | D        | Noticed a vile
  1425 | D        | Noticed a vile
  1426 | D        | Annihilated by a vile
                  | ... wielding a +0 dire flail
                  | (159 damage)
  1426 | D        | Annihilated by a vile
                  | ... wielding a +0 morningstar
                  | (106 damage)
  1426 | D        | Noticed a vile
  1426 | D        | Noticed a vile
  1427 | D        | Killed a vile
  1427 | D        | Killed a vile
  1427 | D        | Killed a vile
  1428 | D        | Annihilated by a vile
                  | ... wielding a +0 morningstar
                  | (145 damage)
  1429 | D        | Noticed a vile
  1430 | D        | Noticed a vile
  1430 | D        | HP: 5/249 [vile/+0 morningstar (9)]
  1430 | D        | Annihilated by a vile
                  | ... wielding a +0 morningstar
                  | (87 damage)
  1430 | D        | Noticed a vile
  1430 | D        | Demolished by a vile
                  | ... wielding a +0 morningstar
                  | (102 damage)
  1431 | D        | Annihilated by a vile
                  | ... wielding a +0 morningstar
                  | (84 damage)
  1432 | D        | Annihilated by a vile
                  | ... wielding a +0 morningstar
                  | (135 damage)
  1433 | D        | Killed a vile
  1433 | D        | Killed a vile
  1433 | D        | Killed a vile
  1433 | D        | Killed a vile
  1433 | D        | Noticed a vile
  1434 | D        | Noticed a vile
  1434 | D        | Annihilated by a vile
                  | ... wielding a +0 mace
                  | (82 damage)
  1434 | D        | Noticed a vile
  1435 | D        | Killed a vile
  1435 | D        | Killed a vile
  1435 | D        | Killed a vile
  1435 | D        | Killed a vile
  1435 | D        | Killed a vile
  1435 | D        | Noticed a vile
  1436 | D        | Noticed a vile
  1436 | D        | Noticed a vile
  1436 | D        | Noticed a vile
  1437 | D        | Noticed a vile
  1438 | D        | Noticed a vile
  1438 | D        | Noticed a vile
  1438 | D        | Noticed a vile
  1438 | D        | Demolished by a vile
                  | ... wielding a +0 flail
                  | (158 damage)
  1439 | D        | HP: 9/249 [vile/damnation (28)]
  1439 | D        | Killed from afar by a vile (14 damage)
                  | ... with damnation
  1440 | D        | Killed a vile
  1440 | D        | Killed a vile
  1440 | D        | Killed a vile
  1440 | D        | Noticed a vile
  1441 | D        | Noticed a vile
  1441 | D        | Noticed a vile
  1441 | D        | Noticed a vile
  1441 | D        | Annihilated by a vile
                  | ... wielding a +0 flail
                  | (130 damage)
  1441 | D        | Noticed a vile
  1442 | D        | Killed a vile
  1442 | D        | Killed a vile
  1442 | D        | Killed a vile
  1442 | D        | Killed a vile
  1442 | D        | Killed a vile
  1442 | D        | Killed a vile
  1442 | D        | Killed a vile
  1442 | D        | Noticed a vile
  1443 | D        | Noticed a vile
  1443 | D        | Annihilated by a vile
                  | ... wielding a +0 mace
                  | (106 damage)
  1444 | D        | Noticed a fleshlord
  1444 | D        | Noticed a vile
  1444 | D        | Annihilated by a vile
                  | ... wielding a +0 flail
                  | (94 damage)
  1444 | D        | Noticed a vile
  1445 | D        | Noticed a vile
  1445 | D        | Noticed a vile
  1445 | D        | Noticed a vile
  1445 | D        | Noticed a vile
  1445 | D        | Annihilated by a vile
                  | ... wielding a +0 mace
                  | (132 damage)
  1445 | D        | Noticed a vile
  1446 | D        | Killed a vile
  1446 | D        | Killed a vile
  1446 | D        | Killed a vile
  1446 | D        | Killed a vile
  1446 | D        | Killed a vile
  1446 | D        | Killed a vile
  1446 | D        | Noticed a vile
  1447 | D        | Annihilated by a vile
                  | ... wielding a +0 morningstar
                  | (151 damage)
  1447 | D        | HP: 11/249 [vile/+0 mace (157)]
  1447 | D        | Slain by a vile
                  | ... wielding a +0 flail
                  | (13 damage)
  1447 | D        | Slain by a vile
                  | ... wielding a +0 mace
                  | (86 damage)
  1448 | D        | Annihilated by a vile
                  | ... wielding a +0 flail
                  | (105 damage)
  1448 | D        | Annihilated by a vile
                  | ... wielding a +0 mace
                  | (89 damage)
  1448 | D        | Noticed a vile
  1448 | D        | Annihilated by a vile
                  | ... wielding a +0 flail
                  | (147 damage)
  1448 | D        | Demolished by a vile
                  | ... wielding a +0 morningstar
                  | (140 damage)
  1448 | D        | Annihilated by a vile
                  | ... wielding a +0 flail
                  | (148 damage)
  1449 | D        | Killed a vile
  1449 | D        | Killed a vile
  1449 | D        | Killed a vile
  1449 | D        | Killed a vile
  1449 | D        | Killed a vile
  1449 | D        | Killed a vile
  1449 | D        | Killed a vile
  1450 | D        | Killed a vile
  1450 | D        | Killed a vile
  1450 | D        | Killed a fleshlord
  1450 | D        | Noticed a vile
  1450 | D        | Noticed a vile
  1450 | D        | Noticed a vile
  1451 | D        | Noticed a vile
  1451 | D        | Noticed a vile
  1451 | D        | Noticed a vile
  1451 | D        | Noticed a vile
  1451 | D        | Noticed a vile
  1451 | D        | Noticed a vile
  1451 | D        | Noticed a vile
  1452 | D        | HP: 8/249 [vile/damnation (15)]
  1452 | D        | Noticed a vile
  1452 | D        | Killed from afar by a vile (33 damage)
                  | ... with damnation
  1452 | D        | Noticed a vile
  1452 | D        | Noticed a vile
  1452 | D        | Noticed a vile
  1453 | D        | Killed a vile
  1453 | D        | Killed a vile
  1453 | D        | Killed a vile
  1453 | D        | Noticed a vile
  1453 | D        | Noticed a vile
  1453 | D        | Noticed a vile
  1454 | D        | Noticed a vile
  1454 | D        | Noticed a vile
  1454 | D        | HP: 3/249 [vile/foul vapour (97)]
  1454 | D        | Killed from afar by an observer (24 damage)
                  | ... with a bolt of fire
  1454 | D        | Noticed a vile
  1454 | D        | Noticed a vile
  1455 | D        | Killed from afar by a vile (85 damage)
                  | ... with a foul vapour
  1455 | D        | Annihilated by a vile
                  | ... wielding a +0 flail of protection
                  | (147 damage)
  1456 | D        | Killed a vile
  1456 | D        | Killed a vile
  1456 | D        | Killed a vile
  1456 | D        | Killed a vile
  1456 | D        | Killed a vile
  1456 | D        | Noticed a vile
  1456 | D        | Annihilated by a vile
                  | ... wielding a +4 mace
                  | (140 damage)
  1457 | D        | Killed a vile
  1457 | D        | Killed a vile
  1457 | D        | Killed a vile
  1457 | D        | Killed a vile
  1457 | D        | Noticed a vile
  1457 | D        | Noticed a vile
  1457 | D        | Noticed a vile
  1458 | D        | Killed a vile
  1458 | D        | Killed a vile
  1458 | D        | Killed a vile
  1458 | D        | Noticed a vile
  1458 | D        | Noticed a vile
  1458 | D        | Noticed a vile
  1458 | D        | Noticed a vile
  1459 | D        | Annihilated by a vile
                  | ... wielding a +0 mace
                  | (134 damage)
  1459 | D        | Demolished by a vile
                  | ... wielding a +0 flail
                  | (132 damage)
  1459 | D        | Noticed a vile
  1459 | D        | Noticed a vile
  1460 | D        | Killed a vile
  1460 | D        | Killed a vile
  1460 | D        | Killed a vile
  1460 | D        | Killed a vile
  1460 | D        | Noticed a vile
  1460 | D        | Noticed a vile
  1461 | D        | Killed a vile
  1461 | D        | Killed a vile
  1461 | D        | Killed a vile
  1461 | D        | Killed a vile
  1461 | D        | Noticed a vile
  1461 | D        | Noticed a vile
  1462 | D        | Killed a vile
  1462 | D        | Killed a vile
  1462 | D        | Killed a vile
  1462 | D        | Killed a vile
  1462 | D        | Noticed a vile
  1462 | D        | Noticed a vile
  1462 | D        | Killed from afar by a vile (93 damage)
                  | ... with a foul vapour
  1463 | D        | Noticed a vile
  1463 | D        | Noticed a vile
  1463 | D        | Noticed a vile
  1463 | D        | Noticed a vile
  1463 | D        | Noticed a vile
  1463 | D        | Noticed a vile
  1463 | D        | Noticed a vile
  1463 | D        | Demolished by a vile
                  | ... wielding a +0 flail
                  | (152 damage)
  1464 | D        | Killed a vile
  1464 | D        | Killed a vile
  1464 | D        | Killed a vile
  1465 | D        | Killed a vile
  1465 | D        | Killed a vile
  1465 | D        | Killed a vile
  1465 | D        | Annihilated by a vile
                  | ... wielding a +0 dire flail
                  | (128 damage)
  1465 | D        | Noticed a vile
  1465 | D        | Noticed a vile
  1465 | D        | Noticed a vile
  1466 | D        | Killed a vile
  1466 | D        | Killed a vile
  1466 | D        | Killed a vile
  1466 | D        | Killed a vile
  1466 | D        | Noticed a vile
  1466 | D        | Noticed a vile
  1467 | D        | Succumbed to a vile's dark miasma
  1467 | D        | Noticed a vile
  1467 | D        | Demolished by a vile
                  | ... wielding a +0 flail
                  | (157 damage)
  1467 | D        | Noticed a vile
  1468 | D        | Killed a vile
  1468 | D        | Killed a vile
  1468 | D        | Killed a vile
  1468 | D        | Killed a vile
  1468 | D        | Killed a vile
  1468 | D        | Noticed a vile
  1468 | D        | Noticed a vile
  1468 | D        | Noticed a vile
  1469 | D        | Annihilated by a vile
                  | ... wielding a +0 mace
                  | (156 damage)
  1469 | D        | Noticed a vile
  1469 | D        | Noticed a vile
  1469 | D        | Annihilated by a vile
                  | ... wielding a +0 mace
                  | (118 damage)
  1470 | D        | Killed a vile
  1470 | D        | Killed a vile
  1470 | D        | Killed a vile
  1470 | D        | Killed a vile
  1470 | D        | Killed a vile
  1470 | D        | Noticed a vile
  1470 | D        | Noticed a vile
  1470 | D        | Noticed a vile
  1470 | D        | Noticed a vile
  1471 | D        | Succumbed to a vile's foul vapour
  1471 | D        | Noticed a vile
  1471 | D        | Noticed a vile
  1471 | D        | Annihilated by a vile
                  | ... wielding a +0 mace
                  | (158 damage)
  1471 | D        | Noticed a vile
  1471 | D        | Noticed a vile
  1472 | D        | Killed a vile
  1472 | D        | Killed a vile
  1472 | D        | Killed a vile
  1472 | D        | Killed a vile
  1472 | D        | Killed a vile
  1472 | D        | Killed a vile
  1472 | D        | Noticed a vile
  1473 | D        | Noticed a vile
  1473 | D        | Killed from afar by a vile (85 damage)
                  | ... with a foul vapour
  1473 | D        | Annihilated by a vile
                  | ... wielding a +0 flail
                  | (156 damage)
  1473 | D        | Killed from afar by a vile (34 damage)
                  | ... with a foul vapour
  1473 | D        | Annihilated by a vile
                  | ... wielding a +0 flail
                  | (119 damage)
  1474 | D        | HP: 7/249 [vile/+0 morningstar (10)]
  1474 | D        | Annihilated by a vile
                  | ... wielding a +0 morningstar
                  | (118 damage)
  1474 | D        | Noticed a vile
  1474 | D        | Noticed a vile
  1474 | D        | Noticed a vile
  1474 | D        | Annihilated by a vile
                  | ... wielding a +0 morningstar
                  | (94 damage)
  1474 | D        | Noticed a vile
  1474 | D        | HP: 2/249 [vile/+0 flail (4)]
  1474 | D        | Annihilated by a vile
                  | ... wielding a +0 flail
                  | (122 damage)
  1474 | D        | Noticed a vile
  1475 | D        | Killed a vile
  1475 | D        | Killed a vile
  1475 | D        | Killed a vile
  1475 | D        | Killed a vile
  1475 | D        | Killed a vile
  1475 | D        | Killed a vile
  1475 | D        | Killed a vile
  1475 | D        | Killed a vile
  1475 | D        | Noticed a vile
  1475 | D        | Noticed a vile
  1475 | D        | Noticed a vile
  1475 | D        | Noticed a vile
  1475 | D        | Noticed a vile
  1476 | D        | Killed a vile
  1476 | D        | Killed a vile
  1476 | D        | Killed a vile
  1476 | D        | Killed a vile
  1476 | D        | Killed a vile
  1476 | D        | Killed a vile
  1476 | D        | Noticed a vile
  1476 | D        | Noticed a vile
  1476 | D        | Noticed a vile
  1476 | D        | Noticed a vile
  1476 | D        | Noticed a vile
  1476 | D        | Noticed a vile
  1477 | D        | Killed from afar by a vile (108 damage)
                  | ... with a foul vapour
  1477 | D        | Noticed a vile
  1477 | D        | Noticed a vile
  1477 | D        | Noticed a vile
  1478 | D        | Killed a vile
  1478 | D        | Killed a vile
  1478 | D        | Killed a vile
  1478 | D        | Killed a vile
  1478 | D        | Killed from afar by a vile (19 damage)
                  | ... with damnation
  1479 | D        | Noticed a vile
  1479 | D        | Noticed a vile
  1479 | D        | Noticed a vile
  1479 | D        | HP: 10/249 [vile/+0 morningstar (158)]
  1479 | D        | Noticed a vile
  1479 | D        | Slain by a vile
                  | ... wielding a +0 mace
                  | (10 damage)
  1479 | D        | Noticed a vile
  1480 | D        | Upgraded the game from 0.31-a0-38-g1548c4f2a5 to
                  | 0.31-a0-876-gfe8ebadbca
  1480 | D        | Succumbed to a vile's dark miasma

Illustrated notes

Levels and vault maps discovered:
D:        meatsprint

Skill      XL: |  1  2  3  4  5  6  7  8  9 10 11 12 13 14 15 16 17 18 19 20 21 22 23 24 25 26 27 |
---------------+----------------------------------------------------------------------------------+-----
Fighting       | 8 11 12 14 16 18 20 26 27 | 27.0
Short Blades   | 17 22 24 25 27 | 27.0
Axes           | 4 7 9 10 14 16 18 23 26 27 | 27.0
Throwing       | 7 10 12 15 16 17 20 22 27 | 27.0
Armour         | 1 2 6 7 11 13 15 17 20 26 27 | 27.0
Dodging        | 17 22 25 26 27 | 27.0
Stealth        | 11 13 22 24 27 | 27.0
Unarmed Combat | 8 10 15 17 19 23 26 27 | 27.0
Spellcasting   | 7 8 13 14 16 19 22 27 | 27.0
Invocations    | 7 8 13 14 16 19 21 27 | 27.0
Long Blades    | 11 15 18 21 23 27 | 27.0
Maces & Flails | 8 11 14 16 18 27 | 27.0
Polearms       | 9 13 15 18 20 27 | 27.0
Staves         | 8 11 14 16 19 27 | 27.0
Ranged Weapons | 8 11 14 16 19 27 | 27.0
Shields        | 9 12 15 18 20 27 | 27.0
Conjurations   | 8 11 13 15 17 27 | 27.0
Hexes          | 14 19 23 26 27 | 27.0
Summonings     | 10 14 16 19 22 27 | 27.0
Necromancy     | 12 16 19 22 25 27 | 27.0
Translocations | 9 13 15 18 20 27 | 27.0
Transmutations | 12 16 19 22 25 27 | 27.0
Fire Magic     | 9 13 15 18 20 27 | 27.0
Ice Magic      | 11 15 18 21 23 27 | 27.0
Air Magic      | 11 15 18 21 23 27 | 27.0
Earth Magic    | 11 15 18 21 23 27 | 27.0
Poison Magic   | 10 14 17 19 22 27 | 27.0
Evocations     | 10 14 17 19 22 27 | 27.0
Shapeshifting  | 25 | 25.0

Action                     |  1- 3 |  4- 6 |  7- 9 | 10-12 | 13-15 | 16-18 | 19-21 | 22-24 | 25-27 || total
---------------------------+-------+-------+-------+-------+-------+-------+-------+-------+-------++-------
  Melee: Executioner's axe |     1 |       |       |     1 |     5 |     5 |     6 |     9 |   657 ||   684
  Throw: Javelin           |       |       |       |       |       |       |       |       |     1 ||     1
         Throwing net      |       |       |       |       |       |       |       |       |     1 ||     1
 Invoke: Greater Servant o |       |       |       |       |       |       |       |       |     1 ||     1
    Use: Potion            |       |       |       |       |       |       |       |       |     3 ||     3
   Stab: Distracted        |       |       |       |       |       |       |       |       |     1 ||     1
 Armour: Leather armour    |       |       |       |       |       |       |     1 |     1 |   262 ||   264
  Dodge: Dodged            |       |       |       |       |     2 |     2 |     4 |     3 |  1140 ||  1151

Table legend: (Time is in decaauts)
 A = Elapsed time spent in this place.
 B = Non-inter-level travel time spent in this place.
 C = Inter-level travel time spent in this place.
 D = Time resting spent in this place.
 E = Time spent auto-exploring this place.
 F = Levels seen in this place.
 G = Mean time per level.
                   A        B        C        D        E       F      G
               +--------+--------+--------+--------+--------+-----+--------+
         Total |   1869 |   1869 |      0 |      0 |      0 |   1 | 1869.0 |
       Dungeon |   1869 |   1869 |      0 |      0 |      0 |   1 | 1869.0 |
               +--------+--------+--------+--------+--------+-----+--------+

Top non-repeatable levels by time:
       D: 1869 daAuts
